Workbook
Name \D: #REF!
Name \D: #REF!
Name \D: #REF!
Name \D: #REF!
Name \e: #REF!
Name \e: #REF!
Name \e: #REF!
Name \e: #REF!
Name \f: #REF!
Name \f: #REF!
Name \f: #REF!
Name \f: #REF!
Name \g: #REF!
Name \g: #REF!
Name \g: #REF!
Name \g: #REF!
Name \h: #REF!
Name \h: #REF!
Name \h: #REF!
Name \h: #REF!
Name \i: #REF!
Name \i: #REF!
Name \i: #REF!
Name \i: #REF!
Name \j: #REF!
Name \j: #REF!
Name \j: #REF!
Name \j: #REF!
Name \l: #REF!
Name \l: #REF!
Name \l: #REF!
Name \l: #REF!
Name \M: #REF!
Name \M: #REF!
Name \M: #REF!
Name \M: #REF!
Name \N: #REF!
Name \N: #REF!
Name \N: #REF!
Name \N: #REF!
Name \s: #REF!
Name \s: #REF!
Name \s: #REF!
Name \s: #REF!
Name \t: #REF!
Name \t: #REF!
Name \t: #REF!
Name \t: #REF!
Name \U: #REF!
Name \U: #REF!
Name \U: #REF!
Name \U: #REF!
Name \V: #REF!
Name \V: #REF!
Name \V: #REF!
Name \V: #REF!
Name \w: #REF!
Name \w: #REF!
Name \w: #REF!
Name \w: #REF!

Sheet Index
C2: Company Name | D2: APEPDCL
C3: Filing Date (dd/mm/yy) | D3: 45991
C4: Multi Year Tariff Period | D4: FY2025-29
C5: Year | D5: FY2026-27
C6: Commission' s Regulations | D6: Reg-4/2005
C7: Business type | D7: Retail Supply of Electricity
B9: S. No. | C9: Title | D9: Form No.
B12: 1 | C12: Aggregate Revenue Requirement for Retail Supply Business | D12: Form 1
B13: 2 | C13: Transmission Cost | D13: Form 1.1
B14: 3 | C14: SLDC Charges | D14: Form 1.2
B15: 4 | C15: Distribution Cost | D15: Form 1.3
B16: 5 | C16: Power Purchase and Procurement Cost (For Regulated Business) | D16: Form 1.4
B17: 6 | C17: NCE Generation (Base Year) | D17: Form 1.4 (i)
B18: 7 | C18: NCE Generation (Year 1) | D18: Form 1.4(ii)
B19: 8 | C19: NCE Generation (Year 2) | D19: Form 1.4(iii)
B20: 9 | C20: NCE Generation (Year 3) | D20: Form 1.4(iv)
B21: 10 | C21: NCE Generation (Year 4) | D21: Form 1.4(v)
B22: 11 | C22: NCE Generation (Year 5) | D22: Form 1.4(vi)
B23: 12 | C23: Power Purchase and Procurement Cost (For Non-regulated Business) | D23: Form 1.4a
... B49: 38 | C49: Cost and Revenue | D49: Form 13

Sheet Notes
A1: Index
B3: Notes:
B5: 1) | C5: Base Year | D5: Base Year for the 5th control period FY2025-29 is FY2023-24
B6: 1) | C6: FY 2024-25 | D6: Year 1 is the First Year of the control Period, FY2024-25
C7: FY 2025-26 | D7: Year 2 is the Second Year of the control Period, FY2025-26
C8: FY 2026-27 | D8: Year 3 is the Third Year of the control Period, FY2026-27
C9: FY 2027-28 | D9: Year 4 is the Fourth Year of the control Period, FY2027--28
C10: FY 2028-29 | D10: Year 5 is the Fifth year of the control Period, FY2028-29
B12: 2) | C12: Filings 2025-26, Licensees shall provide
D13: Full projections for FY2026-27
D14: Estimates for FY2025-26
B18: 3) | C18: Regulated Business: The retail supply of electricity to (i) consumers within the area of supply of the licensee and not eligible to avail Open Access as per Commission’s Regulations (ii) consumers within the area of supply of the licensee and eligible to avail Open Access but not exercising their option of availing open access.
C19: Non-regulated Business: The retail supply of electricity to consumers availing supply under open access from the licensee either forming the part of area of supply of the licensee or outside the area of supply of the licensee.
B21: 4) | C21: Direct Non-Tariff Income: Non-Tariff income which is directly identifiable with a consumer category.
C22: Apportioned Non-Tariff Income: Non-Tariff income which is not directly identifiable with a consumer category. It shall be appropriately apportioned across various consumer categories.
B24: 5) | C24: New Categories
C25: The Licensees shall add the proposed categories in Form A, the new categories would be then updated automatically in other forms
C26: The new categories are segregated voltage-wise in Form A
B28: 6) | C28: Modification/addition of Slabs/sub categories for LT consumers should be carried out in Form 7 for Current Tariff and Form 12 for Proposed Tariff.See notes in the relevant form for details
B32: 7) | C32: Phasing of Open Access as per Regulation 2 of 2005 of APERC
C34: Eligibility Criteria for Open Access
D36: Phase | E36: Eligibility criteria | F36: Commencement date
D37: 1 | E37: Consumers availing of power from NCE developers irrespective of the quantum of contracted capacity | F37: September, 2005
D38: 2 | E38: Contracted capcity being greater than 5 MW | F38: September, 2005
D39: 3 | E39: Contracted capacity being greater than 2 MW | F39: September, 2006
D40: 4 | E40: Contracted capacity being greater than 1 MW | F40: April, 2008
B42: 8) | C42: Terminology for Open Access Status
D43: 1 | E43: Load not eligible for Open Access | F43: Load within the area of supply of the licensees not satisfying the eligibility criteria to avail open access as per Commission's Regulation during the time period under consideration.
D44: 2 | E44: Load Eligible for Open Access | F44: Load within the area of supply of the licensees and satisfying the eligibility criteria to avail open access as per Commission's Regulation during the period under consideration whether availing power through Open Access or not.
D45: 3 | E45: Availed (within area of supply) | F45: Load within the area of supply of the Licensee and availing power through Open Access whether from the same Licensee or any other supplier.
D46: 4 | E46: Availed ( Outside Area of supply) | F46: Load outside the area of supply of the Licensee but availing power through Open Access from the Licensee under consideration.

Sheet 1|ARR
A1: Index sheet | J1: 2399.72
J2: 1212.35
C3: Form 1 | D3: Aggregate Revenue Requirement for Retail Supply Business
J5: Amount( In Rs crores)
C6: Revenue Requirement Item (Rs. Crs.) | E6: Details link | G6: Control Period
F7: =Notes!$C$5 -> Base Year | G7: =Notes!$C$6 -> FY 2024-25 | H7: =Notes!$C$7 -> FY 2025-26 | I7: =Notes!$C$8 -> FY 2026-27 | J7: =Notes!$C$9 -> FY 2027-28 | K7: =Notes!$C$10 -> FY 2028-29
B9: 10011 | C9: 1 | D9: Transmission Cost | E9: Form 1.1 | F9: ='1.1|Trans Cost'!O18 -> 730.86234 | G9: ='1.1|Trans Cost'!O64 -> 1133.7954 | H9: ='1.1|Trans Cost'!O93 -> 1327.5298 | I9: ='1.1|Trans Cost'!O122 -> 1458.6817
B10: 10012 | C10: 2 | D10: SLDC Cost | E10: Form 1.2 | F10: ='1.2|SLDC'!J17 -> 28.57382 | G10: ='1.2|SLDC'!J28 -> 34.285549 | H10: ='1.2|SLDC'!J39 -> 45.793925 | I10: ='1.2|SLDC'!J50 -> 48.397985
B11: 10013 | C11: 3 | D11: Net Distribution Cost - Transferred to RSB | E11: Form 1.3 | F11: ='1.3|Dist Cost'!L42 -> 2335.81 | G11: 1776.9602 | H11: 2399.72 | I11: 2765.94 | N11: Dist tariff pg no-63
B12: 10020 | C12: 4 | D12: PGCIL Expenses | F12: 569.28524 | G12: 595.02396 | H12: =H47 -> 631.90548 | I12: =I47 -> 656.10232
B13: 10021 | C13: 5 | D13: ULDC Charges | F13: 2.4610317 | G13: 2.8755357 | H13: =H46 -> 1.8640789 | I13: =I46 -> 1.8456465
B14: 10014 | C14: 6 | D14: Network and SLDC Cost (1+2+3+4+5) | F14: =SUM(F9:F13) -> 3666.9924 | G14: =SUM(G9:G13) -> 3542.9407 | H14: =SUM(H9:H13) -> 4406.8133 | I14: =SUM(I9:I13) -> 4930.9676 | J14: =SUM(J9:J13) -> 0 | K14: =SUM(K9:K13) -> 0
B15: 10015 | C15: 7 | D15: Power Purchase / Procurement Cost | E15: Form 1.4 | F15: 17145.493 | G15: 15311.726 | H15: ='1.4|PP Cost-Reg'!R228 -> 14558.972 | I15: ='1.4|PP Cost-Reg'!R294 -> 14266.284
C16: 8 | D16: Distribution Cost attributable to RSB | E16: Form 1.3 | G16: 990.54165 | H16: 1212.35 | I16: 1219.06 | N16: Dist tariff pg no-52
B17: 10016 | C17: 9 | D17: Interest on Consumer Security Deposits | E17: Form 1.5 | F17: ='1.5|Int CSD'!F13 -> 171.90863 | G17: ='1.5|Int CSD'!G13 -> 177.9536 | H17: ='1.5|Int CSD'!H13 -> 178.29469 | I17: ='1.5|Int CSD'!I13 -> 194.02284
B18: 10017 | C18: 10 | D18: Supply Margin in Retail Supply Business | E18: Form 1.6 | F18: ='1.6|Supply Margin'!F8 -> 15.35 | G18: ='1.6|Supply Margin'!G8 -> 13.8 | H18: 0 | I18: 0
B19: 10018 | C19: 11 | D19: Other Costs, if any | E19: Form 1.7 | F19: ='1.7|Other Costs'!F16 -> 27.99 | G19: ='1.7|Other Costs'!G16 -> 32.93 | H19: 31.85 | I19: 30.86
C20: 12 | D20: Additional Interest on pension bonds | F20: 481.2709 | G20: 609.27 | H20: =H45 -> 581.45922 | I20: =I45 -> 599.26262
C21: 13 | D21: Interest on working capital | F21: 0 | G21: 0 | H21: 0 | I21: 0
C22: 14 | D22: Provision for bad debts | G22: 24.798385 | H22: 44.96 | I22: 28.9
C23: 15 | D23: N-2 Year: Uncontrollable Item-Pass Through | G23: -446.95 | H23: 413.86 | I23: 1662.7238 | M23: =I23+95.55 -> 1758.2738
C24: 16 | D24: FPPCA 24-25 Adjustment * | I24: -1086.23
C25: 17 | D25: PP Cost Adjustment in RST order for FY 2025-26 # | I25: -115.26
B26: 10019 | C26: 18 | D26: Supply Cost (7+8+9+10+11+12+13+14+15+16+17) | F26: =SUM(F15:F23) -> 17842.012 | G26: =SUM(G15:G23) -> 16714.069 | H26: =SUM(H15:H23) -> 17021.745 | I26: =SUM(I15:I25) -> 16799.623 | J26: =SUM(J15:J20) -> 0 | K26: =SUM(K15:K20) -> 0
C27: 19
B28: 10003 | C28: 19 | D28: Aggregate Revenue Requirement (6+18) | F28: =F14+F26 -> 21509.005 | G28: =G14+G26 -> 20257.01 | H28: =H14+H26 -> 21428.559 | I28: =I14+I26 -> 21730.59 | J28: =J14+J26 -> 0 | K28: =K14+K26 -> 0
C30: Note:
C31: 1 | D31: The Revenue Requirement Items are cost borne for supply of power to consumers within the area of supply of the Licensees and not availing supply under Open Access.
C32: 2 | D32: Transmission Cost refers to the transmission cost borne by the licensee to serve the consumers within the area of the supply and not availing supply under Open Access
C33: 3 | D33: SLDC cost refers to the SLDC Charges paid to serve the consumers within the area of the supply and not availing supply under Open Access
C34: 4 | D34: Distribution Cost refers to the distribution cost borne by the licensee to serve the consumers within the area of the supply and not availing supply under Open Access
C35: 5 | D35: PGCIL and ULDC Expenses to be submitted in this form.
C36: 6 | D36: * - FPPCA 24-25 Adjustment as per Hon’ble APERC order dated :27-09-2025 on True-up on FPPCA for FY 2024-25 (Para No.24, Page No.71)
C37: 7 | D37: # - PP Cost Adjustment in RST order for FY 2025-26 as per Hon’ble APERC order dated :19-03-2025 in the corrigendum to the Tariff Order for FY 2025-26
H41: FY2025-26 | I41: FY2026-27
D42: Energy Drawal Rations | H42: 37.408753 | I42: 37.038847
D43: Aptransco Transmission charges | H43: 1327.5298 | I43: 1458.6817
D44: SLDC Charges (Including Annual Fee) | H44: 45.793925 | I44: 48.398239
D45: Add. Interest on Pension Bonds (Estimated for the total year) | H45: 581.45922 | I45: 599.26262
D46: ULDC Charges | H46: 1.8640789 | I46: 1.8456465
D47: PGCIL Expenses | H47: 631.90548 | I47: 656.10232
D51: Aptransco Transmission charges | H51: =H9-H43 -> 0 | I51: =I9-I43 -> 0
D52: SLDC Charges (Including Annual Fee) | H52: =H10-H44 -> 0 | I52: =I10-I44 -> -0.00025433452
D53: Add. Interest on Pension Bonds (Estimated for the total year) | H53: =H20-H45 -> 0 | I53: =I20-I45 -> 0
D54: ULDC Charges | H54: =H13-H46 -> 0 | I54: =I13-I46 -> 0
D55: PGCIL Expenses | H55: =H12-H47 -> 0 | I55: =I12-I47 -> 0
D59: Revenue from sale | I59: ='7|Total Rev Current'!U741 -> 16550.982
D60: NTI | I60: ='7|Total Rev Current'!Z741 -> 567.292
D61: CSS | I61: ='9|Revenue Gap Adj'!I15 -> 159.58718
I62: ='9|Revenue Gap Adj'!I16 -> 0
I63: ='9|Revenue Gap Adj'!I17 -> 0

Sheet 1.1|Trans Cost
A1: Index sheet
C3: Form 1.1 | D3: Transmission Cost
C5: Transmission Cost to be segregated between Load not eligible for Open Access, Load eligible for Open Access, Load within the area of supply and availing power under Open Access as per Section 42 and 49 of E ACT.(Refer to Notes for the relevant definitions.)
C6: 1) Loads Eligible for Open Access is as per Section 8.1 of Regulation 2 of 2005 of APERC See Notes Sheet for Phasing of Open Access in the state of Andhra Pradesh. 2) Provide PGCIL and ULDC charges directly in Form 1.
A8: 2023-24 | C8: =Notes!$C$5 -> Base Year
C9: (A) Long Term and Firm Contracts
C11: Name of Transmission service provider | D11: Load not eligible for Open Access | G11: Open Access | P11: Remarks
G12: Load Eligible for Open Access | J12: Availed (within area of supply) | M12: Availed ( Outside Area of supply)
D13: MW | E13: Tariff (Rs./kW/ month) | F13: Cost (Rs. Crs.) | G13: MW | H13: Tariff (Rs./kW/ month) | I13: Cost (Rs. Crs.) | J13: MW | K13: Tariff (Rs./kW/ month) | L13: Cost (Rs. Crs.) | M13: MW | N13: Tariff (Rs./kW/ month) | O13: Cost (Rs. Crs.)
B14: 1005 | C14: APTRANSCO | D14: =5149-G14 -> 4186.977 | E14: 188.38 | F14: =D14*1000*E14*12/10^7 -> 946.49127 | G14: 962.023 | H14: 188.38 | I14: =G14*1000*H14*12/10^7 -> 217.47107 | O14: =F14+I14 -> 1163.9623
C15: Cost adjusted | O15: -433.1
C18: Total | D18: =SUM(D14:D17) -> 4186.977 | E18: =E14 -> 188.38 | F18: =SUM(F14:F17) -> 946.49127 | G18: =SUM(G14:G17) -> 962.023 | H18: =H14 -> 188.38 | I18: =SUM(I14:I17) -> 217.47107 | J18: =SUM(J14:J17) -> 0 | K18: =K14 -> 0 | L18: =SUM(L14:L17) -> 0 | M18: =SUM(M14:M17) -> 0 | N18: =N14 -> 0 | O18: =SUM(O14:O17) -> 730.86234
C19: (B) Short Term and Temporary Contracts
C20: Name of Transmission service provider | D20: Load not eligible for Open Access | G20: Open Access | P20: Remarks
G21: Load Eligible for Open Access | J21: Availed (within area of supply) | M21: Availed ( Outside Area of supply)
D22: MW | E22: Tariff (Rs./kW/ month) | F22: Cost (Rs. Crs.) | G22: MW | H22: Tariff (Rs./kW/ month) | I22: Cost (Rs. Crs.) | J22: MW | K22: Tariff (Rs./kW/ month) | L22: Cost (Rs. Crs.) | M22: MW | N22: Tariff (Rs./kW/ month) | O22: Cost (Rs. Crs.)
B23: 1005 | C23: APTRANSCO
D25: =SUM(B25:C25) -> 0
D26: =SUM(B26:C26) -> 0
D27: =SUM(B27:C27) -> 0
D28: =SUM(B28:C28) -> 0
D29: =SUM(B29:C29) -> 0
D30: =SUM(B30:C30) -> 0
D31: =SUM(B31:C31) -> 0
D32: =SUM(B32:C32) -> 0
C33: Total | D33: =SUM(D23:D32) -> 0 | F33: =SUM(F23:F32) -> 0 | G33: =SUM(G23:G32) -> 0 | I33: =SUM(I23:I32) -> 0 | J33: =SUM(J23:J32) -> 0 | L33: =SUM(L23:L32) -> 0 | M33: =SUM(M23:M32) -> 0 | O33: =SUM(O23:O32) -> 0
C35: Total Long term + Short term Contracts ((A) + (B)) | D35: =D18+D33 -> 4186.977 | F35: =SUM(F18,F33) -> 946.49127 | G35: =SUM(G18,G33) -> 962.023 | I35: =SUM(I18,I33) -> 217.47107 | J35: =SUM(J18,J33) -> 0 | L35: =SUM(L18,L33) -> 0 | M35: =SUM(M18,M33) -> 0 | O35: =SUM(O18,O33) -> 730.86234
C37: =Notes!$C$6 -> FY 2024-25 | D37: Year 1
C38: (A) Long Term and Firm Contracts
C40: Name of Transmission service provider | D40: Load not eligible for Open Access | G40: Open Access | P40: Remarks
G41: Load Eligible for Open Access | J41: Availed (within area of supply) | M41: Availed ( Outside Area of supply)
D42: MW | E42: Tariff (Rs./kW/ month) | F42: Cost (Rs. Crs.) | G42: MW | H42: Tariff (Rs./kW/ month) | I42: Cost (Rs. Crs.) | J42: MW | K42: Tariff (Rs./kW/ month) | L42: Cost (Rs. Crs.) | M42: MW | N42: Tariff (Rs./kW/ month) | O42: Cost (Rs. Crs.)
B43: 1005 | C43: APTRANSCO | D43: =((14610-355)*S44%)-G43 -> 4238.305 | E43: 180.83 | F43: =D43*1000*E43*12/10^7 -> 919.69523 | G43: 1137.284 | H43: =E43 -> 180.83 | I43: =G43*1000*H43*12/10^7 -> 246.78608 | O43: =F43+I43 -> 1166.4813 | T43: 1133.7954
O44: -32.685904 | S44: 37.7102 | T44: =O43-T43 -> 32.685904
C47: Total | D47: =SUM(D43:D46) -> 4238.305 | E47: =E43 -> 180.83 | F47: =SUM(F43:F46) -> 919.69523 | G47: =SUM(G43:G46) -> 1137.284 | H47: =H43 -> 180.83 | I47: =SUM(I43:I46) -> 246.78608 | J47: =SUM(J43:J46) -> 0 | L47: =SUM(L43:L46) -> 0 | M47: =SUM(M43:M46) -> 0 | O47: =SUM(O43:O46) -> 1133.7954
C48: (B) Short Term and Temporary Contracts
C49: Name of Transmission service provider | D49: Load not eligible for Open Access | G49: Open Access | P49: Remarks
G50: Load Eligible for Open Access | J50: Availed (within area of supply) | M50: Availed ( Outside Area of supply)
D51: MW | E51: Tariff (Rs./kW/ month) | F51: Cost (Rs. Crs.) | G51: MW | H51: Tariff (Rs./kW/ month) | I51: Cost (Rs. Crs.) | J51: MW | K51: Tariff (Rs./kW/ month) | L51: Cost (Rs. Crs.) | M51: MW | N51: Tariff (Rs./kW/ month) | O51: Cost (Rs. Crs.)
B52: 1005 | C52: APTRANSCO
Q54: -4.0908448
C62: Total | D62: =SUM(D52:D61) -> 0 | F62: =SUM(F52:F61) -> 0 | G62: =SUM(G52:G61) -> 0 | I62: =SUM(I52:I61) -> 0 | J62: =SUM(J52:J61) -> 0 | L62: =SUM(L52:L62) -> 0 | M62: =SUM(M52:M62) -> 0 | O62: =SUM(O52:O61) -> 0
C64: Total Long term + Short term Contracts ((A) + (B)) | D64: =SUM(D47,D62) -> 4238.305 | F64: =SUM(F47,F62) -> 919.69523 | G64: =SUM(G47,G62) -> 1137.284 | I64: =SUM(I47,I62) -> 246.78608 | J64: =SUM(J47,J62) -> 0 | L64: =SUM(L47,L62) -> 0 | M64: =SUM(M47,M62) -> 0 | O64: =SUM(O47,O62) -> 1133.7954
C66: =Notes!$C$7 -> FY 2025-26 | D66: Year 2
C67: (A) Long Term and Firm Contracts
C69: Name of Transmission service provider | D69: Load not eligible for Open Access | G69: Open Access | P69: Remarks
G70: Load Eligible for Open Access | J70: Availed (within area of supply) | M70: Availed ( Outside Area of supply)
D71: MW | E71: Tariff (Rs./kW/ month) | F71: Cost (Rs. Crs.) | G71: MW | H71: Tariff (Rs./kW/ month) | I71: Cost (Rs. Crs.) | J71: MW | K71: Tariff (Rs./kW/ month) | L71: Cost (Rs. Crs.) | M71: MW | N71: Tariff (Rs./kW/ month) | O71: Cost (Rs. Crs.) | R71: % f EPDCL Drawl Ratio | S71: ='1|ARR'!H42/100 -> 0.37408753 | T71: table no 5.2 in Transmission T.O | U71: 15600 | V71: ='1|ARR'!H43 -> 1327.5298
B72: 1005 | C72: APTRANSCO | D72: =((15600-376)*S71)-G72 -> 4444.0962 | E72: 194.25 | F72: =D72*1000*E72*12/10^7 -> 1035.9188 | G72: =G43*(1.1) -> 1251.0124 | H72: =E72 -> 194.25 | I72: =G72*1000*H72*12/10^7 -> 291.61099 | O72: =F72+I72 -> 1327.5298 | T72: table no 5.4 in Transmission T.O | U72: 376 | V72: =V71-O93 -> 0
C76: Total | D76: =SUM(D72:D75) -> 4444.0962 | E76: =E72 -> 194.25 | F76: =SUM(F72:F75) -> 1035.9188 | G76: =SUM(G72:G75) -> 1251.0124 | H76: =H72 -> 194.25 | I76: =SUM(I72:I75) -> 291.61099 | J76: =SUM(J72:J75) -> 0 | L76: =SUM(L72:L75) -> 0 | M76: =SUM(M72:M75) -> 0 | O76: =SUM(O72:O75) -> 1327.5298
C77: (B) Short Term and Temporary Contracts
C78: Name of Transmission service provider | D78: Load not eligible for Open Access | G78: Open Access | P78: Remarks
G79: Load Eligible for Open Access | J79: Availed (within area of supply) | M79: Availed ( Outside Area of supply)
D80: MW | E80: Tariff (Rs./kW/ month) | F80: Cost (Rs. Crs.) | G80: MW | H80: Tariff (Rs./kW/ month) | I80: Cost (Rs. Crs.) | J80: MW | K80: Tariff (Rs./kW/ month) | L80: Cost (Rs. Crs.) | M80: MW | N80: Tariff (Rs./kW/ month) | O80: Cost (Rs. Crs.)
B81: 1005 | C81: APTRANSCO
Q83: -4.0908448
C91: Total | D91: =SUM(D81:D90) -> 0 | F91: =SUM(F81:F90) -> 0 | G91: =SUM(G81:G90) -> 0 | I91: =SUM(I81:I90) -> 0 | J91: =SUM(J81:J90) -> 0 | L91: =SUM(L81:L90) -> 0 | M91: =SUM(M81:M90) -> 0 | O91: =SUM(O81:O90) -> 0
C93: Total Long term + Short term Contracts ((A) + (B)) | D93: =SUM(D76,D91) -> 4444.0962 | F93: =SUM(F76,F91) -> 1035.9188 | G93: =SUM(G76,G91) -> 1251.0124 | I93: =SUM(I76,I91) -> 291.61099 | J93: =SUM(J76,J91) -> 0 | L93: =SUM(L76,L91) -> 0 | M93: =SUM(M76,M91) -> 0 | O93: =SUM(O76,O91) -> 1327.5298
C95: =Notes!$C$8 -> FY 2026-27 | D95: Year 3
C96: (A) Long Term and Firm Contracts
C98: Name of Transmission service provider | D98: Load not eligible for Open Access | G98: Open Access | P98: Remarks
G99: Load Eligible for Open Access | J99: Availed (within area of supply) | M99: Availed ( Outside Area of supply)
D100: MW | E100: Tariff (Rs./kW/ month) | F100: Cost (Rs. Crs.) | G100: MW | H100: Tariff (Rs./kW/ month) | I100: Cost (Rs. Crs.) | J100: MW | K100: Tariff (Rs./kW/ month) | L100: Cost (Rs. Crs.) | M100: MW | N100: Tariff (Rs./kW/ month) | O100: Cost (Rs. Crs.) | R100: % f EPDCL Drawl Ratio | S100: ='1|ARR'!I42/100 -> 0.37038847 | T100: table no 5.2 in Transmission T.O | U100: 16663 | V100: ='1|ARR'!I43 -> 1458.6817
B101: 1005 | C101: APTRANSCO | D101: =((16663-400)*S100)-G101 -> 4647.5141 | E101: 201.8 | F101: =D101*1000*E101*12/10^7 -> 1125.442 | G101: =G72*(1.1) -> 1376.1136 | H101: =E101 -> 201.8 | I101: =G101*1000*H101*12/10^7 -> 333.23968 | O101: =F101+I101 -> 1458.6817 | T101: table no 5.4 in Transmission T.O | U101: 400 | V101: =V100-O122 -> 0
C105: Total | D105: =SUM(D101:D104) -> 4647.5141 | E105: =E101 -> 201.8 | F105: =SUM(F101:F104) -> 1125.442 | G105: =SUM(G101:G104) -> 1376.1136 | H105: =H101 -> 201.8 | I105: =SUM(I101:I104) -> 333.23968 | J105: =SUM(J101:J104) -> 0 | L105: =SUM(L101:L104) -> 0 | M105: =SUM(M101:M104) -> 0 | O105: =SUM(O101:O104) -> 1458.6817
C106: (B) Short Term and Temporary Contracts
C107: Name of Transmission service provider | D107: Load not eligible for Open Access | G107: Open Access | P107: Remarks
G108: Load Eligible for Open Access | J108: Availed (within area of supply) | M108: Availed ( Outside Area of supply)
D109: MW | E109: Tariff (Rs./kW/ month) | F109: Cost (Rs. Crs.) | G109: MW | H109: Tariff (Rs./kW/ month) | I109: Cost (Rs. Crs.) | J109: MW | K109: Tariff (Rs./kW/ month) | L109: Cost (Rs. Crs.) | M109: MW | N109: Tariff (Rs./kW/ month) | O109: Cost (Rs. Crs.)
B110: 1005 | C110: APTRANSCO
Q112: -4.0908448
C120: Total | D120: =SUM(D110:D119) -> 0 | F120: =SUM(F110:F119) -> 0 | G120: =SUM(G110:G119) -> 0 | I120: =SUM(I110:I119) -> 0 | J120: =SUM(J110:J119) -> 0 | L120: =SUM(L110:L119) -> 0 | M120: =SUM(M110:M119) -> 0 | O120: =SUM(O110:O119) -> 0
C122: Total Long term + Short term Contracts ((A) + (B)) | D122: =SUM(D105,D120) -> 4647.5141 | F122: =SUM(F105,F120) -> 1125.442 | G122: =SUM(G105,G120) -> 1376.1136 | I122: =SUM(I105,I120) -> 333.23968 | J122: =SUM(J105,J120) -> 0 | L122: =SUM(L105,L120) -> 0 | M122: =SUM(M105,M120) -> 0 | O122: =SUM(O105,O120) -> 1458.6817

Sheet 1.2|SLDC
A1: Index sheet
C3: Form 1.2 | D3: SLDC Charges
C5: SLDC Charges to be segregated between Load not eligible for Open Access, Load eligible for Open Access, Load within the area of supply and availing power under Open Access as per Section 42 and 49 of E ACT.(Refer to Notes for the relevant definitions.)
C6: Loads Eligible for Open Access is as per Section 8.1 of Regulation 2 of 2005 of APERC See Notes Sheet for Phasing of Open Access in the state of Andhra Pradesh.
C8: =Notes!$C$5 -> Base Year
D9: Annual Fee | G9: Charges | J9: Total Cost (Rs. Crs.) | K9: Remarks
D10: MW | E10: Tariff (Rs./MW/year) | F10: Cost (Rs. Crs.) | G10: MW | H10: Tariff (Rs./MW/ month) | I10: Cost (Rs. Crs.) | J10: Total Cost (Rs. Crs.)
B11: 1001 | C11: Load not eligible for Open Access | D11: =8289-D13 -> 7326.977 | E11: 6382.27 | F11: =D11*E11/10^7 -> 4.6762745 | G11: =D11 -> 7326.977 | H11: 2235.65 | I11: =G11*H11*12/10^7 -> 19.656667 | J11: =SUM(F11,I11) -> 24.332942
C12: Open Access
B13: 1002 | C13: Load Eligible for Open Access | D13: ='1.1|Trans Cost'!G14 -> 962.023 | E13: =E11 -> 6382.27 | F13: =D13*E13/10^7 -> 0.61398905 | G13: =D13 -> 962.023 | H13: =H11 -> 2235.65 | I13: =G13*H13*12/10^7 -> 2.5808961 | J13: =SUM(F13,I13) -> 3.1948851
B14: 1003 | C14: Availed (within area of supply) | F14: =D14*E14/10^7 -> 0 | I14: =G14*H14*12/10^7 -> 0 | J14: =SUM(F14,I14) -> 0 | N14: =19*55 -> 1045
B15: 1004 | C15: Availed ( Outside Area of supply) | F15: =D15*E15/10^7 -> 0 | J15: =SUM(F15,I15) -> 0
C16: Cost adjusted | J16: 1.045993 | M16: =O16-N16 -> 1.045993 | N16: =J11+J13+J14+J15 -> 27.527827 | O16: 28.57382
C17: Total | J17: =SUM(J11:J16) -> 28.57382 | N17: ='1|ARR'!F10-'1.2|SLDC'!N16 -> 1.045993
N18: 1.045994
A19: Year 1 | C19: =Notes!$C$6 -> FY 2024-25
D20: Annual Fee | G20: Charges | J20: Total Cost (Rs. Crs.) | K20: Remarks
D21: MW | E21: Tariff (Rs./MW/year) | F21: Cost (Rs. Crs.) | G21: MW | H21: Tariff (Rs./MW/ month) | I21: Cost (Rs. Crs.) | J21: Total Cost (Rs. Crs.)
B22: 1001 | C22: Load not eligible for Open Access | D22: =((23876-355)*38.2803%)-D24 -> 7866.6254 | E22: 14245 | F22: =D22*E22/10^7 -> 11.206008 | G22: =D22 -> 7866.6254 | H22: 2379.33 | I22: =G22*H22*12/10^7 -> 22.460757 | J22: =SUM(F22,I22) -> 33.666765
C23: Open Access
B24: 1002 | C24: Load Eligible for Open Access | D24: ='1.1|Trans Cost'!G43 -> 1137.284 | E24: =E22 -> 14245 | F24: =D24*E24/10^7 -> 1.6200611 | G24: =D24 -> 1137.284 | H24: =H22 -> 2379.33 | I24: =G24*H24*12/10^7 -> 3.2471687 | J24: =SUM(F24,I24) -> 4.8672298
B25: 1003 | C25: Availed (within area of supply) | F25: =D25*E25/10^7 -> 0 | I25: =G25*H25*12/10^7 -> 0 | J25: =SUM(F25,I25) -> 0
B26: 1004 | C26: Availed ( Outside Area of supply) | F26: =D26*E26/10^7 -> 0 | I26: =G26*H26*12/10^7 -> 0 | J26: =SUM(F26,I26) -> 0
C27: Cost adjusted | J27: -4.248446
C28: Total | J28: =SUM(J22:J27) -> 34.285549
A30: Year 2 | C30: =Notes!$C$7 -> FY 2025-26
D31: Annual Fee | G31: Charges | J31: Total Cost (Rs. Crs.) | K31: Remarks
D32: MW | E32: Tariff (Rs./MW/year) | F32: Cost (Rs. Crs.) | G32: MW | H32: Tariff (Rs./MW/ month) | I32: Cost (Rs. Crs.) | J32: Total Cost (Rs. Crs.) | N32: ='1.1|Trans Cost'!S71 -> 0.37408753 | O32: Table no-3.2 from SLDC T.O | P32: 26499 | Q32: ='1|ARR'!H44 -> 45.793925 | R32: as per APPCC
B33: 1001 | C33: Load not eligible for Open Access | D33: =((26499-376)*N32)-D35 -> 8521.2762 | E33: 17634 | F33: =D33*E33/10^7 -> 15.026419 | G33: =D33 -> 8521.2762 | H33: 2435.6 | I33: =G33*H33*12/10^7 -> 24.905304 | J33: =SUM(F33,I33) -> 39.931723 | O33: OA | P33: 376 | Q33: =Q32-J39 -> 0 | R33: diff
C34: Open Access
B35: 1002 | C35: Load Eligible for Open Access | D35: ='1.1|Trans Cost'!G72 -> 1251.0124 | E35: =E33 -> 17634 | F35: =D35*E35/10^7 -> 2.2060353 | G35: =D35 -> 1251.0124 | H35: =H33 -> 2435.6 | I35: =G35*H35*12/10^7 -> 3.656359 | J35: =SUM(F35,I35) -> 5.8623942
B36: 1003 | C36: Availed (within area of supply) | F36: =D36*E36/10^7 -> 0 | I36: =G36*H36*12/10^7 -> 0 | J36: =SUM(F36,I36) -> 0
B37: 1004 | C37: Availed ( Outside Area of supply) | F37: =D37*E37/10^7 -> 0 | I37: =G37*H37*12/10^7 -> 0 | J37: =SUM(F37,I37) -> 0
C38: Cost adjusted | J38: -0.00019181712
C39: Total | J39: =SUM(J33:J38) -> 45.793925
A41: Year 2 | C41: =Notes!$C$8 -> FY 2026-27
D42: Annual Fee | G42: Charges | J42: Total Cost (Rs. Crs.) | K42: Remarks
D43: MW | E43: Tariff (Rs./MW/year) | F43: Cost (Rs. Crs.) | G43: MW | H43: Tariff (Rs./MW/ month) | I43: Cost (Rs. Crs.) | J43: Total Cost (Rs. Crs.) | N43: ='1|ARR'!I42/100 -> 0.37038847 | O43: Table no-3.2 from SLDC T.O | P43: 27507 | Q43: ='1|ARR'!I44 -> 48.398239 | R43: as per APPCC
B44: 1001 | C44: Load not eligible for Open Access | D44: =((27507-400)*N43)-D46 -> 8664.0066 | E44: 18618 | F44: =D44*E44/10^7 -> 16.130648 | G44: =D44 -> 8664.0066 | H44: 2465.57 | I44: =G44*H44*12/10^7 -> 25.634058 | J44: =SUM(F44,I44) -> 41.764705 | O44: OA | P44: 400 | Q44: =Q43-J50 -> 0.00025433452 | R44: diff
C45: Open Access
B46: 1002 | C46: Load Eligible for Open Access | D46: ='1.1|Trans Cost'!G101 -> 1376.1136 | E46: =E44 -> 18618 | F46: =D46*E46/10^7 -> 2.5620484 | G46: =D46 -> 1376.1136 | H46: =H44 -> 2465.57 | I46: =G46*H46*12/10^7 -> 4.0714854 | J46: =SUM(F46,I46) -> 6.6335338
B47: 1003 | C47: Availed (within area of supply) | F47: =D47*E47/10^7 -> 0 | I47: =G47*H47*12/10^7 -> 0 | J47: =SUM(F47,I47) -> 0
B48: 1004 | C48: Availed ( Outside Area of supply) | F48: =D48*E48/10^7 -> 0 | I48: =G48*H48*12/10^7 -> 0 | J48: =SUM(F48,I48) -> 0
C49: Cost adjusted | J49: -0.00025433452
C50: Total | J50: =SUM(J44:J49) -> 48.397985
M52: =+(27507-400) -> 27107
M53: =M52*(+E44+H44)/10^7 -> 57.151233

Sheet 1.3|Dist Cost
A1: Index sheet
C3: Form 1.3 | D3: Distribution Cost
C5: Distribution Cost to be segregated between Load not eligible for Open Access, Load eligible for Open Access, Load within the area of supply and availing power under Open Access as per Section 42 and 49 of E ACT.(Refer to Notes for the relevant definitions.)
C6: Loads Eligible for Open Access is as per Section 8.1 of Regulation 2 of 2005 of APERC See Notes Sheet for Phasing of Open Access in the state of Andhra Pradesh.
C8: =Notes!$C$5 -> Base Year
C10: (A) Long Term and Firm Contracts
C12: Name of Distribution service provider | D12: Load not eligible for Open Access | G12: Open Access | P12: Remarks
G13: Load Eligible for Open Access | J13: Availed (within area of supply) | M13: Availed ( Outside Area of supply)
D14: MW | E14: Tariff (Rs./kW/month) | F14: Cost (Rs. Crs.) | G14: MW | H14: Tariff (Rs./kW/month) | I14: Cost (Rs. Crs.) | J14: MW | K14: Tariff (Rs./kW/month) | L14: Cost (Rs. Crs.) | M14: MW | N14: Tariff (Rs./kW/month) | O14: Cost (Rs. Crs.)
C15: EPDCL ( 33 KV) | D15: =1025-G15 -> 197.26 | E15: 61.92 | F15: =D15*E15*12*1000/10^7 -> 14.657207 | G15: 827.74 | H15: =E15 -> 61.92 | I15: =G15*H15*12*1000/10^7 -> 61.504393 | L15: =F15+I15 -> 76.1616 | U15: 841.97
C16: EPDCL ( 11 KV) | D16: =1309-G16 -> 1174.71 | E16: 489.07 | F16: =D16*E16*12*1000/10^7 -> 689.4185 | G16: 134.29 | H16: =E16 -> 489.07 | I16: =G16*H16*12*1000/10^7 -> 78.812652 | L16: =F16+I16 -> 768.23116 | U16: 135.49
C17: EPDCL LT | D17: 2497 | E17: 836.76 | F17: =D17*E17*12*1000/10^7 -> 2507.2677 | L17: =F17+I17 -> 2507.2677
C18: Total ( Non Eligible OA Cost)
C19: Adjusted | L19: -1015.8504
C25: Total | D25: =SUM(D15:D24) -> 3868.97 | F25: =SUM(F15:F24) -> 3211.3434 | G25: =SUM(G15:G24) -> 962.03 | I25: =SUM(I15:I24) -> 140.31705 | J25: =SUM(J15:J24) -> 0 | L25: =SUM(L15:L24) -> 2335.81 | M25: =SUM(M15:M24) -> 0 | O25: =SUM(O15:O24) -> 0
C26: (B) Short Term and Temporary Contracts
C27: Name of Distribution service provider | D27: Load not eligible for Open Access | G27: Open Access | P27: Remarks
G28: Load Eligible for Open Access | J28: Availed (within area of supply) | M28: Availed ( Outside Area of supply)
D29: MW | E29: Tariff (Rs./kW/month) | F29: Cost (Rs. Crs.) | G29: MW | H29: Tariff (Rs./kW/month) | I29: Cost (Rs. Crs.) | J29: MW | K29: Tariff (Rs./kW/month) | L29: Cost (Rs. Crs.) | M29: MW | N29: Tariff (Rs./kW/month) | O29: Cost (Rs. Crs.)
C40: Total | D40: =SUM(D30:D39) -> 0 | F40: =SUM(F30:F39) -> 0 | G40: =SUM(G30:G39) -> 0 | I40: =SUM(I30:I39) -> 0 | J40: =SUM(J30:J39) -> 0 | L40: =SUM(L30:L39) -> 0 | M40: =SUM(M30:M39) -> 0 | O40: =SUM(O30:O39) -> 0
C42: Total Long term + Short term Contracts ((A) + (B)) | D42: =SUM(D25,D40) -> 3868.97 | F42: =SUM(F25,F40) -> 3211.3434 | G42: =SUM(G25,G40) -> 962.03 | I42: =SUM(I25,I40) -> 140.31705 | J42: =SUM(J25,J40) -> 0 | L42: =SUM(L25,L40) -> 2335.81 | M42: =SUM(M25,M40) -> 0 | O42: =SUM(O25,O40) -> 0
A45: Yr 1 | C45: =Notes!$C$6 -> FY 2024-25
C46: (A) Long Term and Firm Contracts
C48: Name of Distribution service provider | D48: Load not eligible for Open Access | G48: Open Access | P48: Remarks
G49: Load Eligible for Open Access | J49: Availed (within area of supply) | M49: Availed ( Outside Area of supply)
D50: MU | E50: Tariff (Rs./kWh) | F50: Cost (Rs. Crs.) | G50: MU | H50: Tariff (Rs./kWh) | I50: Cost (Rs. Crs.) | J50: MU | K50: Tariff (Rs./kWh) | L50: Cost (Rs. Crs.) | M50: MU | N50: Tariff (Rs./kWh) | O50: Cost (Rs. Crs.)
C51: EPDCL ( 33 KV) | D51: 0 | F51: =D51*E51*12*1000/10^7 -> 0 | H51: =E51 -> 0 | I51: =G51*H51*12*1000/10^7 -> 0 | L51: =F51+I51 -> 0 | T51: ='1|ARR'!G11 -> 1776.9602
C52: EPDCL ( 11 KV) | F52: =D52*E52*12*1000/10^7 -> 0 | H52: =E52 -> 0 | I52: =G52*H52*12*1000/10^7 -> 0 | L52: =F52+I52 -> 0 | T52: ='1|ARR'!G16 -> 990.54165
C53: EPDCL LT | F53: =D53*E53*12*1000/10^7 -> 0 | L53: =F53+I53 -> 0 | T53: =SUM(T51:T52) -> 2767.5019
C54: Total ( Non Eligible OA Cost) | T54: =L57-T53 -> 0
C55: Adjusted
C57: Total | D57: =SUM(D47:D56) -> 0 | F57: =SUM(F47:F56) -> 0 | G57: =SUM(G51:G56) -> 0 | I57: =SUM(I51:I56) -> 0 | J57: =SUM(J51:J56) -> 0 | L57: 2767.5019 | M57: =SUM(M51:M56) -> 0 | O57: =SUM(O51:O56) -> 0
C58: (B) Short Term and Temporary Contracts
C59: Name of Distribution service provider | D59: Load not eligible for Open Access | G59: Open Access | P59: Remarks
G60: Load Eligible for Open Access | J60: Availed (within area of supply) | M60: Availed ( Outside Area of supply)
D61: MU | E61: Tariff (Rs./kWh) | F61: Cost (Rs. Crs.) | G61: MU | H61: Tariff (Rs./kWh) | I61: Cost (Rs. Crs.) | J61: MU | K61: Tariff (Rs./kWh) | L61: Cost (Rs. Crs.) | M61: MU | N61: Tariff (Rs./kWh) | O61: Cost (Rs. Crs.)
C63: Total
C65: Total Long term + Short term Contracts ((A) + (B)) | D65: =SUM(D57,D63) -> 0 | F65: =SUM(F57,F63) -> 0 | G65: =SUM(G57,G63) -> 0 | I65: =SUM(I57,I63) -> 0 | J65: =SUM(J57,J63) -> 0 | L65: =SUM(L57,L63) -> 2767.5019 | M65: =SUM(M57,M63) -> 0 | O65: =SUM(O57,O63) -> 0
A68: Yr 2 | C68: =Notes!$C$7 -> FY 2025-26
C69: (A) Long Term and Firm Contracts
C71: Name of Distribution service provider | D71: Load not eligible for Open Access | G71: Open Access | P71: Remarks
G72: Load Eligible for Open Access | J72: Availed (within area of supply) | M72: Availed ( Outside Area of supply)
D73: MU | E73: Tariff (Rs./kWh) | F73: Cost (Rs. Crs.) | G73: MU | H73: Tariff (Rs./kWh) | I73: Cost (Rs. Crs.) | J73: MU | K73: Tariff (Rs./kWh) | L73: Cost (Rs. Crs.) | M73: MU | N73: Tariff (Rs./kWh) | O73: Cost (Rs. Crs.)
C74: EPDCL ( 33 KV)
C75: EPDCL ( 11 KV)
C76: EPDCL LT
C77: Total ( Non Eligible OA Cost)
C80: Total | D80: =SUM(D70:D79) -> 0 | F80: =F77 -> 0 | G80: =SUM(G74:G79) -> 0 | I80: =SUM(I74:I79) -> 0 | J80: =SUM(J74:J79) -> 0 | L80: ='1|ARR'!H11+'1|ARR'!H16 -> 3612.07 | M80: =SUM(M74:M79) -> 0 | O80: =SUM(O74:O79) -> 0
C81: (B) Short Term and Temporary Contracts
C82: Name of Distribution service provider | D82: Load not eligible for Open Access | G82: Open Access | P82: Remarks
G83: Load Eligible for Open Access | J83: Availed (within area of supply) | M83: Availed ( Outside Area of supply)
D84: MU | E84: Tariff (Rs./kWh) | F84: Cost (Rs. Crs.) | G84: MU | H84: Tariff (Rs./kWh) | I84: Cost (Rs. Crs.) | J84: MU | K84: Tariff (Rs./kWh) | L84: Cost (Rs. Crs.) | M84: MU | N84: Tariff (Rs./kWh) | O84: Cost (Rs. Crs.)
C86: Total | D86: =SUM(D85:D85) -> 0 | F86: =SUM(F85:F85) -> 0 | G86: =SUM(G85:G85) -> 0 | I86: =SUM(I85:I85) -> 0 | J86: =SUM(J85:J85) -> 0 | L86: =SUM(L85:L85) -> 0 | M86: =SUM(M85:M85) -> 0 | O86: =SUM(O85:O85) -> 0
C88: Total Long term + Short term Contracts ((A) + (B)) | D88: =SUM(D80,D86) -> 0 | F88: =SUM(F80,F86) -> 0 | G88: =SUM(G80,G86) -> 0 | I88: =SUM(I80,I86) -> 0 | J88: =SUM(J80,J86) -> 0 | L88: =SUM(L80,L86) -> 3612.07 | M88: =SUM(M80,M86) -> 0 | O88: =SUM(O80,O86) -> 0
A91: Yr 3 | C91: =Notes!$C$8 -> FY 2026-27
C92: (A) Long Term and Firm Contracts
C94: Name of Distribution service provider | D94: Load not eligible for Open Access | G94: Open Access | P94: Remarks
G95: Load Eligible for Open Access | J95: Availed (within area of supply) | M95: Availed ( Outside Area of supply)
D96: MU | E96: Tariff (Rs./kWh) | F96: Cost (Rs. Crs.) | G96: MU | H96: Tariff (Rs./kWh) | I96: Cost (Rs. Crs.) | J96: MU | K96: Tariff (Rs./kWh) | L96: Cost (Rs. Crs.) | M96: MU | N96: Tariff (Rs./kWh) | O96: Cost (Rs. Crs.)
C97: EPDCL ( 33 KV)
C98: EPDCL ( 11 KV)
C99: EPDCL LT
C100: Total ( Non Eligible OA Cost)
C103: Total | D103: =SUM(D93:D102) -> 0 | F103: =F100 -> 0 | G103: =SUM(G97:G102) -> 0 | I103: =SUM(I97:I102) -> 0 | J103: =SUM(J97:J102) -> 0 | L103: ='1|ARR'!I11+'1|ARR'!I16 -> 3985 | M103: =SUM(M97:M102) -> 0 | O103: =SUM(O97:O102) -> 0
C104: (B) Short Term and Temporary Contracts
C105: Name of Distribution service provider | D105: Load not eligible for Open Access | G105: Open Access | P105: Remarks
G106: Load Eligible for Open Access | J106: Availed (within area of supply) | M106: Availed ( Outside Area of supply)
D107: MU | E107: Tariff (Rs./kWh) | F107: Cost (Rs. Crs.) | G107: MU | H107: Tariff (Rs./kWh) | I107: Cost (Rs. Crs.) | J107: MU | K107: Tariff (Rs./kWh) | L107: Cost (Rs. Crs.) | M107: MU | N107: Tariff (Rs./kWh) | O107: Cost (Rs. Crs.)
C109: Total | D109: =SUM(D108:D108) -> 0 | F109: =SUM(F108:F108) -> 0 | G109: =SUM(G108:G108) -> 0 | I109: =SUM(I108:I108) -> 0 | J109: =SUM(J108:J108) -> 0 | L109: =SUM(L108:L108) -> 0 | M109: =SUM(M108:M108) -> 0 | O109: =SUM(O108:O108) -> 0
C111: Total Long term + Short term Contracts ((A) + (B)) | D111: =SUM(D103,D109) -> 0 | F111: =SUM(F103,F109) -> 0 | G111: =SUM(G103,G109) -> 0 | I111: =SUM(I103,I109) -> 0 | J111: =SUM(J103,J109) -> 0 | L111: =SUM(L103,L109) -> 3985 | M111: =SUM(M103,M109) -> 0 | O111: =SUM(O103,O109) -> 0

Sheet 1.4|PP Cost-Reg
AM1: 1
AM2: 2
C3: Form 1.4 | D3: Power Purchase and Procurement Cost (For Regulated Business#)
C5: #Refer to Notes for the definition
C8: Form 1.4 (FY 2023-24) | D8: Power Purchase and Procurement Cost (For Regulated Business#)
C9: Generating Station | D9: D Link | E9: Plant Type Must Run = 1 Others = 2 | F9: Plant Capacity | G9: DISCOM's share | H9: DISCOM's share | I9: Aux. Consumption | J9: Availability and Dispatch (MU) | M9: Cost (Rs. Crs.) | S9: Unit Cost (Rs. / kWh) | AM9: Remarks
F10: (MW) | G10: (%) | H10: (MW) | I10: (%) | J10: Gross Availability(MU) | K10: Net Availability | L10: Dispatch | M10: Fixed | N10: Variable | O10: Incentive | P10: Income Tax | Q10: Others | R10: Total | S10: Fixed | T10: Incentives | U10: Income Tax | V10: Others | W10: Variable | X10: Total
C11: Apgenco-Thermal
C12: Dr. NTTPS | F12: 1260 | G12: 0.3765 | H12: 1260 | I12: 0.09 | K12: 2833.7651 | L12: 2694.536 | M12: 257.05034 | N12: 1161.2859 | O12: 0 | P12: 0 | Q12: 0 | R12: =SUM(M12:Q12) -> 1418.3362 | S12: =IFERROR(M12/L12*10,0) -> 0.95396885 | T12: =IFERROR(O12/L12*10,0) -> 0 | U12: =IFERROR(P12/L12*10,0) -> 0 | V12: =IFERROR(Q12/L12*10,0) -> 0 | W12: =IFERROR(N12/L12*10,0) -> 4.3097806 | X12: =IF(L12=0,0,R12/L12*10) -> 5.2637495
C13: Dr. NTTPS-IV | F13: 500 | G13: 0.3765 | H13: 500 | I13: 0.075 | K13: 1271.7119 | L13: 1191.3543 | M13: 108.70194 | N13: 477.71366 | O13: 0 | P13: 0 | Q13: 0 | R13: =SUM(M13:Q13) -> 586.4156 | S13: =IFERROR(M13/L13*10,0) -> 0.91242329 | T13: =IFERROR(O13/L13*10,0) -> 0 | U13: =IFERROR(P13/L13*10,0) -> 0 | V13: =IFERROR(Q13/L13*10,0) -> 0 | W13: =IFERROR(N13/L13*10,0) -> 4.0098371 | X13: =IF(L13=0,0,R13/L13*10) -> 4.9222603
C14: Dr. NTTPS-V | F14: 800 | G14: 0.3765 | H14: 800 | I14: 0.0575 | K14: 239.99776 | L14: 355.88185 | M14: 29.860582 | N14: 146.91443 | O14: 0 | P14: 0 | Q14: 0 | R14: =SUM(M14:Q14) -> 176.77502 | S14: =IFERROR(M14/L14*10,0) -> 0.83905886 | T14: =IFERROR(O14/L14*10,0) -> 0 | U14: =IFERROR(P14/L14*10,0) -> 0 | V14: =IFERROR(Q14/L14*10,0) -> 0 | W14: =IFERROR(N14/L14*10,0) -> 4.12818 | X14: =IF(L14=0,0,R14/L14*10) -> 4.9672389
C15: RTPP Stage-I | F15: 420 | G15: 0.3765 | H15: 420 | I15: 0.09 | K15: 928.93135 | L15: 883.3921 | M15: 94.860369 | N15: 390.45961 | O15: 0 | P15: 0 | Q15: 0 | R15: =SUM(M15:Q15) -> 485.31998 | S15: =IFERROR(M15/L15*10,0) -> 1.0738195 | T15: =IFERROR(O15/L15*10,0) -> 0 | U15: =IFERROR(P15/L15*10,0) -> 0 | V15: =IFERROR(Q15/L15*10,0) -> 0 | W15: =IFERROR(N15/L15*10,0) -> 4.4200034 | X15: =IF(L15=0,0,R15/L15*10) -> 5.493823
A16: 10001 | C16: RTPP Stage-II | F16: 420 | G16: 0.3765 | H16: 420 | I16: 0.09 | K16: 1093.385 | L16: 988.39515 | M16: 101.35143 | N16: 435.70351 | O16: 0 | P16: 0 | Q16: 0 | R16: =SUM(M16:Q16) -> 537.05494 | S16: =IFERROR(M16/L16*10,0) -> 1.025414 | T16: =IFERROR(O16/L16*10,0) -> 0 | U16: =IFERROR(P16/L16*10,0) -> 0 | V16: =IFERROR(Q16/L16*10,0) -> 0 | W16: =IFERROR(N16/L16*10,0) -> 4.4081915 | X16: =IF(L16=0,0,R16/L16*10) -> 5.4336056
C17: RTPP Stage-III | F17: 210 | G17: 0.3765 | H17: 210 | I17: 0.09 | K17: 486.9766 | L17: 446.35542 | M17: 62.441292 | N17: 196.55871 | O17: 0 | P17: 0 | Q17: 0 | R17: =SUM(M17:Q17) -> 259 | S17: =IFERROR(M17/L17*10,0) -> 1.3989142 | T17: =IFERROR(O17/L17*10,0) -> 0 | U17: =IFERROR(P17/L17*10,0) -> 0 | V17: =IFERROR(Q17/L17*10,0) -> 0 | W17: =IFERROR(N17/L17*10,0) -> 4.4036366 | X17: =IF(L17=0,0,R17/L17*10) -> 5.8025508
C18: RTPP Stage-IV | F18: 600 | G18: 0.3765 | H18: 600 | I18: 0.0575 | K18: 1332.4593 | L18: 1234.3937 | M18: 232.81362 | N18: 513.22773 | O18: 0 | P18: 0 | Q18: -0.51580458 | R18: =SUM(M18:Q18) -> 745.52554 | S18: =IFERROR(M18/L18*10,0) -> 1.8860565 | T18: =IFERROR(O18/L18*10,0) -> 0 | U18: =IFERROR(P18/L18*10,0) -> 0 | V18: =IFERROR(Q18/L18*10,0) -> -0.0041786068 | W18: =IFERROR(N18/L18*10,0) -> 4.1577314 | X18: =IF(L18=0,0,R18/L18*10) -> 6.0396092
C19: GENCO THERMAL TOTAL | F19: =SUM(F12:F18) -> 4210 | K19: =SUM(K12:K18) -> 8187.2271 | L19: =SUM(L12:L18) -> 7794.3085 | M19: =SUM(M12:M18) -> 887.07957 | N19: =SUM(N12:N18) -> 3321.8636 | O19: =SUM(O12:O18) -> 0 | P19: =SUM(P12:P18) -> 0 | Q19: =SUM(Q12:Q18) -> -0.51580458 | R19: =SUM(R12:R18) -> 4208.4273 | S19: =IFERROR(M19/L19*10,0) -> 1.138112 | T19: =IFERROR(O19/L19*10,0) -> 0 | U19: =IFERROR(P19/L19*10,0) -> 0 | V19: =IFERROR(Q19/L19*10,0) -> -0.00066177081 | W19: =IFERROR(N19/L19*10,0) -> 4.2619093 | X19: =IF(L19=0,0,R19/L19*10) -> 5.3993594
C20: Srisailam RCPH | F20: 770 | G20: 0.3765 | K20: 0 | L20: 1.2016418 | M20: 87.185435 | N20: 0 | O20: 0 | P20: 0 | Q20: 0 | R20: =SUM(M20:Q20) -> 87.185435 | S20: =IFERROR(M20/L20*10,0) -> 725.55264 | T20: =IFERROR(O20/L20*10,0) -> 0 | U20: =IFERROR(P20/L20*10,0) -> 0 | V20: =IFERROR(Q20/L20*10,0) -> 0 | W20: =IFERROR(N20/L20*10,0) -> 0 | X20: =IF(L20=0,0,R20/L20*10) -> 725.55264
C21: NSRCPH | F21: 90 | G21: 0.3765 | K21: 0 | L21: -0.099804729 | M21: 10.01556 | N21: 0 | O21: 0 | P21: 0 | Q21: 0 | R21: =SUM(M21:Q21) -> 10.01556 | S21: =IFERROR(M21/L21*10,0) -> -1003.5156 | T21: =IFERROR(O21/L21*10,0) -> 0 | U21: =IFERROR(P21/L21*10,0) -> 0 | V21: =IFERROR(Q21/L21*10,0) -> 0 | W21: =IFERROR(N21/L21*10,0) -> 0 | X21: =IF(L21=0,0,R21/L21*10) -> -1003.5156
C22: NSTPDC PH | F22: 50 | G22: 0.3765 | K22: 0 | L22: -0.14845203 | M22: 18.61592 | N22: 0 | O22: 0 | P22: 0 | Q22: 0 | R22: =SUM(M22:Q22) -> 18.61592 | S22: =IFERROR(M22/L22*10,0) -> -1254.0024 | T22: =IFERROR(O22/L22*10,0) -> 0 | U22: =IFERROR(P22/L22*10,0) -> 0 | V22: =IFERROR(Q22/L22*10,0) -> 0 | W22: =IFERROR(N22/L22*10,0) -> 0 | X22: =IF(L22=0,0,R22/L22*10) -> -1254.0024
C23: Upper Sileru | F23: 240 | G23: 0.3765 | K23: 0 | L23: 132.31178 | M23: 31.368254 | N23: 0 | O23: 0 | P23: 0 | Q23: 0 | R23: =SUM(M23:Q23) -> 31.368254 | S23: =IFERROR(M23/L23*10,0) -> 2.3707832 | T23: =IFERROR(O23/L23*10,0) -> 0 | U23: =IFERROR(P23/L23*10,0) -> 0 | V23: =IFERROR(Q23/L23*10,0) -> 0 | W23: =IFERROR(N23/L23*10,0) -> 0 | X23: =IF(L23=0,0,R23/L23*10) -> 2.3707832
C24: Lower Sileru | F24: 460 | G24: 0.3765 | K24: 0 | L24: 371.15938 | M24: 60.122487 | N24: 0 | O24: 0 | P24: 0 | Q24: 0 | R24: =SUM(M24:Q24) -> 60.122487 | S24: =IFERROR(M24/L24*10,0) -> 1.6198563 | T24: =IFERROR(O24/L24*10,0) -> 0 | U24: =IFERROR(P24/L24*10,0) -> 0 | V24: =IFERROR(Q24/L24*10,0) -> 0 | W24: =IFERROR(N24/L24*10,0) -> 0 | X24: =IF(L24=0,0,R24/L24*10) -> 1.6198563
C25: Donkarayi | F25: 25 | G25: 0.3765 | K25: 0 | L25: 28.647769 | M25: 3.2675266 | N25: 0 | O25: 0 | P25: 0 | Q25: 0 | R25: =SUM(M25:Q25) -> 3.2675266 | S25: =IFERROR(M25/L25*10,0) -> 1.1405867 | T25: =IFERROR(O25/L25*10,0) -> 0 | U25: =IFERROR(P25/L25*10,0) -> 0 | V25: =IFERROR(Q25/L25*10,0) -> 0 | W25: =IFERROR(N25/L25*10,0) -> 0 | X25: =IF(L25=0,0,R25/L25*10) -> 1.1405867
C26: PABM | F26: 20 | G26: 0.3765 | K26: 0 | L26: -0.10777639 | M26: 5.1865622 | N26: 0 | O26: 0 | P26: 0 | Q26: 0 | R26: =SUM(M26:Q26) -> 5.1865622 | S26: =IFERROR(M26/L26*10,0) -> -481.23363 | T26: =IFERROR(O26/L26*10,0) -> 0 | U26: =IFERROR(P26/L26*10,0) -> 0 | V26: =IFERROR(Q26/L26*10,0) -> 0 | W26: =IFERROR(N26/L26*10,0) -> 0 | X26: =IF(L26=0,0,R26/L26*10) -> -481.23363
C27: Minihydel(Chettipet) | F27: 1 | G27: 0.3765 | K27: 0 | L27: 1.2317964 | M27: 0.70760077 | N27: 0 | O27: 0 | P27: 0 | Q27: 0 | R27: =SUM(M27:Q27) -> 0.70760077 | S27: =IFERROR(M27/L27*10,0) -> 5.7444621 | T27: =IFERROR(O27/L27*10,0) -> 0 | U27: =IFERROR(P27/L27*10,0) -> 0 | V27: =IFERROR(Q27/L27*10,0) -> 0 | W27: =IFERROR(N27/L27*10,0) -> 0 | X27: =IF(L27=0,0,R27/L27*10) -> 5.7444621
C28: Machkund AP Share | F28: 60 | G28: 0.3765 | K28: 0 | L28: 168.93428 | M28: 15.151662 | N28: 0 | O28: 0 | P28: 0 | Q28: 0 | R28: =SUM(M28:Q28) -> 15.151662 | S28: =IFERROR(M28/L28*10,0) -> 0.89689682 | T28: =IFERROR(O28/L28*10,0) -> 0 | U28: =IFERROR(P28/L28*10,0) -> 0 | V28: =IFERROR(Q28/L28*10,0) -> 0 | W28: =IFERROR(N28/L28*10,0) -> 0 | X28: =IF(L28=0,0,R28/L28*10) -> 0.89689682
C29: TB Dam AP Share | F29: 57.6 | G29: 0.3765 | K29: 0 | L29: 30.129212 | M29: 10.389711 | N29: 0 | O29: 0 | P29: 0 | Q29: 0 | R29: =SUM(M29:Q29) -> 10.389711 | S29: =IFERROR(M29/L29*10,0) -> 3.4483846 | T29: =IFERROR(O29/L29*10,0) -> 0 | U29: =IFERROR(P29/L29*10,0) -> 0 | V29: =IFERROR(Q29/L29*10,0) -> 0 | W29: =IFERROR(N29/L29*10,0) -> 0 | X29: =IF(L29=0,0,R29/L29*10) -> 3.4483846
C30: GENCO HYDEL(INCLUDING INTERSTATE)TOTAL | F30: =SUM(F20:F29) -> 1773.6 | K30: =SUM(K20:K29) -> 0 | L30: =SUM(L20:L29) -> 733.25983 | M30: =SUM(M20:M29) -> 242.01072 | N30: =SUM(N20:N29) -> 0 | O30: =SUM(O20:O29) -> 0 | P30: =SUM(P20:P29) -> 0 | Q30: =SUM(Q20:Q29) -> 0 | R30: =SUM(R20:R29) -> 242.01072 | S30: =IFERROR(M30/L30*10,0) -> 3.300477 | T30: =IFERROR(O30/L30*10,0) -> 0 | U30: =IFERROR(P30/L30*10,0) -> 0 | V30: =IFERROR(Q30/L30*10,0) -> 0 | W30: =IFERROR(N30/L30*10,0) -> 0 | X30: =IF(L30=0,0,R30/L30*10) -> 3.300477
C31: NTPC(SR) Ramagundam I &II | F31: =F30+F19 -> 5983.6 | K31: 731.05523 | L31: 658.46344 | M31: 54.941614 | N31: 245.09719 | O31: 0 | P31: 0 | Q31: 18.07155 | R31: =SUM(M31:Q31) -> 318.11035 | S31: =IFERROR(M31/L31*10,0) -> 0.83439127 | T31: =IFERROR(O31/L31*10,0) -> 0 | U31: =IFERROR(P31/L31*10,0) -> 0 | V31: =IFERROR(Q31/L31*10,0) -> 0.27445031 | W31: =IFERROR(N31/L31*10,0) -> 3.7222596 | X31: =IF(L31=0,0,R31/L31*10) -> 4.8311012
C32: NTPC(SR) Simhadri Stage-I | F32: 1600 | G32: 0.3765 | K32: 1311.9702 | L32: 1129.119 | M32: 126.86598 | N32: 469.49966 | O32: 0 | P32: 0 | Q32: 11.959627 | R32: =SUM(M32:Q32) -> 608.32527 | S32: =IFERROR(M32/L32*10,0) -> 1.1235838 | T32: =IFERROR(O32/L32*10,0) -> 0 | U32: =IFERROR(P32/L32*10,0) -> 0 | V32: =IFERROR(Q32/L32*10,0) -> 0.10591999 | W32: =IFERROR(N32/L32*10,0) -> 4.1581063 | X32: =IF(L32=0,0,R32/L32*10) -> 5.3876101
C33: NTPC(SR) Simhadri Stage-II | F33: 800 | G33: 0.3765 | K33: 595.76121 | L33: 475.32959 | M33: 80.326876 | N33: 192.76862 | O33: 0 | P33: 0 | Q33: 12.830357 | R33: =SUM(M33:Q33) -> 285.92586 | S33: =IFERROR(M33/L33*10,0) -> 1.6899195 | T33: =IFERROR(O33/L33*10,0) -> 0 | U33: =IFERROR(P33/L33*10,0) -> 0 | V33: =IFERROR(Q33/L33*10,0) -> 0.26992549 | W33: =IFERROR(N33/L33*10,0) -> 4.0554728 | X33: =IF(L33=0,0,R33/L33*10) -> 6.0153178
C34: NTPC(SR) Talcher Stage-II | F34: 216.824 | G34: 0.3765 | K34: 501.3912 | L34: 479.8803 | M34: 38.993543 | N34: 84.861597 | O34: 0 | P34: 0 | Q34: 6.7780175 | R34: =SUM(M34:Q34) -> 130.63316 | S34: =IFERROR(M34/L34*10,0) -> 0.81256811 | T34: =IFERROR(O34/L34*10,0) -> 0 | U34: =IFERROR(P34/L34*10,0) -> 0 | V34: =IFERROR(Q34/L34*10,0) -> 0.14124392 | W34: =IFERROR(N34/L34*10,0) -> 1.7683909 | X34: =IF(L34=0,0,R34/L34*10) -> 2.722203
C35: NTPC(SR) Ramagundam III | F35: =SUM(F32:F34) -> 2616.824 | G35: 0.3765 | K35: 214.28638 | L35: 191.82674 | M35: 15.648616 | N35: 70.580796 | O35: 0 | P35: 0 | Q35: 0.94001751 | R35: =SUM(M35:Q35) -> 87.169429 | S35: =IFERROR(M35/L35*10,0) -> 0.81576821 | T35: =IFERROR(O35/L35*10,0) -> 0 | U35: =IFERROR(P35/L35*10,0) -> 0 | V35: =IFERROR(Q35/L35*10,0) -> 0.049003466 | W35: =IFERROR(N35/L35*10,0) -> 3.6794034 | X35: =IF(L35=0,0,R35/L35*10) -> 4.5441751
C36: NTPC Kudgi Stage-I | F36: 2100 | G36: 0.3765 | K36: 573.28108 | L36: 359.43868 | M36: 91.034682 | N36: 184.35033 | O36: 0 | P36: 0 | Q36: 1.3155927 | R36: =SUM(M36:Q36) -> 276.70061 | S36: =IFERROR(M36/L36*10,0) -> 2.5326902 | T36: =IFERROR(O36/L36*10,0) -> 0 | U36: =IFERROR(P36/L36*10,0) -> 0 | V36: =IFERROR(Q36/L36*10,0) -> 0.03660131 | W36: =IFERROR(N36/L36*10,0) -> 5.1288395 | X36: =IF(L36=0,0,R36/L36*10) -> 7.698131
C37: NTPC-TELANGANA-STPS STAGE-1 | F37: 1000 | G37: 0.3765 | K37: 8.1409689 | L37: 7.4203473 | M37: 1.3915052 | N37: 2.7851566 | O37: 0 | P37: 0 | Q37: -0.011279591 | R37: =SUM(M37:Q37) -> 4.1653822 | S37: =IFERROR(M37/L37*10,0) -> 1.8752561 | T37: =IFERROR(O37/L37*10,0) -> 0 | U37: =IFERROR(P37/L37*10,0) -> 0 | V37: =IFERROR(Q37/L37*10,0) -> -0.015200894 | W37: =IFERROR(N37/L37*10,0) -> 3.7534046 | X37: =IF(L37=0,0,R37/L37*10) -> 5.6134599
C38: NTECL Valluru | F38: 1000 | G38: 0.3765 | K38: 183.38805 | L38: 147.78369 | M38: 28.205934 | N38: 57.071734 | O38: 0 | P38: 0 | Q38: 0.071778778 | R38: =SUM(M38:Q38) -> 85.349447 | S38: =IFERROR(M38/L38*10,0) -> 1.9085959 | T38: =IFERROR(O38/L38*10,0) -> 0 | U38: =IFERROR(P38/L38*10,0) -> 0 | V38: =IFERROR(Q38/L38*10,0) -> 0.0048570161 | W38: =IFERROR(N38/L38*10,0) -> 3.8618425 | X38: =IF(L38=0,0,R38/L38*10) -> 5.7752954
C39: NLC Stage-I | F39: 2000 | G39: 0.3765 | K39: 62.757437 | L39: 67.570504 | M39: 5.775265 | N39: 21.68232 | O39: 0 | P39: 0 | Q39: 19.717866 | R39: =SUM(M39:Q39) -> 47.175451 | S39: =IFERROR(M39/L39*10,0) -> 0.85470207 | T39: =IFERROR(O39/L39*10,0) -> 0 | U39: =IFERROR(P39/L39*10,0) -> 0 | V39: =IFERROR(Q39/L39*10,0) -> 2.9181174 | W39: =IFERROR(N39/L39*10,0) -> 3.2088439 | X39: =IF(L39=0,0,R39/L39*10) -> 6.9816634
C40: NLC Stage-II | F40: 500 | G40: 0.3765 | K40: 94.220957 | L40: 99.217487 | M40: 8.7316406 | N40: 31.84454 | O40: 0 | P40: 0 | Q40: 7.5921338 | R40: =SUM(M40:Q40) -> 48.168315 | S40: =IFERROR(M40/L40*10,0) -> 0.88005058 | T40: =IFERROR(O40/L40*10,0) -> 0 | U40: =IFERROR(P40/L40*10,0) -> 0 | V40: =IFERROR(Q40/L40*10,0) -> 0.76520118 | W40: =IFERROR(N40/L40*10,0) -> 3.2095693 | X40: =IF(L40=0,0,R40/L40*10) -> 4.8548211
C41: NPC(MAPS) | F41: 2400 | G41: 0.3765 | K41: 0 | L41: 16.388863 | M41: 0 | N41: 4.6453963 | O41: 0 | P41: 0 | Q41: 0.01787735 | R41: =SUM(M41:Q41) -> 4.6632737 | S41: =IFERROR(M41/L41*10,0) -> 0 | T41: =IFERROR(O41/L41*10,0) -> 0 | U41: =IFERROR(P41/L41*10,0) -> 0 | V41: =IFERROR(Q41/L41*10,0) -> 0.01090823 | W41: =IFERROR(N41/L41*10,0) -> 2.8344835 | X41: =IF(L41=0,0,R41/L41*10) -> 2.8453918
C42: NPC(KAIGA unit I,II,III,IV) | F42: 1500 | G42: 0.3765 | K42: 0 | L42: 308.46492 | M42: 0 | N42: 116.34108 | O42: 0 | P42: 0 | Q42: -0.013909973 | R42: =SUM(M42:Q42) -> 116.32717 | S42: =IFERROR(M42/L42*10,0) -> 0 | T42: =IFERROR(O42/L42*10,0) -> 0 | U42: =IFERROR(P42/L42*10,0) -> 0 | V42: =IFERROR(Q42/L42*10,0) -> -0.00045094183 | W42: =IFERROR(N42/L42*10,0) -> 3.7716148 | X42: =IF(L42=0,0,R42/L42*10) -> 3.7711639
C43: NTPL(NLC TamilNadu) | F43: 630 | G43: 0.3765 | K43: 262.91494 | L43: 243.16988 | M43: 40.648242 | N43: 85.824632 | O43: 0 | P43: 0 | Q43: -0.23220976 | R43: =SUM(M43:Q43) -> 126.24066 | S43: =IFERROR(M43/L43*10,0) -> 1.6715986 | T43: =IFERROR(O43/L43*10,0) -> 0 | U43: =IFERROR(P43/L43*10,0) -> 0 | V43: =IFERROR(Q43/L43*10,0) -> -0.0095492813 | W43: =IFERROR(N43/L43*10,0) -> 3.5294104 | X43: =IF(L43=0,0,R43/L43*10) -> 5.1914597
C44: NLC NNTPS | F44: 840 | G44: 0.3765 | K44: 131.24762 | L44: 138.02222 | M44: 24.773342 | N44: 35.733446 | O44: 0 | P44: 0 | Q44: 8.1804436 | R44: =SUM(M44:Q44) -> 68.687232 | S44: =IFERROR(M44/L44*10,0) -> 1.7948807 | T44: =IFERROR(O44/L44*10,0) -> 0 | U44: =IFERROR(P44/L44*10,0) -> 0 | V44: =IFERROR(Q44/L44*10,0) -> 0.59269033 | W44: =IFERROR(N44/L44*10,0) -> 2.5889633 | X44: =IF(L44=0,0,R44/L44*10) -> 4.9765343
C45: KKNPP Unit-I | F45: 440 | G45: 0.3765 | K45: 0 | L45: 4.2024771 | M45: 0 | N45: 1.8059011 | O45: 0 | P45: 0 | Q45: -0.0082955522 | R45: =SUM(M45:Q45) -> 1.7976056 | S45: =IFERROR(M45/L45*10,0) -> 0 | T45: =IFERROR(O45/L45*10,0) -> 0 | U45: =IFERROR(P45/L45*10,0) -> 0 | V45: =IFERROR(Q45/L45*10,0) -> -0.019739673 | W45: =IFERROR(N45/L45*10,0) -> 4.2972301 | X45: =IF(L45=0,0,R45/L45*10) -> 4.2774904
C46: NLC TPS- I Expn. | F46: 880 | G46: 0.3765 | K46: 5.6993339 | L46: 5.7237392 | M46: 0.52832775 | N46: 1.6310705 | O46: 0 | P46: 0 | Q46: 0.013584966 | R46: =SUM(M46:Q46) -> 2.1729832 | S46: =IFERROR(M46/L46*10,0) -> 0.92304651 | T46: =IFERROR(O46/L46*10,0) -> 0 | U46: =IFERROR(P46/L46*10,0) -> 0 | V46: =IFERROR(Q46/L46*10,0) -> 0.023734426 | W46: =IFERROR(N46/L46*10,0) -> 2.849659 | X46: =IF(L46=0,0,R46/L46*10) -> 3.79644
C47: NLC TPS- II Expn. | F47: 1000 | G47: 0.3765 | K47: 3.8446592 | L47: 3.7507217 | M47: 0.80555919 | N47: 1.1395181 | O47: 0 | P47: 0 | Q47: -0.0066992745 | R47: =SUM(M47:Q47) -> 1.938378 | S47: =IFERROR(M47/L47*10,0) -> 2.1477445 | T47: =IFERROR(O47/L47*10,0) -> 0 | U47: =IFERROR(P47/L47*10,0) -> 0 | V47: =IFERROR(Q47/L47*10,0) -> -0.017861295 | W47: =IFERROR(N47/L47*10,0) -> 3.0381302 | X47: =IF(L47=0,0,R47/L47*10) -> 5.1680134
... C50: SCED | F50: 420 | G50: 0.3765 | K50: 0 | L50: 0 | M50: 0 | N50: -5.6842427 | O50: 0 | P50: 0 | Q50: 0 | R50: =SUM(M50:Q50) -> -5.6842427 | S50: =IFERROR(M50/L50*10,0) -> 0 | T50: =IFERROR(O50/L50*10,0) -> 0 | U50: =IFERROR(P50/L50*10,0) -> 0 | V50: =IFERROR(Q50/L50*10,0) -> 0 | W50: =IFERROR(N50/L50*10,0) -> 0 | X50: =IF(L50=0,0,R50/L50*10) -> 0
C51: CGS TOTAL | F51: 500 | G51: 0.3765 | K51: =SUM(K31:K50) -> 5366.7161 | L51: =SUM(L31:L50) -> 4419.7685 | M51: =SUM(M31:M50) -> 540.74582 | N51: =SUM(N31:N50) -> 1639.7668 | O51: =SUM(O31:O50) -> 0 | P51: =SUM(P31:P50) -> 0 | Q51: =SUM(Q31:Q50) -> 91.48144 | R51: =SUM(R31:R50) -> 2271.9941 | S51: =IFERROR(M51/L51*10,0) -> 1.2234709 | T51: =IFERROR(O51/L51*10,0) -> 0 | U51: =IFERROR(P51/L51*10,0) -> 0 | V51: =IFERROR(Q51/L51*10,0) -> 0.20698242 | W51: =IFERROR(N51/L51*10,0) -> 3.7100739 | X51: =IF(L51=0,0,R51/L51*10) -> 5.1405273
C52: NCE- Others | F52: 800 | G52: 0.3765 | K52: 98.690408 | L52: 98.690408 | M52: 2.1792122 | N52: 57.830394 | O52: 0 | P52: 0 | Q52: 0.52703215 | R52: =SUM(M52:Q52) -> 60.536638 | S52: =IFERROR(M52/L52*10,0) -> 0.22081297 | T52: =IFERROR(O52/L52*10,0) -> 0 | U52: =IFERROR(P52/L52*10,0) -> 0 | V52: =IFERROR(Q52/L52*10,0) -> 0.053402571 | W52: =IFERROR(N52/L52*10,0) -> 5.8597785 | X52: =IF(L52=0,0,R52/L52*10) -> 6.1339941
C53: NCE Solar | F53: *39 MW clubbed into above capacities | G53: 0.3765 | K53: 1766.3876 | L53: 1766.3876 | M53: 0 | N53: 767.50963 | O53: 0 | P53: 0 | Q53: 15.731221 | R53: =SUM(M53:Q53) -> 783.24085 | S53: =IFERROR(M53/L53*10,0) -> 0 | T53: =IFERROR(O53/L53*10,0) -> 0 | U53: =IFERROR(P53/L53*10,0) -> 0 | V53: =IFERROR(Q53/L53*10,0) -> 0.089058718 | W53: =IFERROR(N53/L53*10,0) -> 4.3450805 | X53: =IF(L53=0,0,R53/L53*10) -> 4.4341392
C54: NCE WIND | F54: 0 | G54: 0.3765 | K54: 3025.3139 | L54: 3025.3139 | M54: 0 | N54: 1308.1543 | O54: 0 | P54: 0 | Q54: -0.22170064 | R54: =SUM(M54:Q54) -> 1307.9326 | S54: =IFERROR(M54/L54*10,0) -> 0 | T54: =IFERROR(O54/L54*10,0) -> 0 | U54: =IFERROR(P54/L54*10,0) -> 0 | V54: =IFERROR(Q54/L54*10,0) -> -0.00073281862 | W54: =IFERROR(N54/L54*10,0) -> 4.3240282 | X54: =IF(L54=0,0,R54/L54*10) -> 4.3232954
C55: JNNSM PH 1 SOLAR | K55: 12.834054 | L55: 12.834054 | M55: 0 | N55: 16.2246 | O55: 0 | P55: 0 | Q55: -0.00018575622 | R55: =SUM(M55:Q55) -> 16.224414 | S55: =IFERROR(M55/L55*10,0) -> 0 | T55: =IFERROR(O55/L55*10,0) -> 0 | U55: =IFERROR(P55/L55*10,0) -> 0 | V55: =IFERROR(Q55/L55*10,0) -> -0.00014473698 | W55: =IFERROR(N55/L55*10,0) -> 12.641836 | X55: =IF(L55=0,0,R55/L55*10) -> 12.641691
C56: JNNSM PH 2 SOLAR | F56: 1320 | G56: 0.3765 | K56: 953.17848 | L56: 953.17848 | M56: 0 | N56: 461.21262 | O56: 0 | P56: 0 | Q56: 0.81139035 | R56: =SUM(M56:Q56) -> 462.02401 | S56: =IFERROR(M56/L56*10,0) -> 0 | T56: =IFERROR(O56/L56*10,0) -> 0 | U56: =IFERROR(P56/L56*10,0) -> 0 | V56: =IFERROR(Q56/L56*10,0) -> 0.0085124703 | W56: =IFERROR(N56/L56*10,0) -> 4.8386806 | X56: =IF(L56=0,0,R56/L56*10) -> 4.8471931
C57: NCE TOTAL | F57: 500 | G57: 0.3765 | K57: =SUM(K52:K56) -> 5856.4045 | L57: =SUM(L52:L56) -> 5856.4045 | M57: =SUM(M52:M56) -> 2.1792122 | N57: =SUM(N52:N56) -> 2610.9315 | O57: =SUM(O52:O56) -> 0 | P57: =SUM(P52:P56) -> 0 | Q57: =SUM(Q52:Q56) -> 16.847757 | R57: =SUM(R52:R56) -> 2629.9585 | S57: =IFERROR(M57/L57*10,0) -> 0.0037210753 | T57: =IFERROR(O57/L57*10,0) -> 0 | U57: =IFERROR(P57/L57*10,0) -> 0 | V57: =IFERROR(Q57/L57*10,0) -> 0.028768091 | W57: =IFERROR(N57/L57*10,0) -> 4.45825 | X57: =IF(L57=0,0,R57/L57*10) -> 4.4907391
C58: APPDCL Stage-I | F58: 125 | G58: 0.3765 | K58: 2314.6254 | L58: 2287.761 | M58: 272.28728 | N58: 839.22942 | O58: 0 | P58: 0 | Q58: -31.195177 | R58: =SUM(M58:Q58) -> 1080.3215 | S58: =IFERROR(M58/L58*10,0) -> 1.1901911 | T58: =IFERROR(O58/L58*10,0) -> 0 | U58: =IFERROR(P58/L58*10,0) -> 0 | V58: =IFERROR(Q58/L58*10,0) -> -0.1363568 | W58: =IFERROR(N58/L58*10,0) -> 3.668344 | X58: =IF(L58=0,0,R58/L58*10) -> 4.7221783
C59: APPDCL Stage-II | F59: 1040 | G59: 0.3765 | K59: 1169.8882 | L59: 1150.1436 | M59: 172.58218 | N59: 361.14509 | O59: 0 | P59: 0 | Q59: 0 | R59: =SUM(M59:Q59) -> 533.72727 | S59: =IFERROR(M59/L59*10,0) -> 1.5005272 | T59: =IFERROR(O59/L59*10,0) -> 0 | U59: =IFERROR(P59/L59*10,0) -> 0 | V59: =IFERROR(Q59/L59*10,0) -> 0 | W59: =IFERROR(N59/L59*10,0) -> 3.14 | X59: =IF(L59=0,0,R59/L59*10) -> 4.6405272
C60: Godavari Gas Power Plant | F60: =SUM(F56:F59) -> 2985 | K60: 0 | L60: 0.12977011 | M60: 5.273173 | N60: 1.2000416 | O60: 0 | P60: 0 | Q60: 0 | R60: =SUM(M60:Q60) -> 6.4732146 | S60: =IFERROR(M60/L60*10,0) -> 406.34728 | T60: =IFERROR(O60/L60*10,0) -> 0 | U60: =IFERROR(P60/L60*10,0) -> 0 | V60: =IFERROR(Q60/L60*10,0) -> 0 | W60: =IFERROR(N60/L60*10,0) -> 92.474425 | X60: =IF(L60=0,0,R60/L60*10) -> 498.8217
C61: TS NPDCL (TSPCC) | F61: 155.06 | G61: 0.3765 | K61: 0 | L61: 8.7435433 | M61: 0 | N61: 6.6188623 | O61: 0 | P61: 0 | Q61: 0 | R61: =SUM(M61:Q61) -> 6.6188623 | S61: =IFERROR(M61/L61*10,0) -> 0 | T61: =IFERROR(O61/L61*10,0) -> 0 | U61: =IFERROR(P61/L61*10,0) -> 0 | V61: =IFERROR(Q61/L61*10,0) -> 0 | W61: =IFERROR(N61/L61*10,0) -> 7.57 | X61: =IF(L61=0,0,R61/L61*10) -> 7.57
C62: JOINT SECTOR TOTAL | F62: 2466.426 | G62: 0.3765 | K62: =SUM(K58:K61) -> 3484.5136 | L62: =SUM(L58:L61) -> 3446.7779 | M62: =SUM(M58:M61) -> 450.14263 | N62: =SUM(N58:N61) -> 1208.1934 | O62: =SUM(O58:O61) -> 0 | P62: =SUM(P58:P61) -> 0 | Q62: =SUM(Q58:Q61) -> -31.195177 | R62: =SUM(R58:R61) -> 1627.1409 | S62: =IFERROR(M62/L62*10,0) -> 1.305981 | T62: =IFERROR(O62/L62*10,0) -> 0 | U62: =IFERROR(P62/L62*10,0) -> 0 | V62: =IFERROR(Q62/L62*10,0) -> -0.09050533 | W62: =IFERROR(N62/L62*10,0) -> 3.5052837 | X62: =IF(L62=0,0,R62/L62*10) -> 4.7207593
C63: SEIL P1 (Formerly Thermal Powertech) | F63: 3636.45 | G63: 0.3765 | K63: 0 | L63: 666.76939 | M63: 101.17054 | N63: 189.13892 | O63: 0 | P63: 0 | Q63: 2.7978068 | R63: =SUM(M63:Q63) -> 293.10727 | S63: =IFERROR(M63/L63*10,0) -> 1.5173244 | T63: =IFERROR(O63/L63*10,0) -> 0 | U63: =IFERROR(P63/L63*10,0) -> 0 | V63: =IFERROR(Q63/L63*10,0) -> 0.041960636 | W63: =IFERROR(N63/L63*10,0) -> 2.8366467 | X63: =IF(L63=0,0,R63/L63*10) -> 4.3959317
C64: SEIL P 2 (500MW) Firm | F64: 39.2 | G64: 0.3765 | K64: 1134.0365 | L64: 1401.6321 | M64: 216.4673 | N64: 409.39473 | O64: 0 | P64: 0 | Q64: 3.4242071 | R64: =SUM(M64:Q64) -> 629.28624 | S64: =IFERROR(M64/L64*10,0) -> 1.5443946 | T64: =IFERROR(O64/L64*10,0) -> 0 | U64: =IFERROR(P64/L64*10,0) -> 0 | V64: =IFERROR(Q64/L64*10,0) -> 0.024430142 | W64: =IFERROR(N64/L64*10,0) -> 2.920843 | X64: =IF(L64=0,0,R64/L64*10) -> 4.4896677
C65: HNPCL | F65: 1250 | G65: 0.3765 | K65: 2057.1181 | L65: 1935.9382 | M65: 292.90375 | N65: 546.82825 | O65: 0 | P65: 0 | Q65: 287.14804 | R65: =SUM(M65:Q65) -> 1126.88 | S65: =IFERROR(M65/L65*10,0) -> 1.5129808 | T65: =IFERROR(O65/L65*10,0) -> 0 | U65: =IFERROR(P65/L65*10,0) -> 0 | V65: =IFERROR(Q65/L65*10,0) -> 1.48325 | W65: =IFERROR(N65/L65*10,0) -> 2.8246162 | X65: =IF(L65=0,0,R65/L65*10) -> 5.8208471
C66: IPPs TOTAL | F66: =SUM(F61:F65) -> 7547.136 | K66: =SUM(K63:K65) -> 3191.1546 | L66: =SUM(L63:L65) -> 4004.3397 | M66: =SUM(M63:M65) -> 610.54159 | N66: =SUM(N63:N65) -> 1145.3619 | O66: =SUM(O63:O65) -> 0 | P66: =SUM(P63:P65) -> 0 | Q66: =SUM(Q63:Q65) -> 293.37005 | R66: =SUM(R63:R65) -> 2049.2735 | S66: =IFERROR(M66/L66*10,0) -> 1.5246998 | T66: =IFERROR(O66/L66*10,0) -> 0 | U66: =IFERROR(P66/L66*10,0) -> 0 | V66: =IFERROR(Q66/L66*10,0) -> 0.73263028 | W66: =IFERROR(N66/L66*10,0) -> 2.8603015 | X66: =IF(L66=0,0,R66/L66*10) -> 5.1176316
C67: UI CHARGES | F67: 0 | G67: 0.3765 | K67: 0 | L67: -44.395839 | M67: 0 | N67: 72.590317 | O67: 0 | P67: 0 | Q67: 0 | R67: =SUM(M67:Q67) -> 72.590317 | S67: =IFERROR(M67/L67*10,0) -> 0 | T67: =IFERROR(O67/L67*10,0) -> 0 | U67: =IFERROR(P67/L67*10,0) -> 0 | V67: =IFERROR(Q67/L67*10,0) -> 0 | W67: =IFERROR(N67/L67*10,0) -> -16.350703 | X67: =IF(L67=0,0,R67/L67*10) -> -16.350703
C68: Short term purchases | F68: 0 | G68: 0.3765 | K68: 0 | L68: 4392.0066 | M68: 1.6789272e-20 | N68: 3330.1133 | O68: 0 | P68: 0 | Q68: 13.37172 | R68: =SUM(M68:Q68) -> 3343.485 | S68: =IFERROR(M68/L68*10,0) -> 3.8226883e-23 | T68: =IFERROR(O68/L68*10,0) -> 0 | U68: =IFERROR(P68/L68*10,0) -> 0 | V68: =IFERROR(Q68/L68*10,0) -> 0.030445582 | W68: =IFERROR(N68/L68*10,0) -> 7.5822138 | X68: =IF(L68=0,0,R68/L68*10) -> 7.6126593
C69: Short term Sales | K69: 0 | L69: -309.17168 | M69: 0 | N69: -174.20896 | O69: 0 | P69: 0 | Q69: 0 | R69: =SUM(M69:Q69) -> -174.20896 | S69: =IFERROR(M69/L69*10,0) -> 0 | T69: =IFERROR(O69/L69*10,0) -> 0 | U69: =IFERROR(P69/L69*10,0) -> 0 | V69: =IFERROR(Q69/L69*10,0) -> 0 | W69: =IFERROR(N69/L69*10,0) -> 5.6346999 | X69: =IF(L69=0,0,R69/L69*10) -> 5.6346999
C70: Swapping power to be returned | K70: 0 | L70: -234.41584 | M70: 0 | N70: -127.25129 | O70: 0 | P70: 0 | Q70: 0 | R70: =SUM(M70:Q70) -> -127.25129 | S70: =IFERROR(M70/L70*10,0) -> 0 | T70: =IFERROR(O70/L70*10,0) -> 0 | U70: =IFERROR(P70/L70*10,0) -> 0 | V70: =IFERROR(Q70/L70*10,0) -> 0 | W70: =IFERROR(N70/L70*10,0) -> 5.4284425 | X70: =IF(L70=0,0,R70/L70*10) -> 5.4284425
C71: TOTAL OTHERS | F71: =F67+F68+F69+F70 -> 0 | G71: =G67+G68+G69+G70 -> 0.753 | K71: =K67+K68+K69+K70 -> 0 | L71: =L67+L68+L69+L70 -> 3804.0232 | M71: =M67+M68+M69+M70 -> 1.6789272e-20 | N71: =N67+N68+N69+N70 -> 3101.2433 | O71: =O67+O68+O69+O70 -> 0 | P71: =P67+P68+P69+P70 -> 0 | Q71: =Q67+Q68+Q69+Q70 -> 13.37172 | R71: =R67+R68+R69+R70 -> 3114.615 | S71: =IFERROR(M71/L71*10,0) -> 4.4135567e-23 | T71: =IFERROR(O71/L71*10,0) -> 0 | U71: =IFERROR(P71/L71*10,0) -> 0 | V71: =IFERROR(Q71/L71*10,0) -> 0.03515152 | W71: =IFERROR(N71/L71*10,0) -> 8.1525352 | X71: =IF(L71=0,0,R71/L71*10) -> 8.1876867
C72: TOTAL COST | F72: =F19+F30+F51+F57+F62+F66+F71 -> 16997.162 | G72: =G19+G30+G51+G57+G62+G66+G71 -> 1.8825 | K72: =K19+K30+K51+K57+K62+K66+K71 -> 26086.016 | L72: =L19+L30+L51+L57+L62+L66+L71 -> 30058.882 | M72: =M19+M30+M51+M57+M62+M66+M71 -> 2732.6995 | N72: =N19+N30+N51+N57+N62+N66+N71 -> 13027.361 | O72: =O19+O30+O51+O57+O62+O66+O71 -> 0 | P72: =P19+P30+P51+P57+P62+P66+P71 -> 0 | Q72: =Q19+Q30+Q51+Q57+Q62+Q66+Q71 -> 383.35999 | R72: =R19+R30+R51+R57+R62+R66+R71 -> 16143.42 | S72: =IFERROR(M72/L72*10,0) -> 0.90911549 | T72: =IFERROR(O72/L72*10,0) -> 0 | U72: =IFERROR(P72/L72*10,0) -> 0 | V72: =IFERROR(Q72/L72*10,0) -> 0.12753634 | W72: =IFERROR(N72/L72*10,0) -> 4.3339471 | X72: =IF(L72=0,0,R72/L72*10) -> 5.3705989
C73: Past claims/refunds, if any, pertaining to previous years and other Adjustments | K73: 0 | L73: -20.614062 | M73: 2.8658044 | N73: -3.7351489 | O73: 0 | P73: 0 | Q73: 1002.9419 | R73: =SUM(M73:Q73) -> 1002.0725 | S73: =IFERROR(M73/L73*10,0) -> -1.3902182 | T73: =IFERROR(O73/L73*10,0) -> 0 | U73: =IFERROR(P73/L73*10,0) -> 0 | V73: =IFERROR(Q73/L73*10,0) -> -486.53287 | W73: =IFERROR(N73/L73*10,0) -> 1.8119423 | X73: =IF(L73=0,0,R73/L73*10) -> -486.11115
C74: Grand Total | F74: =SUM(F72:F73) -> 16997.162 | G74: =SUM(G72:G73) -> 1.8825 | K74: =SUM(K72:K73) -> 26086.016 | L74: =SUM(L72:L73) -> 30038.268 | M74: =SUM(M72:M73) -> 2735.5653 | N74: =SUM(N72:N73) -> 13023.625 | O74: =SUM(O72:O73) -> 0 | P74: =SUM(P72:P73) -> 0 | Q74: =SUM(Q72:Q73) -> 1386.3019 | R74: =SUM(R72:R73) -> 17145.493 | S74: =IFERROR(M74/L74*10,0) -> 0.91069343 | T74: =IFERROR(O74/L74*10,0) -> 0 | U74: =IFERROR(P74/L74*10,0) -> 0 | V74: =IFERROR(Q74/L74*10,0) -> 0.46151191 | W74: =IFERROR(N74/L74*10,0) -> 4.3356779 | X74: =IF(L74=0,0,R74/L74*10) -> 5.7078832
C77: Form 1.4 (FY 2024-25) | D77: Power Purchase and Procurement Cost (For Regulated Business#)
C78: Generating Station | F78: Plant Capacity | G78: DISCOM's share | H78: DISCOM's share | I78: Aux. Consumption | J78: Availability and Dispatch (MU) | M78: Cost (Rs. Crs.) | S78: Unit Cost (Rs. / kWh) | Y78: Remarks
F79: (MW) | G79: (%) | H79: (MW) | I79: (%) | J79: Gross Availability(MU) | K79: Net availability(MU) | L79: Despatch (MU) | M79: Fixed | N79: Variable | O79: Incentive | P79: Income Tax | Q79: Others | R79: Total | S79: Fixed | T79: Variable | U79: Incentive | V79: Income Tax | W79: Others | X79: Total
C80: Apgenco-Thermal
C81: Dr. NTTPS | F81: 1260 | G81: 1 | H81: 1260 | I81: 0.09 | J81: 3092.6634 | K81: 2858.3986 | L81: 2650.4616 | M81: 264.02847 | N81: 1127.4977 | O81: 0 | P81: 0 | Q81: 0 | R81: =SUM(M81:Q81) -> 1391.5262 | S81: =M81*10/$L81 -> 0.99616033 | T81: =N81*10/$L81 -> 4.2539674 | U81: =O81*10/$L81 -> 0 | V81: =P81*10/$L81 -> 0 | W81: 0 | X81: =SUM(S81:W81) -> 5.2501277
C82: Dr. NTTPS-IV | F82: 500 | G82: 1 | H82: 500 | I82: 0.075 | J82: 1306.0839 | K82: 1231.0005 | L82: 1071.3549 | M82: 104.04998 | N82: 427.5975 | O82: 0 | P82: 0 | Q82: 0 | R82: =SUM(M82:Q82) -> 531.64748 | S82: =M82*10/$L82 -> 0.97119992 | T82: =N82*10/$L82 -> 3.9911843 | U82: =O82*10/$L82 -> 0 | V82: =P82*10/$L82 -> 0 | W82: 0 | X82: =SUM(S82:W82) -> 4.9623842
C83: Dr.NTTPS V | F83: 800 | G83: 1 | H83: 800 | I83: 0.0575 | J83: 1322.5044 | K83: 1270.382 | L83: 1228.733 | M83: 271.77503 | N83: 380.06577 | O83: 0 | P83: 0 | Q83: 0 | R83: =SUM(M83:Q83) -> 651.8408 | S83: =M83*10/$L83 -> 2.2118314 | T83: =N83*10/$L83 -> 3.0931517 | U83: =O83*10/$L83 -> 0 | V83: =P83*10/$L83 -> 0 | W83: 0 | X83: =SUM(S83:W83) -> 5.3049831
C84: RTPP Stage-I | F84: 420 | G84: 1 | H84: 420 | I84: 0.09 | J84: 954.33627 | K84: 882.94248 | L84: 768.46025 | M84: 87.53452 | N84: 354.53113 | O84: 0 | P84: 0 | Q84: 0 | R84: =SUM(M84:Q84) -> 442.06565 | S84: =M84*10/$L84 -> 1.1390898 | T84: =N84*10/$L84 -> 4.6135259 | U84: =O84*10/$L84 -> 0 | V84: =P84*10/$L84 -> 0 | W84: 0 | X84: =SUM(S84:W84) -> 5.7526156
C85: RTPP Stage-II | F85: 420 | G85: 1 | H85: 420 | I85: 0.09 | J85: 1226.3505 | K85: 1133.061 | L85: 892.08996 | M85: 98.798281 | N85: 411.04705 | O85: 0 | P85: 0 | Q85: 0 | R85: =SUM(M85:Q85) -> 509.84533 | S85: =M85*10/$L85 -> 1.1074923 | T85: =N85*10/$L85 -> 4.6076861 | U85: =O85*10/$L85 -> 0 | V85: =P85*10/$L85 -> 0 | W85: 0 | X85: =SUM(S85:W85) -> 5.7151785
C86: RTPP Stage-III | F86: 210 | G86: 1 | H86: 210 | I86: 0.09 | J86: 546.09055 | K86: 505.37069 | L86: 443.78859 | M86: 60.686232 | N86: 204.11419 | O86: 0 | P86: 0 | Q86: 0 | R86: =SUM(M86:Q86) -> 264.80042 | S86: =M86*10/$L86 -> 1.3674581 | T86: =N86*10/$L86 -> 4.5993563 | U86: =O86*10/$L86 -> 0 | V86: =P86*10/$L86 -> 0 | W86: 0 | X86: =SUM(S86:W86) -> 5.9668144
C87: RTPP Stage-IV | F87: 600 | G87: 1 | H87: 600 | I87: 0.0575 | J87: 1238.8404 | K87: 1183.1659 | L87: 1048.2115 | M87: 209.67625 | N87: 450.60568 | O87: 0 | P87: 0 | Q87: 0 | R87: =SUM(M87:Q87) -> 660.28193 | S87: =M87*10/$L87 -> 2.0003239 | T87: =N87*10/$L87 -> 4.298805 | U87: =O87*10/$L87 -> 0 | V87: =P87*10/$L87 -> 0 | W87: 0 | X87: =SUM(S87:W87) -> 6.2991289
C88: Genco-Thermal Total | F88: =SUM(F81:F87) -> 4210 | H88: =SUM(H81:H87) -> 4210 | J88: =SUM(J81:J87) -> 9686.8695 | K88: =SUM(K81:K87) -> 9064.3213 | L88: =SUM(L81:L87) -> 8103.0999 | M88: =SUM(M81:M87) -> 1096.5488 | N88: =SUM(N81:N87) -> 3355.459 | O88: =SUM(O81:O87) -> 0 | P88: =SUM(P81:P87) -> 0 | Q88: =SUM(Q81:Q87) -> 0 | R88: =SUM(R81:R87) -> 4452.0078 | S88: =M88*10/$L88 -> 1.353246 | T88: =N88*10/$L88 -> 4.1409573 | U88: =O88*10/$L88 -> 0 | V88: =P88*10/$L88 -> 0 | W88: =Q88*10/$L88 -> 0 | X88: =R88*10/$L88 -> 5.4942033
C89: Srisailam RCPH | F89: 770 | G89: 1 | H89: 770 | I89: 0.01 | J89: 1855.3503 | K89: 424.17568 | L89: 425.82148 | M89: 79.101152 | N89: 0 | O89: 0 | P89: 0 | Q89: 0 | R89: =SUM(M89:Q89) -> 79.101152 | S89: =M89*10/$L89 -> 1.857613 | T89: =N89*10/$L89 -> 0 | U89: =O89*10/$L89 -> 0 | V89: =P89*10/$L89 -> 0 | W89: 0 | X89: =SUM(S89:W89) -> 1.857613
C90: NSRCPH | F90: 90 | G90: 1 | H90: 90 | I90: 0.01 | J90: 169.95766 | K90: 79.59413 | L90: 77.85545 | M90: 9.2976241 | N90: 0 | O90: 0 | P90: 0 | Q90: 0 | R90: =SUM(M90:Q90) -> 9.2976241 | S90: =M90*10/$L90 -> 1.1942162 | T90: =N90*10/$L90 -> 0 | U90: =O90*10/$L90 -> 0 | V90: =P90*10/$L90 -> 0 | W90: 0 | X90: =SUM(S90:W90) -> 1.1942162
C91: NSTPDC PH | F91: 50 | G91: 1 | H91: 50 | I91: 0.01 | J91: 109.515 | K91: 33.601038 | L91: 33.3292 | M91: 19.12387 | N91: 0 | O91: 0 | P91: 0 | Q91: 0 | R91: =SUM(M91:Q91) -> 19.12387 | S91: =M91*10/$L91 -> 5.7378725 | T91: =N91*10/$L91 -> 0 | U91: =O91*10/$L91 -> 0 | V91: =P91*10/$L91 -> 0 | W91: 0 | X91: =SUM(S91:W91) -> 5.7378725
C92: Upper Sileru | F92: 240 | G92: 1 | H92: 240 | I92: 0.01 | J92: 729.18224 | K92: 224.04563 | L92: 220.52543 | M92: 31.194179 | N92: 0 | O92: 0 | P92: 0 | Q92: 0 | R92: =SUM(M92:Q92) -> 31.194179 | S92: =M92*10/$L92 -> 1.4145389 | T92: =N92*10/$L92 -> 0 | U92: =O92*10/$L92 -> 0 | V92: =P92*10/$L92 -> 0 | W92: 0 | X92: =SUM(S92:W92) -> 1.4145389
C93: Lower Sileru | F93: 460 | G93: 1 | H93: 460 | I93: 0.01 | J93: 1490.6829 | K93: 459.93458 | L93: 452.38651 | M93: 59.853901 | N93: 0 | O93: 0 | P93: 0 | Q93: 0 | R93: =SUM(M93:Q93) -> 59.853901 | S93: =M93*10/$L93 -> 1.32307 | T93: =N93*10/$L93 -> 0 | U93: =O93*10/$L93 -> 0 | V93: =P93*10/$L93 -> 0 | W93: 0 | X93: =SUM(S93:W93) -> 1.32307
C94: Donkarayi | F94: 25 | G94: 1 | H94: 25 | I94: 0.01 | J94: 79.631575 | K94: 53.09289 | L94: 52.139228 | M94: 3.2499307 | N94: 0 | O94: 0 | P94: 0 | Q94: 0 | R94: =SUM(M94:Q94) -> 3.2499307 | S94: =M94*10/$L94 -> 0.62331778 | T94: =N94*10/$L94 -> 0 | U94: =O94*10/$L94 -> 0 | V94: =P94*10/$L94 -> 0 | W94: 0 | X94: =SUM(S94:W94) -> 0.62331778
C95: PABM | F95: 20 | G95: 1 | H95: 20 | I95: 0.01 | J95: 0 | K95: -0.12300041 | L95: -0.12096302 | M95: 5.2053306 | N95: 0 | O95: 0 | P95: 0 | Q95: 0 | R95: =SUM(M95:Q95) -> 5.2053306 | S95: =M95*10/$L95 -> -430.32413 | T95: =N95*10/$L95 -> 0 | U95: =O95*10/$L95 -> 0 | V95: =P95*10/$L95 -> 0 | W95: 0 | X95: =SUM(S95:W95) -> -430.32413
C96: Minihydel(Chettipet) | F96: 1 | G96: 1 | H96: 1 | I96: 0.01 | J96: 3.3053088 | K96: 1.0635679 | L96: 1.0433607 | M96: 0.93311736 | N96: 0 | O96: 0 | P96: 0 | Q96: 0 | R96: =SUM(M96:Q96) -> 0.93311736 | S96: =M96*10/$L96 -> 8.9433827 | T96: =N96*10/$L96 -> 0 | U96: =O96*10/$L96 -> 0 | V96: =P96*10/$L96 -> 0 | W96: 0 | X96: =SUM(S96:W96) -> 8.9433827
C97: Machkund AP Share | F97: 60 | G97: 1 | H97: 60 | I97: 0.01 | J97: 0 | K97: 94.210919 | L97: 92.470092 | M97: 13.590567 | N97: 0 | O97: 0 | P97: 0 | Q97: 0 | R97: =SUM(M97:Q97) -> 13.590567 | S97: =M97*10/$L97 -> 1.4697257 | T97: =N97*10/$L97 -> 0 | U97: =O97*10/$L97 -> 0 | V97: =P97*10/$L97 -> 0 | W97: 0 | X97: =SUM(S97:W97) -> 1.4697257
C98: TB Dam AP Share | F98: 57.6 | G98: 1 | H98: 57.6 | I98: 0.01 | J98: 0 | K98: 66.984039 | L98: 65.82017 | M98: 8.8218573 | N98: 0 | O98: 0 | P98: 0 | Q98: 0 | R98: =SUM(M98:Q98) -> 8.8218573 | S98: =M98*10/$L98 -> 1.3402969 | T98: =N98*10/$L98 -> 0 | U98: =O98*10/$L98 -> 0 | V98: =P98*10/$L98 -> 0 | W98: 0 | X98: =SUM(S98:W98) -> 1.3402969
C99: Genco Hydel Total | F99: =SUM(F89:F98) -> 1773.6 | H99: =SUM(H89:H98) -> 1773.6 | J99: =SUM(J89:J98) -> 4437.625 | K99: =SUM(K89:K98) -> 1436.5795 | L99: =SUM(L89:L98) -> 1421.2699 | M99: =SUM(M89:M98) -> 230.37153 | N99: =SUM(N89:N98) -> 0 | O99: =SUM(O89:O98) -> 0 | P99: =SUM(P89:P98) -> 0 | Q99: =SUM(Q89:Q98) -> 0 | R99: =SUM(R89:R98) -> 230.37153 | S99: =M99*10/$L99 -> 1.6208851 | T99: =N99*10/$L99 -> 0 | U99: =O99*10/$L99 -> 0 | V99: =P99*10/$L99 -> 0 | W99: =Q99*10/$L99 -> 0 | X99: =R99*10/$L99 -> 1.6208851
C100: APGENCO-TOTAL | F100: =F99+F88 -> 5983.6 | H100: =H99+H88 -> 5983.6 | J100: =J99+J88 -> 14124.494 | K100: =K99+K88 -> 10500.901 | L100: =L99+L88 -> 9524.3698 | M100: =M99+M88 -> 1326.9203 | N100: =N99+N88 -> 3355.459 | O100: =O99+O88 -> 0 | P100: =P99+P88 -> 0 | Q100: =Q99+Q88 -> 0 | R100: =R99+R88 -> 4682.3793 | S100: =M100*10/$L100 -> 1.3931844 | T100: =N100*10/$L100 -> 3.5230247 | U100: =O100*10/$L100 -> 0 | V100: =P100*10/$L100 -> 0 | W100: =Q100*10/$L100 -> 0 | X100: =R100*10/$L100 -> 4.9162091
C101: NTPC(SR) Ramagundam I &II | F101: 2100 | G101: 0.1493 | H101: 287.52 | I101: 0.0704 | J101: 813.7638 | K101: 768.16324 | L101: 613.38607 | M101: 55.996123 | N101: 242.09774 | O101: 0 | P101: 0 | Q101: -1.2101363 | R101: =SUM(M101:Q101) -> 296.88373 | S101: =M101*10/$L101 -> 0.91290177 | T101: =N101*10/$L101 -> 3.9469064 | U101: =O101*10/$L101 -> 0 | V101: =P101*10/$L101 -> 0 | W101: 0 | X101: =SUM(S101:W101) -> 4.8598082
C102: NTPC(SR) Simhadri Stage-I | F102: 1000 | G102: 0.4611 | H102: 461.1 | I102: 0.0575 | J102: 1335.2236 | K102: 1273.6733 | L102: 1098.7648 | M102: 123.63239 | N102: 403.59314 | O102: 0 | P102: 0 | Q102: 51.765445 | R102: =SUM(M102:Q102) -> 578.99097 | S102: =M102*10/$L102 -> 1.1251943 | T102: =N102*10/$L102 -> 3.6731532 | U102: =O102*10/$L102 -> 0 | V102: =P102*10/$L102 -> 0 | W102: 0 | X102: =SUM(S102:W102) -> 4.7983475
C103: NTPC(SR) Simhadri Stage-II | F103: 1000 | G103: 0.21387 | H103: 216.43 | I103: 0.0575 | J103: 630.0425 | K103: 603.60216 | L103: 517.00293 | M103: 80.630213 | N103: 189.01138 | O103: 0 | P103: 0 | Q103: 7.6796258 | R103: =SUM(M103:Q103) -> 277.32122 | S103: =M103*10/$L103 -> 1.5595698 | T103: =N103*10/$L103 -> 3.6559054 | U103: =O103*10/$L103 -> 0 | V103: =P103*10/$L103 -> 0 | W103: 0 | X103: =SUM(S103:W103) -> 5.2154752
C104: NTPC(SR) Talcher Stage-II | F104: 2000 | G104: 0.0884 | H104: 180.51 | I104: 0.0625 | J104: 516.17885 | K104: 491.20288 | L104: 457.72432 | M104: 37.864578 | N104: 79.087482 | O104: 0 | P104: 0 | Q104: 2.3769568 | R104: =SUM(M104:Q104) -> 119.32902 | S104: =M104*10/$L104 -> 0.82723545 | T104: =N104*10/$L104 -> 1.727841 | U104: =O104*10/$L104 -> 0 | V104: =P104*10/$L104 -> 0 | W104: 0 | X104: =SUM(S104:W104) -> 2.5550764
C105: NTPC(SR) Ramagundam III | F105: 500 | G105: 0.14568 | H105: 72.19 | I105: 0.0625 | J105: 195.96882 | K105: 185.44282 | L105: 149.37105 | M105: 15.534065 | N105: 57.896242 | O105: 0 | P105: 0 | Q105: -0.40863988 | R105: =SUM(M105:Q105) -> 73.021667 | S105: =M105*10/$L105 -> 1.0399649 | T105: =N105*10/$L105 -> 3.8760016 | U105: =O105*10/$L105 -> 0 | V105: =P105*10/$L105 -> 0 | W105: 0 | X105: =SUM(S105:W105) -> 4.9159665
C106: NTPC Kudgi Stage-I | F106: 2400 | G106: 0.087851769 | H106: 224.39 | I106: 0.0625 | J106: 601.63113 | K106: 571.89504 | L106: 336.22522 | M106: 89.489728 | N106: 158.5178 | O106: 0 | P106: 0 | Q106: 1.9496497 | R106: =SUM(M106:Q106) -> 249.95717 | S106: =M106*10/$L106 -> 2.6616007 | T106: =N106*10/$L106 -> 4.7146314 | U106: =O106*10/$L106 -> 0 | V106: =P106*10/$L106 -> 0 | W106: 0 | X106: =SUM(S106:W106) -> 7.376232
C107: NTPC-TELANGANA-STPS STAGE-1 | F107: 1600 | G107: 0.010058 | H107: 3.9 | I107: 0.0625 | J107: 4.1013645 | K107: 230.40498 | L107: 4.5816335 | M107: 0.57309734 | N107: 1.6464074 | O107: 0 | P107: 0 | Q107: -1.0928668 | R107: =SUM(M107:Q107) -> 1.126638 | S107: =M107*10/$L107 -> 1.2508581 | T107: =N107*10/$L107 -> 3.5934944 | U107: =O107*10/$L107 -> 0 | V107: =P107*10/$L107 -> 0 | W107: 0 | X107: =SUM(S107:W107) -> 4.8443525
...

Sheet 1.4a|PP Cost-NonReg
A1: Index sheet
C3: Form 1.4a | D3: Power Purchase and Procurement Cost (For Non-regulated Business#)
C5: # Refer to Notes for the definition
C6: FY 2023-24
C7: Generating Station | D7: D Link | E7: Plant Type Must Run = 1 Others = 2 | F7: Plant Capacity | G7: DISCOM's share | H7: DISCOM's share | I7: Availability and Dispatch (MU) | K7: Cost (Rs. Crs.) | Q7: Unit Cost (Rs. / kWh) | W7: Remarks
F8: (MW) | G8: (%) | H8: (MW) | I8: Net Availability | J8: Dispatch | K8: Fixed | L8: Variable | M8: Incentive | N8: Income Tax | O8: Others | P8: Total | Q8: Fixed | R8: Incentives | S8: Income Tax | T8: Others | U8: Variable | V8: Total
C10: Apgenco-Thermal
C11: Dr. NTTPS | P11: =SUM(K11:O11) -> 0 | Q11: =IF(J11=0,0,K11/J11*10) -> 0 | R11: =IF(J11=0,0,M11/J11*10) -> 0 | S11: =IF(J11=0,0,N11/J11*10) -> 0 | T11: =IF(J11=0,0,O11/J11*10) -> 0 | U11: =IF(J11=0,0,L11/J11*10) -> 0 | V11: =IF(J11=0,0,P11/J11*10) -> 0
C12: Dr. NTTPS-IV | P12: =SUM(K12:O12) -> 0 | Q12: =IF(J12=0,0,K12/J12*10) -> 0 | R12: =IF(J12=0,0,M12/J12*10) -> 0 | S12: =IF(J12=0,0,N12/J12*10) -> 0 | T12: =IF(J12=0,0,O12/J12*10) -> 0 | U12: =IF(J12=0,0,L12/J12*10) -> 0 | V12: =IF(J12=0,0,P12/J12*10) -> 0
C13: RTPP Stage-I | P13: =SUM(K13:O13) -> 0 | Q13: =IF(J13=0,0,K13/J13*10) -> 0 | R13: =IF(J13=0,0,M13/J13*10) -> 0 | S13: =IF(J13=0,0,N13/J13*10) -> 0 | T13: =IF(J13=0,0,O13/J13*10) -> 0 | U13: =IF(J13=0,0,L13/J13*10) -> 0 | V13: =IF(J13=0,0,P13/J13*10) -> 0
C14: RTPP Stage-II | P14: =SUM(K14:O14) -> 0 | Q14: =IF(J14=0,0,K14/J14*10) -> 0 | R14: =IF(J14=0,0,M14/J14*10) -> 0 | S14: =IF(J14=0,0,N14/J14*10) -> 0 | T14: =IF(J14=0,0,O14/J14*10) -> 0 | U14: =IF(J14=0,0,L14/J14*10) -> 0 | V14: =IF(J14=0,0,P14/J14*10) -> 0
C15: RTPP Stage-III | P15: =SUM(K15:O15) -> 0 | Q15: =IF(J15=0,0,K15/J15*10) -> 0 | R15: =IF(J15=0,0,M15/J15*10) -> 0 | S15: =IF(J15=0,0,N15/J15*10) -> 0 | T15: =IF(J15=0,0,O15/J15*10) -> 0 | U15: =IF(J15=0,0,L15/J15*10) -> 0 | V15: =IF(J15=0,0,P15/J15*10) -> 0
C16: RTPP Stage-IV | P16: =SUM(K16:O16) -> 0 | Q16: =IF(J16=0,0,K16/J16*10) -> 0 | R16: =IF(J16=0,0,M16/J16*10) -> 0 | S16: =IF(J16=0,0,N16/J16*10) -> 0 | T16: =IF(J16=0,0,O16/J16*10) -> 0 | U16: =IF(J16=0,0,L16/J16*10) -> 0 | V16: =IF(J16=0,0,P16/J16*10) -> 0
C17: Genco-Thermal Total | P17: =SUM(K17:O17) -> 0 | Q17: =IF(J17=0,0,K17/J17*10) -> 0 | R17: =IF(J17=0,0,M17/J17*10) -> 0 | S17: =IF(J17=0,0,N17/J17*10) -> 0 | T17: =IF(J17=0,0,O17/J17*10) -> 0 | U17: =IF(J17=0,0,L17/J17*10) -> 0 | V17: =IF(J17=0,0,P17/J17*10) -> 0
C18: Srisailam RCPH | P18: =SUM(K18:O18) -> 0 | Q18: =IF(J18=0,0,K18/J18*10) -> 0 | R18: =IF(J18=0,0,M18/J18*10) -> 0 | S18: =IF(J18=0,0,N18/J18*10) -> 0 | T18: =IF(J18=0,0,O18/J18*10) -> 0 | U18: =IF(J18=0,0,L18/J18*10) -> 0 | V18: =IF(J18=0,0,P18/J18*10) -> 0
C19: NSRCPH | P19: =SUM(K19:O19) -> 0 | Q19: =IF(J19=0,0,K19/J19*10) -> 0 | R19: =IF(J19=0,0,M19/J19*10) -> 0 | S19: =IF(J19=0,0,N19/J19*10) -> 0 | T19: =IF(J19=0,0,O19/J19*10) -> 0 | U19: =IF(J19=0,0,L19/J19*10) -> 0 | V19: =IF(J19=0,0,P19/J19*10) -> 0
C20: NSTPDC PH | P20: =SUM(K20:O20) -> 0 | Q20: =IF(J20=0,0,K20/J20*10) -> 0 | R20: =IF(J20=0,0,M20/J20*10) -> 0 | S20: =IF(J20=0,0,N20/J20*10) -> 0 | T20: =IF(J20=0,0,O20/J20*10) -> 0 | U20: =IF(J20=0,0,L20/J20*10) -> 0 | V20: =IF(J20=0,0,P20/J20*10) -> 0
C21: Upper Sileru | P21: =SUM(K21:O21) -> 0 | Q21: =IF(J21=0,0,K21/J21*10) -> 0 | R21: =IF(J21=0,0,M21/J21*10) -> 0 | S21: =IF(J21=0,0,N21/J21*10) -> 0 | T21: =IF(J21=0,0,O21/J21*10) -> 0 | U21: =IF(J21=0,0,L21/J21*10) -> 0 | V21: =IF(J21=0,0,P21/J21*10) -> 0
C22: Lower Sileru | P22: =SUM(K22:O22) -> 0 | Q22: =IF(J22=0,0,K22/J22*10) -> 0 | R22: =IF(J22=0,0,M22/J22*10) -> 0 | S22: =IF(J22=0,0,N22/J22*10) -> 0 | T22: =IF(J22=0,0,O22/J22*10) -> 0 | U22: =IF(J22=0,0,L22/J22*10) -> 0 | V22: =IF(J22=0,0,P22/J22*10) -> 0
... C33: Godavari Gas Power Plant | P33: =SUM(K33:O33) -> 0 | Q33: =IF(J33=0,0,K33/J33*10) -> 0 | R33: =IF(J33=0,0,M33/J33*10) -> 0 | S33: =IF(J33=0,0,N33/J33*10) -> 0 | T33: =IF(J33=0,0,O33/J33*10) -> 0 | U33: =IF(J33=0,0,L33/J33*10) -> 0 | V33: =IF(J33=0,0,P33/J33*10) -> 0
C34: Joint Sector-TOTAL | F34: =SUM(F13:F33) -> 0 | H34: =SUM(H13:H33) -> 0 | J34: =SUM(J13:J33) -> 0 | K34: =SUM(K13:K33) -> 0 | L34: =SUM(L13:L33) -> 0 | M34: =SUM(M13:M33) -> 0 | N34: =SUM(N13:N33) -> 0 | O34: =SUM(O13:O33) -> 0 | P34: =SUM(K34:O34) -> 0 | Q34: =IF(J34=0,0,K34/J34*10) -> 0 | R34: =IF(J34=0,0,M34/J34*10) -> 0 | S34: =IF(J34=0,0,N34/J34*10) -> 0 | T34: =IF(J34=0,0,O34/J34*10) -> 0 | U34: =IF(J34=0,0,L34/J34*10) -> 0 | V34: =IF(J34=0,0,P34/J34*10) -> 0
C35: NTPC(SR) Ramagundam I & II | P35: =SUM(K35:O35) -> 0 | Q35: =IF(J35=0,0,K35/J35*10) -> 0 | R35: =IF(J35=0,0,M35/J35*10) -> 0 | S35: =IF(J35=0,0,N35/J35*10) -> 0 | T35: =IF(J35=0,0,O35/J35*10) -> 0 | U35: =IF(J35=0,0,L35/J35*10) -> 0 | V35: =IF(J35=0,0,P35/J35*10) -> 0
C36: NTPC(SR) Simhadri Stage-I | P36: =SUM(K36:O36) -> 0 | Q36: =IF(J36=0,0,K36/J36*10) -> 0 | R36: =IF(J36=0,0,M36/J36*10) -> 0 | S36: =IF(J36=0,0,N36/J36*10) -> 0 | T36: =IF(J36=0,0,O36/J36*10) -> 0 | U36: =IF(J36=0,0,L36/J36*10) -> 0 | V36: =IF(J36=0,0,P36/J36*10) -> 0
C37: NTPC(SR) Simhadri Stage-II | P37: =SUM(K37:O37) -> 0 | Q37: =IF(J37=0,0,K37/J37*10) -> 0 | R37: =IF(J37=0,0,M37/J37*10) -> 0 | S37: =IF(J37=0,0,N37/J37*10) -> 0 | T37: =IF(J37=0,0,O37/J37*10) -> 0 | U37: =IF(J37=0,0,L37/J37*10) -> 0 | V37: =IF(J37=0,0,P37/J37*10) -> 0
C38: NTPC(SR) Talcher Stage-II | P38: =SUM(K38:O38) -> 0 | Q38: =IF(J38=0,0,K38/J38*10) -> 0 | R38: =IF(J38=0,0,M38/J38*10) -> 0 | S38: =IF(J38=0,0,N38/J38*10) -> 0 | T38: =IF(J38=0,0,O38/J38*10) -> 0 | U38: =IF(J38=0,0,L38/J38*10) -> 0 | V38: =IF(J38=0,0,P38/J38*10) -> 0
C39: NTPC(SR) Ramagundam III | P39: =SUM(K39:O39) -> 0 | Q39: =IF(J39=0,0,K39/J39*10) -> 0 | R39: =IF(J39=0,0,M39/J39*10) -> 0 | S39: =IF(J39=0,0,N39/J39*10) -> 0 | T39: =IF(J39=0,0,O39/J39*10) -> 0 | U39: =IF(J39=0,0,L39/J39*10) -> 0 | V39: =IF(J39=0,0,P39/J39*10) -> 0
C40: NTPC Kudgi Stage-I | P40: =SUM(K40:O40) -> 0 | Q40: =IF(J40=0,0,K40/J40*10) -> 0 | R40: =IF(J40=0,0,M40/J40*10) -> 0 | S40: =IF(J40=0,0,N40/J40*10) -> 0 | T40: =IF(J40=0,0,O40/J40*10) -> 0 | U40: =IF(J40=0,0,L40/J40*10) -> 0 | V40: =IF(J40=0,0,P40/J40*10) -> 0
C41: NTECL Valluru | P41: =SUM(K41:O41) -> 0 | Q41: =IF(J41=0,0,K41/J41*10) -> 0 | R41: =IF(J41=0,0,M41/J41*10) -> 0 | S41: =IF(J41=0,0,N41/J41*10) -> 0 | T41: =IF(J41=0,0,O41/J41*10) -> 0 | U41: =IF(J41=0,0,L41/J41*10) -> 0 | V41: =IF(J41=0,0,P41/J41*10) -> 0
C42: NLC Stage-I | P42: =SUM(K42:O42) -> 0 | Q42: =IF(J42=0,0,K42/J42*10) -> 0 | R42: =IF(J42=0,0,M42/J42*10) -> 0 | S42: =IF(J42=0,0,N42/J42*10) -> 0 | T42: =IF(J42=0,0,O42/J42*10) -> 0 | U42: =IF(J42=0,0,L42/J42*10) -> 0 | V42: =IF(J42=0,0,P42/J42*10) -> 0
C43: NLC Stage-II | P43: =SUM(K43:O43) -> 0 | Q43: =IF(J43=0,0,K43/J43*10) -> 0 | R43: =IF(J43=0,0,M43/J43*10) -> 0 | S43: =IF(J43=0,0,N43/J43*10) -> 0 | T43: =IF(J43=0,0,O43/J43*10) -> 0 | U43: =IF(J43=0,0,L43/J43*10) -> 0 | V43: =IF(J43=0,0,P43/J43*10) -> 0
C44: NPC(MAPS) | P44: =SUM(K44:O44) -> 0 | Q44: =IF(J44=0,0,K44/J44*10) -> 0 | R44: =IF(J44=0,0,M44/J44*10) -> 0 | S44: =IF(J44=0,0,N44/J44*10) -> 0 | T44: =IF(J44=0,0,O44/J44*10) -> 0 | U44: =IF(J44=0,0,L44/J44*10) -> 0 | V44: =IF(J44=0,0,P44/J44*10) -> 0
C45: NPC(KAIGA unit I,II,III,IV) | P45: =SUM(K45:O45) -> 0 | Q45: =IF(J45=0,0,K45/J45*10) -> 0 | R45: =IF(J45=0,0,M45/J45*10) -> 0 | S45: =IF(J45=0,0,N45/J45*10) -> 0 | T45: =IF(J45=0,0,O45/J45*10) -> 0 | U45: =IF(J45=0,0,L45/J45*10) -> 0 | V45: =IF(J45=0,0,P45/J45*10) -> 0
C46: NTPL(NLC TamilNadu) | P46: =SUM(K46:O46) -> 0 | Q46: =IF(J46=0,0,K46/J46*10) -> 0 | R46: =IF(J46=0,0,M46/J46*10) -> 0 | S46: =IF(J46=0,0,N46/J46*10) -> 0 | T46: =IF(J46=0,0,O46/J46*10) -> 0 | U46: =IF(J46=0,0,L46/J46*10) -> 0 | V46: =IF(J46=0,0,P46/J46*10) -> 0
... C52: Thermal Powertech Corporation | P52: =SUM(K52:O52) -> 0 | Q52: =IF(J52=0,0,K52/J52*10) -> 0 | R52: =IF(J52=0,0,M52/J52*10) -> 0 | S52: =IF(J52=0,0,N52/J52*10) -> 0 | T52: =IF(J52=0,0,O52/J52*10) -> 0 | U52: =IF(J52=0,0,L52/J52*10) -> 0 | V52: =IF(J52=0,0,P52/J52*10) -> 0
C53: Hinduja National Powercorp | Q53: =IF(J53=0,0,K53/J53*10) -> 0 | R53: =IF(J53=0,0,M53/J53*10) -> 0 | S53: =IF(J53=0,0,N53/J53*10) -> 0 | T53: =IF(J53=0,0,O53/J53*10) -> 0 | U53: =IF(J53=0,0,L53/J53*10) -> 0 | V53: =IF(J53=0,0,P53/J53*10) -> 0
C54: IPP TOTAL | P54: =SUM(K54:O54) -> 0 | Q54: =IF(J54=0,0,K54/J54*10) -> 0 | R54: =IF(J54=0,0,M54/J54*10) -> 0 | S54: =IF(J54=0,0,N54/J54*10) -> 0 | T54: =IF(J54=0,0,O54/J54*10) -> 0 | U54: =IF(J54=0,0,L54/J54*10) -> 0 | V54: =IF(J54=0,0,P54/J54*10) -> 0
C55: NCE- Others | P55: =SUM(K55:O55) -> 0 | Q55: =IF(J55=0,0,K55/J55*10) -> 0 | R55: =IF(J55=0,0,M55/J55*10) -> 0 | S55: =IF(J55=0,0,N55/J55*10) -> 0 | T55: =IF(J55=0,0,O55/J55*10) -> 0 | U55: =IF(J55=0,0,L55/J55*10) -> 0 | V55: =IF(J55=0,0,P55/J55*10) -> 0
C56: NCE Wind | P56: =SUM(K56:O56) -> 0 | Q56: =IF(J56=0,0,K56/J56*10) -> 0 | R56: =IF(J56=0,0,M56/J56*10) -> 0 | S56: =IF(J56=0,0,N56/J56*10) -> 0 | T56: =IF(J56=0,0,O56/J56*10) -> 0 | U56: =IF(J56=0,0,L56/J56*10) -> 0 | V56: =IF(J56=0,0,P56/J56*10) -> 0
C57: NCE Solar | P57: =SUM(K57:O57) -> 0 | Q57: =IF(J57=0,0,K57/J57*10) -> 0 | R57: =IF(J57=0,0,M57/J57*10) -> 0 | S57: =IF(J57=0,0,N57/J57*10) -> 0 | T57: =IF(J57=0,0,O57/J57*10) -> 0 | U57: =IF(J57=0,0,L57/J57*10) -> 0 | V57: =IF(J57=0,0,P57/J57*10) -> 0
C58: JNNSM Ph-1 Solar | Q58: =IF(J58=0,0,K58/J58*10) -> 0 | R58: =IF(J58=0,0,M58/J58*10) -> 0 | S58: =IF(J58=0,0,N58/J58*10) -> 0 | T58: =IF(J58=0,0,O58/J58*10) -> 0 | U58: =IF(J58=0,0,L58/J58*10) -> 0 | V58: =IF(J58=0,0,P58/J58*10) -> 0
C59: JNNSM Ph-2 Solar | P59: =SUM(K59:O59) -> 0 | Q59: =IF(J59=0,0,K59/J59*10) -> 0 | R59: =IF(J59=0,0,M59/J59*10) -> 0 | S59: =IF(J59=0,0,N59/J59*10) -> 0 | T59: =IF(J59=0,0,O59/J59*10) -> 0 | U59: =IF(J59=0,0,L59/J59*10) -> 0 | V59: =IF(J59=0,0,P59/J59*10) -> 0
C60: NCE TOTAL | P60: =SUM(K60:O60) -> 0 | Q60: =IF(J60=0,0,K60/J60*10) -> 0 | R60: =IF(J60=0,0,M60/J60*10) -> 0 | S60: =IF(J60=0,0,N60/J60*10) -> 0 | T60: =IF(J60=0,0,O60/J60*10) -> 0 | U60: =IF(J60=0,0,L60/J60*10) -> 0 | V60: =IF(J60=0,0,P60/J60*10) -> 0
C61: INTERSTATE TRADERS (SHORTTERM) | P61: =SUM(K61:O61) -> 0 | Q61: =IF(J61=0,0,K61/J61*10) -> 0 | R61: =IF(J61=0,0,M61/J61*10) -> 0 | S61: =IF(J61=0,0,N61/J61*10) -> 0 | T61: =IF(J61=0,0,O61/J61*10) -> 0 | U61: =IF(J61=0,0,L61/J61*10) -> 0 | V61: =IF(J61=0,0,P61/J61*10) -> 0
C62: Spectrum Power | F62: =SUM(F35:F61) -> 0 | H62: =SUM(H35:H61) -> 0 | J62: =SUM(J35:J61) -> 0 | K62: =SUM(K35:K61) -> 0 | L62: =SUM(L35:L61) -> 0 | M62: =SUM(M35:M61) -> 0 | N62: =SUM(N35:N61) -> 0 | O62: =SUM(O35:O61) -> 0 | P62: =SUM(K62:O62) -> 0 | Q62: =IF(J62=0,0,K62/J62*10) -> 0 | R62: =IF(J62=0,0,M62/J62*10) -> 0 | S62: =IF(J62=0,0,N62/J62*10) -> 0 | T62: =IF(J62=0,0,O62/J62*10) -> 0 | U62: =IF(J62=0,0,L62/J62*10) -> 0 | V62: =IF(J62=0,0,P62/J62*10) -> 0
C63: LANCO Kondapalli | F63: =SUM(F62,F34) -> 0 | H63: =SUM(H62,H34) -> 0 | J63: =SUM(J62,J34) -> 0 | K63: =SUM(K62,K34) -> 0 | L63: =SUM(L62,L34) -> 0 | M63: =SUM(M62,M34) -> 0 | N63: =SUM(N62,N34) -> 0 | O63: =SUM(O62,O34) -> 0 | P63: =SUM(K63:O63) -> 0 | Q63: =IF(J63=0,0,K63/J63*10) -> 0 | R63: =IF(J63=0,0,M63/J63*10) -> 0 | S63: =IF(J63=0,0,N63/J63*10) -> 0 | T63: =IF(J63=0,0,O63/J63*10) -> 0 | U63: =IF(J63=0,0,L63/J63*10) -> 0 | V63: =IF(J63=0,0,P63/J63*10) -> 0
C64: SHORTTERM TOTAL | P64: =SUM(K64:O64) -> 0 | Q64: =IF(J64=0,0,K64/J64*10) -> 0 | R64: =IF(J64=0,0,M64/J64*10) -> 0 | S64: =IF(J64=0,0,N64/J64*10) -> 0 | T64: =IF(J64=0,0,O64/J64*10) -> 0 | U64: =IF(J64=0,0,L64/J64*10) -> 0 | V64: =IF(J64=0,0,P64/J64*10) -> 0
C65: TOTAL | P65: =SUM(K65:O65) -> 0 | Q65: =IF(J65=0,0,K65/J65*10) -> 0 | R65: =IF(J65=0,0,M65/J65*10) -> 0 | S65: =IF(J65=0,0,N65/J65*10) -> 0 | T65: =IF(J65=0,0,O65/J65*10) -> 0 | U65: =IF(J65=0,0,L65/J65*10) -> 0 | V65: =IF(J65=0,0,P65/J65*10) -> 0
C66: D<>D Transaction | Q66: =IF(J66=0,0,K66/J66*10) -> 0 | R66: =IF(J66=0,0,M66/J66*10) -> 0 | S66: =IF(J66=0,0,N66/J66*10) -> 0 | T66: =IF(J66=0,0,O66/J66*10) -> 0 | U66: =IF(J66=0,0,L66/J66*10) -> 0 | V66: =IF(J66=0,0,P66/J66*10) -> 0
C67: Grand Total | Q67: =IF(J67=0,0,K67/J67*10) -> 0 | R67: =IF(J67=0,0,M67/J67*10) -> 0 | S67: =IF(J67=0,0,N67/J67*10) -> 0 | T67: =IF(J67=0,0,O67/J67*10) -> 0 | U67: =IF(J67=0,0,L67/J67*10) -> 0 | V67: =IF(J67=0,0,P67/J67*10) -> 0
C68: Note: Hydro cost break up details need to be provided based on appropriate methodology. In case it is not possible to segregate the cost station wise, provide the total details in the empty rows in the APGenco Hydro stations section saying ALL APGenco Hydro (Combined)
C70: FY 2024-25
C71: Generating Station | D71: D Link | E71: Plant Type Must Run = 1 Others = 2 | F71: Plant Capacity | G71: DISCOM's share | H71: DISCOM's share | I71: Availability and Dispatch (MU) | K71: Cost (Rs. Crs.) | Q71: Unit Cost (Rs. / kWh) | W71: Remarks
F72: (MW) | G72: (%) | H72: (MW) | I72: Net Availability | J72: Dispatch | K72: Fixed | L72: Variable | M72: Incentive | N72: Income Tax | O72: Others | P72: Total | Q72: Fixed | R72: Incentives | S72: Income Tax | T72: Others | U72: Variable | V72: Total
C73: Apgenco-Thermal
C74: Dr. NTTPS | P74: =SUM(K74:O74) -> 0 | Q74: =IF(J74=0,0,K74/J74*10) -> 0 | R74: =IF(J74=0,0,M74/J74*10) -> 0 | S74: =IF(J74=0,0,N74/J74*10) -> 0 | T74: =IF(J74=0,0,O74/J74*10) -> 0 | U74: =IF(J74=0,0,L74/J74*10) -> 0 | V74: =IF(J74=0,0,P74/J74*10) -> 0
C75: Dr. NTTPS-IV | P75: =SUM(K75:O75) -> 0 | Q75: =IF(J75=0,0,K75/J75*10) -> 0 | R75: =IF(J75=0,0,M75/J75*10) -> 0 | S75: =IF(J75=0,0,N75/J75*10) -> 0 | T75: =IF(J75=0,0,O75/J75*10) -> 0 | U75: =IF(J75=0,0,L75/J75*10) -> 0 | V75: =IF(J75=0,0,P75/J75*10) -> 0
C76: RTPP Stage-I | P76: =SUM(K76:O76) -> 0 | Q76: =IF(J76=0,0,K76/J76*10) -> 0 | R76: =IF(J76=0,0,M76/J76*10) -> 0 | S76: =IF(J76=0,0,N76/J76*10) -> 0 | T76: =IF(J76=0,0,O76/J76*10) -> 0 | U76: =IF(J76=0,0,L76/J76*10) -> 0 | V76: =IF(J76=0,0,P76/J76*10) -> 0
C77: RTPP Stage-II | P77: =SUM(K77:O77) -> 0 | Q77: =IF(J77=0,0,K77/J77*10) -> 0 | R77: =IF(J77=0,0,M77/J77*10) -> 0 | S77: =IF(J77=0,0,N77/J77*10) -> 0 | T77: =IF(J77=0,0,O77/J77*10) -> 0 | U77: =IF(J77=0,0,L77/J77*10) -> 0 | V77: =IF(J77=0,0,P77/J77*10) -> 0
C78: RTPP Stage-III | P78: =SUM(K78:O78) -> 0 | Q78: =IF(J78=0,0,K78/J78*10) -> 0 | R78: =IF(J78=0,0,M78/J78*10) -> 0 | S78: =IF(J78=0,0,N78/J78*10) -> 0 | T78: =IF(J78=0,0,O78/J78*10) -> 0 | U78: =IF(J78=0,0,L78/J78*10) -> 0 | V78: =IF(J78=0,0,P78/J78*10) -> 0
C79: RTPP Stage-IV | P79: =SUM(K79:O79) -> 0 | Q79: =IF(J79=0,0,K79/J79*10) -> 0 | R79: =IF(J79=0,0,M79/J79*10) -> 0 | S79: =IF(J79=0,0,N79/J79*10) -> 0 | T79: =IF(J79=0,0,O79/J79*10) -> 0 | U79: =IF(J79=0,0,L79/J79*10) -> 0 | V79: =IF(J79=0,0,P79/J79*10) -> 0
C80: Genco-Thermal Total | P80: =SUM(K80:O80) -> 0 | Q80: =IF(J80=0,0,K80/J80*10) -> 0 | R80: =IF(J80=0,0,M80/J80*10) -> 0 | S80: =IF(J80=0,0,N80/J80*10) -> 0 | T80: =IF(J80=0,0,O80/J80*10) -> 0 | U80: =IF(J80=0,0,L80/J80*10) -> 0 | V80: =IF(J80=0,0,P80/J80*10) -> 0
C81: Srisailam RCPH | P81: =SUM(K81:O81) -> 0 | Q81: =IF(J81=0,0,K81/J81*10) -> 0 | R81: =IF(J81=0,0,M81/J81*10) -> 0 | S81: =IF(J81=0,0,N81/J81*10) -> 0 | T81: =IF(J81=0,0,O81/J81*10) -> 0 | U81: =IF(J81=0,0,L81/J81*10) -> 0 | V81: =IF(J81=0,0,P81/J81*10) -> 0
C82: NSRCPH | P82: =SUM(K82:O82) -> 0 | Q82: =IF(J82=0,0,K82/J82*10) -> 0 | R82: =IF(J82=0,0,M82/J82*10) -> 0 | S82: =IF(J82=0,0,N82/J82*10) -> 0 | T82: =IF(J82=0,0,O82/J82*10) -> 0 | U82: =IF(J82=0,0,L82/J82*10) -> 0 | V82: =IF(J82=0,0,P82/J82*10) -> 0
C83: NSTPDC PH | P83: =SUM(K83:O83) -> 0 | Q83: =IF(J83=0,0,K83/J83*10) -> 0 | R83: =IF(J83=0,0,M83/J83*10) -> 0 | S83: =IF(J83=0,0,N83/J83*10) -> 0 | T83: =IF(J83=0,0,O83/J83*10) -> 0 | U83: =IF(J83=0,0,L83/J83*10) -> 0 | V83: =IF(J83=0,0,P83/J83*10) -> 0
C84: Upper Sileru | P84: =SUM(K84:O84) -> 0 | Q84: =IF(J84=0,0,K84/J84*10) -> 0 | R84: =IF(J84=0,0,M84/J84*10) -> 0 | S84: =IF(J84=0,0,N84/J84*10) -> 0 | T84: =IF(J84=0,0,O84/J84*10) -> 0 | U84: =IF(J84=0,0,L84/J84*10) -> 0 | V84: =IF(J84=0,0,P84/J84*10) -> 0
C85: Lower Sileru | P85: =SUM(K85:O85) -> 0 | Q85: =IF(J85=0,0,K85/J85*10) -> 0 | R85: =IF(J85=0,0,M85/J85*10) -> 0 | S85: =IF(J85=0,0,N85/J85*10) -> 0 | T85: =IF(J85=0,0,O85/J85*10) -> 0 | U85: =IF(J85=0,0,L85/J85*10) -> 0 | V85: =IF(J85=0,0,P85/J85*10) -> 0
... C96: Godavari Gas Power Plant | P96: =SUM(K96:O96) -> 0 | Q96: =IF(J96=0,0,K96/J96*10) -> 0 | R96: =IF(J96=0,0,M96/J96*10) -> 0 | S96: =IF(J96=0,0,N96/J96*10) -> 0 | T96: =IF(J96=0,0,O96/J96*10) -> 0 | U96: =IF(J96=0,0,L96/J96*10) -> 0 | V96: =IF(J96=0,0,P96/J96*10) -> 0
C97: Joint Sector-TOTAL | F97: =SUM(F76:F96) -> 0 | H97: =SUM(H76:H96) -> 0 | J97: =SUM(J76:J96) -> 0 | K97: =SUM(K76:K96) -> 0 | L97: =SUM(L76:L96) -> 0 | M97: =SUM(M76:M96) -> 0 | N97: =SUM(N76:N96) -> 0 | O97: =SUM(O76:O96) -> 0 | P97: =SUM(K97:O97) -> 0 | Q97: =IF(J97=0,0,K97/J97*10) -> 0 | R97: =IF(J97=0,0,M97/J97*10) -> 0 | S97: =IF(J97=0,0,N97/J97*10) -> 0 | T97: =IF(J97=0,0,O97/J97*10) -> 0 | U97: =IF(J97=0,0,L97/J97*10) -> 0 | V97: =IF(J97=0,0,P97/J97*10) -> 0
C98: NTPC(SR) Ramagundam I & II | P98: =SUM(K98:O98) -> 0 | Q98: =IF(J98=0,0,K98/J98*10) -> 0 | R98: =IF(J98=0,0,M98/J98*10) -> 0 | S98: =IF(J98=0,0,N98/J98*10) -> 0 | T98: =IF(J98=0,0,O98/J98*10) -> 0 | U98: =IF(J98=0,0,L98/J98*10) -> 0 | V98: =IF(J98=0,0,P98/J98*10) -> 0
C99: NTPC(SR) Simhadri Stage-I | P99: =SUM(K99:O99) -> 0 | Q99: =IF(J99=0,0,K99/J99*10) -> 0 | R99: =IF(J99=0,0,M99/J99*10) -> 0 | S99: =IF(J99=0,0,N99/J99*10) -> 0 | T99: =IF(J99=0,0,O99/J99*10) -> 0 | U99: =IF(J99=0,0,L99/J99*10) -> 0 | V99: =IF(J99=0,0,P99/J99*10) -> 0
C100: NTPC(SR) Simhadri Stage-II | P100: =SUM(K100:O100) -> 0 | Q100: =IF(J100=0,0,K100/J100*10) -> 0 | R100: =IF(J100=0,0,M100/J100*10) -> 0 | S100: =IF(J100=0,0,N100/J100*10) -> 0 | T100: =IF(J100=0,0,O100/J100*10) -> 0 | U100: =IF(J100=0,0,L100/J100*10) -> 0 | V100: =IF(J100=0,0,P100/J100*10) -> 0
C101: NTPC(SR) Talcher Stage-II | P101: =SUM(K101:O101) -> 0 | Q101: =IF(J101=0,0,K101/J101*10) -> 0 | R101: =IF(J101=0,0,M101/J101*10) -> 0 | S101: =IF(J101=0,0,N101/J101*10) -> 0 | T101: =IF(J101=0,0,O101/J101*10) -> 0 | U101: =IF(J101=0,0,L101/J101*10) -> 0 | V101: =IF(J101=0,0,P101/J101*10) -> 0
C102: NTPC(SR) Ramagundam III | P102: =SUM(K102:O102) -> 0 | Q102: =IF(J102=0,0,K102/J102*10) -> 0 | R102: =IF(J102=0,0,M102/J102*10) -> 0 | S102: =IF(J102=0,0,N102/J102*10) -> 0 | T102: =IF(J102=0,0,O102/J102*10) -> 0 | U102: =IF(J102=0,0,L102/J102*10) -> 0 | V102: =IF(J102=0,0,P102/J102*10) -> 0
C103: NTPC Kudgi Stage-I | P103: =SUM(K103:O103) -> 0 | Q103: =IF(J103=0,0,K103/J103*10) -> 0 | R103: =IF(J103=0,0,M103/J103*10) -> 0 | S103: =IF(J103=0,0,N103/J103*10) -> 0 | T103: =IF(J103=0,0,O103/J103*10) -> 0 | U103: =IF(J103=0,0,L103/J103*10) -> 0 | V103: =IF(J103=0,0,P103/J103*10) -> 0
C104: NTECL Valluru | P104: =SUM(K104:O104) -> 0 | Q104: =IF(J104=0,0,K104/J104*10) -> 0 | R104: =IF(J104=0,0,M104/J104*10) -> 0 | S104: =IF(J104=0,0,N104/J104*10) -> 0 | T104: =IF(J104=0,0,O104/J104*10) -> 0 | U104: =IF(J104=0,0,L104/J104*10) -> 0 | V104: =IF(J104=0,0,P104/J104*10) -> 0
C105: NLC Stage-I | P105: =SUM(K105:O105) -> 0 | Q105: =IF(J105=0,0,K105/J105*10) -> 0 | R105: =IF(J105=0,0,M105/J105*10) -> 0 | S105: =IF(J105=0,0,N105/J105*10) -> 0 | T105: =IF(J105=0,0,O105/J105*10) -> 0 | U105: =IF(J105=0,0,L105/J105*10) -> 0 | V105: =IF(J105=0,0,P105/J105*10) -> 0
C106: NLC Stage-II | P106: =SUM(K106:O106) -> 0 | Q106: =IF(J106=0,0,K106/J106*10) -> 0 | R106: =IF(J106=0,0,M106/J106*10) -> 0 | S106: =IF(J106=0,0,N106/J106*10) -> 0 | T106: =IF(J106=0,0,O106/J106*10) -> 0 | U106: =IF(J106=0,0,L106/J106*10) -> 0 | V106: =IF(J106=0,0,P106/J106*10) -> 0
C107: NPC(MAPS) | P107: =SUM(K107:O107) -> 0 | Q107: =IF(J107=0,0,K107/J107*10) -> 0 | R107: =IF(J107=0,0,M107/J107*10) -> 0 | S107: =IF(J107=0,0,N107/J107*10) -> 0 | T107: =IF(J107=0,0,O107/J107*10) -> 0 | U107: =IF(J107=0,0,L107/J107*10) -> 0 | V107: =IF(J107=0,0,P107/J107*10) -> 0
C108: NPC(KAIGA unit I,II,III,IV) | P108: =SUM(K108:O108) -> 0 | Q108: =IF(J108=0,0,K108/J108*10) -> 0 | R108: =IF(J108=0,0,M108/J108*10) -> 0 | S108: =IF(J108=0,0,N108/J108*10) -> 0 | T108: =IF(J108=0,0,O108/J108*10) -> 0 | U108: =IF(J108=0,0,L108/J108*10) -> 0 | V108: =IF(J108=0,0,P108/J108*10) -> 0
C109: NTPL(NLC TamilNadu) | P109: =SUM(K109:O109) -> 0 | Q109: =IF(J109=0,0,K109/J109*10) -> 0 | R109: =IF(J109=0,0,M109/J109*10) -> 0 | S109: =IF(J109=0,0,N109/J109*10) -> 0 | T109: =IF(J109=0,0,O109/J109*10) -> 0 | U109: =IF(J109=0,0,L109/J109*10) -> 0 | V109: =IF(J109=0,0,P109/J109*10) -> 0
... C115: Thermal Powertech Corporation | P115: =SUM(K115:O115) -> 0 | Q115: =IF(J115=0,0,K115/J115*10) -> 0 | R115: =IF(J115=0,0,M115/J115*10) -> 0 | S115: =IF(J115=0,0,N115/J115*10) -> 0 | T115: =IF(J115=0,0,O115/J115*10) -> 0 | U115: =IF(J115=0,0,L115/J115*10) -> 0 | V115: =IF(J115=0,0,P115/J115*10) -> 0
C116: Hinduja National Powercorp | Q116: =IF(J116=0,0,K116/J116*10) -> 0 | R116: =IF(J116=0,0,M116/J116*10) -> 0 | S116: =IF(J116=0,0,N116/J116*10) -> 0 | T116: =IF(J116=0,0,O116/J116*10) -> 0 | U116: =IF(J116=0,0,L116/J116*10) -> 0 | V116: =IF(J116=0,0,P116/J116*10) -> 0
C117: IPP TOTAL | P117: =SUM(K117:O117) -> 0 | Q117: =IF(J117=0,0,K117/J117*10) -> 0 | R117: =IF(J117=0,0,M117/J117*10) -> 0 | S117: =IF(J117=0,0,N117/J117*10) -> 0 | T117: =IF(J117=0,0,O117/J117*10) -> 0 | U117: =IF(J117=0,0,L117/J117*10) -> 0 | V117: =IF(J117=0,0,P117/J117*10) -> 0
C118: NCE- Others | P118: =SUM(K118:O118) -> 0 | Q118: =IF(J118=0,0,K118/J118*10) -> 0 | R118: =IF(J118=0,0,M118/J118*10) -> 0 | S118: =IF(J118=0,0,N118/J118*10) -> 0 | T118: =IF(J118=0,0,O118/J118*10) -> 0 | U118: =IF(J118=0,0,L118/J118*10) -> 0 | V118: =IF(J118=0,0,P118/J118*10) -> 0
C119: NCE Wind | P119: =SUM(K119:O119) -> 0 | Q119: =IF(J119=0,0,K119/J119*10) -> 0 | R119: =IF(J119=0,0,M119/J119*10) -> 0 | S119: =IF(J119=0,0,N119/J119*10) -> 0 | T119: =IF(J119=0,0,O119/J119*10) -> 0 | U119: =IF(J119=0,0,L119/J119*10) -> 0 | V119: =IF(J119=0,0,P119/J119*10) -> 0
C120: NCE Solar | P120: =SUM(K120:O120) -> 0 | Q120: =IF(J120=0,0,K120/J120*10) -> 0 | R120: =IF(J120=0,0,M120/J120*10) -> 0 | S120: =IF(J120=0,0,N120/J120*10) -> 0 | T120: =IF(J120=0,0,O120/J120*10) -> 0 | U120: =IF(J120=0,0,L120/J120*10) -> 0 | V120: =IF(J120=0,0,P120/J120*10) -> 0
C121: JNNSM Ph-1 Solar | Q121: =IF(J121=0,0,K121/J121*10) -> 0 | R121: =IF(J121=0,0,M121/J121*10) -> 0 | S121: =IF(J121=0,0,N121/J121*10) -> 0 | T121: =IF(J121=0,0,O121/J121*10) -> 0 | U121: =IF(J121=0,0,L121/J121*10) -> 0 | V121: =IF(J121=0,0,P121/J121*10) -> 0
C122: JNNSM Ph-2 Solar | P122: =SUM(K122:O122) -> 0 | Q122: =IF(J122=0,0,K122/J122*10) -> 0 | R122: =IF(J122=0,0,M122/J122*10) -> 0 | S122: =IF(J122=0,0,N122/J122*10) -> 0 | T122: =IF(J122=0,0,O122/J122*10) -> 0 | U122: =IF(J122=0,0,L122/J122*10) -> 0 | V122: =IF(J122=0,0,P122/J122*10) -> 0
C123: NCE TOTAL | P123: =SUM(K123:O123) -> 0 | Q123: =IF(J123=0,0,K123/J123*10) -> 0 | R123: =IF(J123=0,0,M123/J123*10) -> 0 | S123: =IF(J123=0,0,N123/J123*10) -> 0 | T123: =IF(J123=0,0,O123/J123*10) -> 0 | U123: =IF(J123=0,0,L123/J123*10) -> 0 | V123: =IF(J123=0,0,P123/J123*10) -> 0
C124: INTERSTATE TRADERS (SHORTTERM) | P124: =SUM(K124:O124) -> 0 | Q124: =IF(J124=0,0,K124/J124*10) -> 0 | R124: =IF(J124=0,0,M124/J124*10) -> 0 | S124: =IF(J124=0,0,N124/J124*10) -> 0 | T124: =IF(J124=0,0,O124/J124*10) -> 0 | U124: =IF(J124=0,0,L124/J124*10) -> 0 | V124: =IF(J124=0,0,P124/J124*10) -> 0
C125: Spectrum Power | F125: =SUM(F98:F124) -> 0 | H125: =SUM(H98:H124) -> 0 | J125: =SUM(J98:J124) -> 0 | K125: =SUM(K98:K124) -> 0 | L125: =SUM(L98:L124) -> 0 | M125: =SUM(M98:M124) -> 0 | N125: =SUM(N98:N124) -> 0 | O125: =SUM(O98:O124) -> 0 | P125: =SUM(K125:O125) -> 0 | Q125: =IF(J125=0,0,K125/J125*10) -> 0 | R125: =IF(J125=0,0,M125/J125*10) -> 0 | S125: =IF(J125=0,0,N125/J125*10) -> 0 | T125: =IF(J125=0,0,O125/J125*10) -> 0 | U125: =IF(J125=0,0,L125/J125*10) -> 0 | V125: =IF(J125=0,0,P125/J125*10) -> 0
C126: LANCO Kondapalli | F126: =SUM(F125,F97) -> 0 | H126: =SUM(H125,H97) -> 0 | J126: =SUM(J125,J97) -> 0 | K126: =SUM(K125,K97) -> 0 | L126: =SUM(L125,L97) -> 0 | M126: =SUM(M125,M97) -> 0 | N126: =SUM(N125,N97) -> 0 | O126: =SUM(O125,O97) -> 0 | P126: =SUM(K126:O126) -> 0 | Q126: =IF(J126=0,0,K126/J126*10) -> 0 | R126: =IF(J126=0,0,M126/J126*10) -> 0 | S126: =IF(J126=0,0,N126/J126*10) -> 0 | T126: =IF(J126=0,0,O126/J126*10) -> 0 | U126: =IF(J126=0,0,L126/J126*10) -> 0 | V126: =IF(J126=0,0,P126/J126*10) -> 0
C127: SHORTTERM TOTAL | P127: =SUM(K127:O127) -> 0 | Q127: =IF(J127=0,0,K127/J127*10) -> 0 | R127: =IF(J127=0,0,M127/J127*10) -> 0 | S127: =IF(J127=0,0,N127/J127*10) -> 0 | T127: =IF(J127=0,0,O127/J127*10) -> 0 | U127: =IF(J127=0,0,L127/J127*10) -> 0 | V127: =IF(J127=0,0,P127/J127*10) -> 0
C128: TOTAL | P128: =SUM(K128:O128) -> 0 | Q128: =IF(J128=0,0,K128/J128*10) -> 0 | R128: =IF(J128=0,0,M128/J128*10) -> 0 | S128: =IF(J128=0,0,N128/J128*10) -> 0 | T128: =IF(J128=0,0,O128/J128*10) -> 0 | U128: =IF(J128=0,0,L128/J128*10) -> 0 | V128: =IF(J128=0,0,P128/J128*10) -> 0
C129: D<>D Transaction | Q129: =IF(J129=0,0,K129/J129*10) -> 0 | R129: =IF(J129=0,0,M129/J129*10) -> 0 | S129: =IF(J129=0,0,N129/J129*10) -> 0 | T129: =IF(J129=0,0,O129/J129*10) -> 0 | U129: =IF(J129=0,0,L129/J129*10) -> 0 | V129: =IF(J129=0,0,P129/J129*10) -> 0
C130: Grand Total | Q130: =IF(J130=0,0,K130/J130*10) -> 0 | R130: =IF(J130=0,0,M130/J130*10) -> 0 | S130: =IF(J130=0,0,N130/J130*10) -> 0 | T130: =IF(J130=0,0,O130/J130*10) -> 0 | U130: =IF(J130=0,0,L130/J130*10) -> 0 | V130: =IF(J130=0,0,P130/J130*10) -> 0
C132: FY 2025-26
C133: Generating Station | D133: D Link | E133: Plant Type Must Run = 1 Others = 2 | F133: Plant Capacity | G133: DISCOM's share | H133: DISCOM's share | I133: Availability and Dispatch (MU) | K133: Cost (Rs. Crs.) | Q133: Unit Cost (Rs. / kWh)
F134: (MW) | G134: (%) | H134: (MW) | I134: Net Availability | J134: Dispatch | K134: Fixed | L134: Variable | M134: Incentive | N134: Income Tax | O134: Others | P134: Total | Q134: Fixed | R134: Incentives | S134: Income Tax | T134: Others | U134: Variable | V134: Total
C135: Apgenco-Thermal
...

Sheet 1.4(i)|NCE-B Year 
A1: Index sheet | AL1: 1
AL2: 2
B3: Form 1.4(i) | C3: NCE Generation (Base Year) | H3: FY 2023-24
B5: Plant wise NCE Generation and Cost Details for Base Year. The total should be consistent with values provided in Form 1.4 under NCE.
B8: TYPE | C8: Name | D8: Location | E8: Plant Capacity | F8: DISCOM's share | G8: DISCOM's share | H8: Availability and Dispatch (MU) | J8: Cost (Rs. Crs.) | P8: Unit Cost (Rs. / kWh) | V8: Remarks
E9: (MW) | F9: (%) | G9: (MW) | H9: Net Availability | I9: Dispatch | J9: Fixed | K9: Variable | L9: Incentive | M9: Inc. Tax | N9: Others | O9: Total | P9: Fixed | Q9: Incentives | R9: Inc. Tax | S9: Others | T9: Variable | U9: Total
B10: Bagasse | C10: M/s Nava Bharath Ventures Ltd | E10: 7 | F10: 36.22 | G10: 2.5354 | H10: 0 | I10: 0 | J10: 0 | K10: 0 | N10: 0 | O10: 0 | P10: 0 | Q10: 0 | R10: 0 | S10: 0 | T10: 0 | U10: 0
B11: Bagasse | C11: Chodavaram Sugars | E11: 7 | F11: 36.22 | G11: 2.5354 | H11: 0 | I11: 0 | J11: 0 | K11: 0 | N11: 0.01256871 | O11: 0.01256871 | P11: 0 | Q11: 0 | R11: 0 | S11: 0 | T11: 0 | U11: 0
B12: Bagasse | C12: M/s.KCP Sugar & Industries Corporation Ltd. (Vuyyuru) | E12: 12 | F12: 36.22 | G12: 4.3464 | H12: 1.7290104 | I12: 1.7290104 | J12: 0.15162136 | K12: 0.46744762 | N12: 0 | O12: 0.61906897 | P12: 0.87692564 | Q12: 0 | R12: 0 | S12: 0 | T12: 2.7035558 | U12: 3.5804814
B13: Bagasse | C13: M/s KCP Sugars & Industries Ltd., (Lakshmipuram) | E13: 5 | F13: 36.22 | G13: 1.811 | H13: 0 | I13: 0 | J13: 0 | K13: 0 | N13: 0 | O13: 0 | P13: 0 | Q13: 0 | R13: 0 | S13: 0 | T13: 0 | U13: 0
B14: Bagasse | C14: M/s Empee Power Projects Ltd | E14: 20 | F14: 36.22 | G14: 7.244 | H14: 0 | I14: 0 | J14: 0 | K14: 0 | N14: 0 | O14: 0 | P14: 0 | Q14: 0 | R14: 0 | S14: 0 | T14: 0 | U14: 0
B15: Bagasse | C15: M/s The Jeypore Sugar Company Ltd. | E15: 17 | F15: 36.22 | G15: 6.1574 | H15: 0 | I15: 0 | J15: 0 | K15: 0 | N15: 0 | O15: 0 | P15: 0 | Q15: 0 | R15: 0 | S15: 0 | T15: 0 | U15: 0
B16: 5 | C16: NCE -BAGASSE Total | E16: 68 | G16: 24.6296 | H16: 1.7290104 | I16: 1.7290104 | J16: 0.15162136 | K16: 0.46744762 | L16: 0 | M16: 0 | N16: 0.01256871 | O16: 0.63163768 | P16: 0.87692564 | Q16: 0 | R16: 0 | S16: 0.072693083 | T16: 2.7035558 | U16: 3.6531745
B17: Biomass | C17: Sri Venkata Sreedevi(Bollineni Castings) | E17: 6 | F17: 36.22 | G17: 2.1732 | H17: 0 | I17: 0 | J17: 0 | K17: 0 | N17: 0 | O17: 0 | P17: 0 | Q17: 0 | R17: 0 | S17: 0 | T17: 0 | U17: 0
C18: Balaji Agro | E18: 4.5 | F18: 36.22 | G18: 1.6299 | H18: 0.4901814 | I18: 0.4901814 | J18: 0.089186226 | K18: 0.28776323 | N18: 0 | O18: 0.37694946 | P18: 1.8194535 | Q18: 0 | R18: 0 | S18: 0 | T18: 5.8705457 | U18: 7.6899992
B19: Biomass | C19: Satyamaharshi | E19: 6 | F19: 36.22 | G19: 2.1732 | H19: 0 | I19: 0 | J19: 0 | K19: 0.030697824 | N19: 0.0042003947 | O19: 0.034898219 | P19: 0 | Q19: 0 | R19: 0 | S19: 0 | T19: 0 | U19: 0
B20: Biomass | C20: Jyothi Bio Energy 6MW | E20: 6 | F20: 36.22 | G20: 2.1732 | H20: 0 | I20: 0 | J20: 0 | K20: 0 | N20: 0 | O20: 0 | P20: 0 | Q20: 0 | R20: 0 | S20: 0 | T20: 0 | U20: 0
B21: Biomass | C21: Clarion Power | E21: 12 | F21: 36.22 | G21: 4.3464 | H21: 0 | I21: 0 | J21: 0 | K21: 0 | N21: 0 | O21: 0 | P21: 0 | Q21: 0 | R21: 0 | S21: 0 | T21: 0 | U21: 0
B22: Biomass | C22: Greenko (Sri Balaji Biomass) | E22: 6 | F22: 36.22 | G22: 2.1732 | H22: 0 | I22: 0 | J22: 0 | K22: 0.030939376 | N22: 0 | O22: 0.030939376 | P22: 0 | Q22: 0 | R22: 0 | S22: 0 | T22: 0 | U22: 0
C23: Varam Power | F23: 36.22 | G23: 0 | H23: 0 | I23: 0 | J23: 0 | K23: 0 | N23: 0.45949451 | O23: 0.45949451 | P23: 0 | Q23: 0 | R23: 0 | S23: 0 | T23: 0 | U23: 0
B24: Biomass | C24: Vishnu Vidyut India Ltd | E24: 7.5 | F24: 36.22 | G24: 2.7165 | H24: 0 | I24: 0 | J24: 0 | K24: 0 | N24: 0 | O24: 0 | P24: 0 | Q24: 0 | R24: 0 | S24: 0 | T24: 0 | U24: 0
C25: Matrix Power | E25: 4.5 | F25: 36.22 | G25: 1.6299 | H25: 0 | I25: 0 | J25: 0 | K25: 0.0057537314 | N25: 0 | O25: 0.0057537314 | P25: 0 | Q25: 0 | R25: 0 | S25: 0 | T25: 0 | U25: 0
C26: Veeraiah non Conventional | E26: 4 | F26: 36.22 | G26: 1.4488 | H26: 0 | I26: 0 | J26: 0 | K26: -0.0021403041 | N26: 0 | O26: -0.0021403041 | P26: 0 | Q26: 0 | R26: 0 | S26: 0 | T26: 0 | U26: 0
C27: Vijaya Agro Power | E27: 4 | F27: 36.22 | G27: 1.4488 | H27: 0 | I27: 0 | J27: 0 | K27: -0.0018733857 | N27: 0 | O27: -0.0018733857 | P27: 0 | Q27: 0 | R27: 0 | S27: 0 | T27: 0 | U27: 0
B28: Biomass | C28: M/S. Om Shakthi Renergies Limited. | E28: 6 | F28: 36.22 | G28: 2.1732 | H28: 0 | O28: 0 | P28: 0 | Q28: 0 | R28: 0 | S28: 0 | T28: 0 | U28: 0
B29: Biomass | C29: M/s Velagapudi Power Generation Pvt. Ltd., | E29: 4 | F29: 36.22 | G29: 1.4488 | H29: 0 | O29: 0 | P29: 0 | Q29: 0 | R29: 0 | S29: 0 | T29: 0 | U29: 0
B30: Biomass | C30: M/s Agri Gold Projects Ltd. | E30: 2 | F30: 36.22 | G30: 0.7244 | H30: 0 | O30: 0 | P30: 0 | Q30: 0 | R30: 0 | S30: 0 | T30: 0 | U30: 0
B31: Biomass | C31: M/s Singaraya Hills Green Power Ltd | E31: 8 | F31: 36.22 | G31: 2.8976 | H31: 0 | O31: 0 | P31: 0 | Q31: 0 | R31: 0 | S31: 0 | T31: 0 | U31: 0
B32: 6 | C32: NCE-Biomass Total | E32: 80.5 | G32: 29.1571 | H32: 0.4901814 | I32: 0.4901814 | J32: 0.089186226 | K32: 0.35114047 | L32: 0 | M32: 0 | N32: 0.4636949 | O32: 0.9040216 | P32: 1.8194535 | Q32: 0 | R32: 0 | S32: 9.4596592 | T32: 7.1634802 | U32: 18.442593
B33: Iwaste | C33: 3F Industries Ltd (Foods & Fats) | E33: 6 | F33: 36.22 | G33: 2.1732 | H33: 4.7292467 | I33: 4.7292467 | J33: 0.80271302 | K33: 2.7429631 | N33: 0 | O33: 3.5456761 | P33: 1.697338 | Q33: 0 | R33: 0 | S33: 0 | T33: 5.8 | U33: 7.497338
B34: Iwaste | C34: Redan Infra Pvt Ltd | E34: 7.5 | F34: 36.22 | G34: 2.7165 | H34: 0 | I34: 0 | J34: 0 | K34: 0 | N34: 0 | O34: 0 | P34: 0 | Q34: 0 | R34: 0 | S34: 0 | T34: 0 | U34: 0
B35: Iwaste | C35: Sai Renewable Power (P) Limited | E35: 4.5 | F35: 36.22 | G35: 1.6299 | H35: 0 | O35: 0 | P35: 0 | Q35: 0 | R35: 0 | S35: 0 | T35: 0 | U35: 0
B36: Iwaste | C36: Raus Power Limited | E36: 3.66 | F36: 36.22 | G36: 1.325652 | H36: 0 | O36: 0 | P36: 0 | Q36: 0 | R36: 0 | S36: 0 | T36: 0 | U36: 0
C37: NCE-Industrial Waste TOTAL | E37: 21.66 | G37: 7.845252 | H37: 4.7292467 | I37: 4.7292467 | J37: 0.80271302 | K37: 2.7429631 | L37: 0 | M37: 0 | N37: 0 | O37: 3.5456761 | P37: 1.697338 | Q37: 0 | R37: 0 | S37: 0 | T37: 5.8 | U37: 7.497338
B38: MsW | C38: Jindal urban waste Mangament (guntur) | E38: 15 | F38: 36.22 | G38: 5.433 | H38: 43.439106 | I38: 43.439106 | J38: 0 | K38: 28.066006 | N38: 0 | O38: 28.066006 | P38: 0 | Q38: 0 | R38: 0 | S38: 0 | T38: 6.461 | U38: 6.461
B39: MsW | C39: Jindal urban waste Mangament (Viskaptanam)) | E39: 15 | F39: 36.22 | G39: 5.433 | H39: 39.615277 | I39: 39.615277 | J39: 0 | K39: 25.409238 | N39: 0 | O39: 25.409238 | P39: 0 | Q39: 0 | R39: 0 | S39: 0 | T39: 6.414 | U39: 6.414
B40: MsW | C40: M/s Shriram Energy Systems Pvt. Ltd. | E40: 6 | F40: 36.22 | G40: 2.1732 | O40: 0 | P40: 0 | Q40: 0 | R40: 0 | S40: 0 | T40: 0 | U40: 0
B41: MsW | C41: Vijayawada Municipal Corporation | E41: 0.15 | F41: 36.22 | G41: 0.05433 | H41: 0 | O41: 0 | P41: 0 | Q41: 0 | R41: 0 | S41: 0 | T41: 0 | U41: 0
B42: 7 | C42: NCE-Municipal Waste TOTAL | E42: 36.15 | G42: 13.09353 | H42: 83.054383 | I42: 83.054383 | J42: 0 | K42: 53.475245 | L42: 0 | M42: 0 | N42: 0 | O42: 53.475245 | P42: 0 | Q42: 0 | R42: 0 | S42: 0 | T42: 6.438582 | U42: 6.438582
B43: Mhydel | C43: M/s Saradar Power Limited | E43: 3 | F43: 36.22 | G43: 1.0866 | H43: 2.1829856 | I43: 2.1829856 | J43: 0.44046654 | K43: 0 | N43: 0 | O43: 0.44046654 | P43: 2.0177254 | Q43: 0 | R43: 0 | S43: 0 | T43: 0 | U43: 2.0177254
B44: Mhydel | C44: M/s Bhavani Hydro Power Projects Ltd | E44: 0.55 | F44: 36.22 | G44: 0.19921 | H44: 0.033635119 | I44: 0.033635119 | J44: 0.0020669754 | K44: 0.031794406 | N44: 0 | O44: 0.033861382 | P44: 0.61452894 | Q44: 0 | R44: 0 | S44: 0 | T44: 9.4527408 | U44: 10.06727
B45: Mhydel | C45: M/s Balaji Energy Pvt Ltd. | E45: 12 | F45: 36.22 | G45: 4.3464 | H45: 0 | I45: 0 | J45: 0 | K45: 0 | N45: 0 | O45: 0 | P45: 0 | Q45: 0 | R45: 0 | S45: 0 | T45: 0 | U45: 0
B46: Mhydel | C46: KM POWER PVT Ltd( MADH) | E46: 4 | F46: 36.22 | G46: 1.4488 | H46: 1.4753226 | I46: 1.4753226 | J46: 0.44685164 | K46: -0.012586035 | N46: 0 | O46: 0.43426561 | P46: 3.0288402 | Q46: 0 | R46: 0 | S46: 0 | T46: -0.085310391 | U46: 2.9435298
B47: Mhydel | C47: Vetamamidi MHPP Project (APTRIPCO) | E47: 1.2 | F47: 36.22 | G47: 0.43464 | H47: 1.1261165 | I47: 1.1261165 | J47: 0.23314603 | K47: 0 | N47: 0 | O47: 0.23314603 | P47: 2.0703545 | Q47: 0 | R47: 0 | S47: 0 | T47: 0 | U47: 2.0703545
B48: Mhydel | C48: NCL ENERGY TB DAM | E48: 6.6 | F48: 36.22 | G48: 2.39052 | H48: 2.4642877 | I48: 2.4642877 | J48: 0 | K48: 0.43913605 | N48: 0 | O48: 0.43913605 | P48: 0 | Q48: 0 | R48: 0 | S48: 0 | T48: 1.7819999 | U48: 1.7819999
B49: Mhydel | C49: KANDALERU | E49: 3 | F49: 36.22 | G49: 1.0866 | H49: 0 | I49: 0 | J49: 0 | K49: 0 | N49: 0.05076854 | O49: 0.05076854 | P49: 0 | Q49: 0 | R49: 0 | S49: 0 | T49: 0 | U49: 0
B50: Mhydel | C50: Pinjari Konda | E50: 1.2 | F50: 36.22 | G50: 0.43464 | H50: 1.4052395 | I50: 1.4052395 | J50: 0.013160417 | K50: 0.33525316 | N50: 0 | O50: 0.34841358 | P50: 0.093652485 | Q50: 0 | R50: 0 | S50: 0 | T50: 2.3857368 | U50: 2.4793893
B51: 8 | C51: Mini Hydel Total | E51: 31.55 | G51: 11.42741 | H51: 8.687587 | I51: 8.687587 | J51: 1.1356916 | K51: 0.79359758 | L51: 0 | M51: 0 | N51: 0.05076854 | O51: 1.9800577 | P51: 1.3072578 | Q51: 0 | R51: 0 | S51: 0.058438022 | T51: 0.91348446 | U51: 2.2791803
B52: Wind | C52: NEDCAP,1.60 MW | E52: 1.6 | F52: 36.22 | G52: 0.57952 | H52: 1.2062386 | I52: 1.2062386 | J52: 0 | K52: 0.2445372 | N52: 0 | O52: 0.2445372 | P52: 0 | Q52: 0 | R52: 0 | S52: 0 | T52: 2.0272706 | U52: 2.0272706
B53: Wind | C53: Nandi Rollers Flour Mills (P) Ltd., | E53: 0.8 | F53: 36.22 | G53: 0.28976 | H53: 0.61677546 | I53: 0.61677546 | J53: 0 | K53: 0.16245707 | N53: 0 | O53: 0.16245707 | P53: 0 | Q53: 0 | R53: 0 | S53: 0 | T53: 2.6339743 | U53: 2.6339743
B54: Wind | C54: Orange Sorting Machines (India) Pvt. Ltd | E54: 0.8 | F54: 36.22 | G54: 0.28976 | H54: 0.64119148 | I54: 0.64119148 | J54: 0 | K54: 0.16887464 | N54: 0 | O54: 0.16887464 | P54: 0 | Q54: 0 | R54: 0 | S54: 0 | T54: 2.633763 | U54: 2.633763
B55: Wind | C55: Prakash Beedies Pvt. Ltd. | E55: 0.8 | F55: 36.22 | G55: 0.28976 | H55: 0.62095667 | I55: 0.62095667 | J55: 0 | K55: 0.16881472 | N55: 0 | O55: 0.16881472 | P55: 0 | Q55: 0 | R55: 0 | S55: 0 | T55: 2.7186231 | U55: 2.7186231
B56: Wind | C56: Vikram Traders | E56: 0.8 | F56: 36.22 | G56: 0.28976 | H56: 0.45416887 | I56: 0.45416887 | J56: 0 | K56: 0.11975439 | N56: 0 | O56: 0.11975439 | P56: 0 | Q56: 0 | R56: 0 | S56: 0 | T56: 2.6367812 | U56: 2.6367812
B57: Wind | C57: Compucom Software Ltd | E57: 0.8 | F57: 36.22 | G57: 0.28976 | H57: 0.496175 | I57: 0.496175 | J57: 0 | K57: 0.1308267 | N57: 0 | O57: 0.1308267 | P57: 0 | Q57: 0 | R57: 0 | S57: 0 | T57: 2.6367047 | U57: 2.6367047
B58: Wind | C58: Chandulal Surajlal | E58: 0.8 | F58: 36.22 | G58: 0.28976 | H58: 0.41874441 | I58: 0.41874441 | J58: 0 | K58: 0.11039937 | N58: 0 | O58: 0.11039937 | P58: 0 | Q58: 0 | R58: 0 | S58: 0 | T58: 2.6364382 | U58: 2.6364382
B59: Wind | C59: G.Shoe Export | E59: 0.8 | F59: 36.22 | G59: 0.28976 | H59: 0.44413617 | I59: 0.44413617 | J59: 0 | K59: 0.11709088 | N59: 0 | O59: 0.11709088 | P59: 0 | Q59: 0 | R59: 0 | S59: 0 | T59: 2.6363735 | U59: 2.6363735
B60: Wind | C60: Arts & Crafts Exports | E60: 0.8 | F60: 36.22 | G60: 0.28976 | H60: 0.37985511 | I60: 0.37985511 | J60: 0 | K60: 0.10015392 | N60: 0 | O60: 0.10015392 | P60: 0 | Q60: 0 | R60: 0 | S60: 0 | T60: 2.6366349 | U60: 2.6366349
B61: Wind | C61: Vish Wind Phase I | E61: 0.8 | F61: 36.22 | G61: 0.28976 | H61: 0.54908429 | I61: 0.54908429 | J61: 0 | K61: 0.13322882 | N61: 0 | O61: 0.13322882 | P61: 0 | Q61: 0 | R61: 0 | S61: 0 | T61: 2.426382 | U61: 2.426382
B62: Wind | C62: Vish Wind Phase II | E62: 4 | F62: 36.22 | G62: 1.4488 | H62: 2.6215684 | I62: 2.6215684 | J62: 0 | K62: 0.63537265 | N62: 0 | O62: 0.63537265 | P62: 0 | Q62: 0 | R62: 0 | S62: 0 | T62: 2.4236356 | U62: 2.4236356
B63: Wind | C63: Vish Wind Phase III | E63: 1.6 | F63: 36.22 | G63: 0.57952 | H63: 0.95340057 | I63: 0.95340057 | J63: 0 | K63: 0.23134742 | N63: 0 | O63: 0.23134742 | P63: 0 | Q63: 0 | R63: 0 | S63: 0 | T63: 2.4265501 | U63: 2.4265501
... B82: Wind | C82: Axis Wind Farms (Rayalaseema) Pvt Ltd | E82: 105 | F82: 36.22 | G82: 38.031 | H82: 99.834727 | I82: 99.834727 | J82: 0 | K82: 39.768033 | N82: 0 | O82: 39.768033 | P82: 0 | Q82: 0 | R82: 0 | S82: 0 | T82: 3.9833868 | U82: 3.9833868
C83: Vibrant Greentech India Pvt Limited 2.0 MW | E83: 2 | F83: 36.22 | G83: 0.7244 | H83: 0.23448638 | I83: 0.23448638 | J83: 0 | K83: 0.028925334 | N83: 0 | O83: 0.028925334 | P83: 0 | Q83: 0 | R83: 0 | S83: 0 | T83: 1.2335614 | U83: 1.2335614
B84: Wind | C84: Mayura Steels Pvt. Ltd. | E84: 0.8 | F84: 36.22 | G84: 0.28976 | H84: 0.46163127 | I84: 0.46163127 | J84: 0 | K84: 0.12178237 | N84: 0 | O84: 0.12178237 | P84: 0 | Q84: 0 | R84: 0 | S84: 0 | T84: 2.6380876 | U84: 2.6380876
B85: Wind | C85: Shilpa Medicare Ltd | E85: 1.6 | F85: 36.22 | G85: 0.57952 | H85: 1.1355118 | I85: 1.1355118 | J85: 0 | K85: 0.29940146 | N85: 0 | O85: 0.29940146 | P85: 0 | Q85: 0 | R85: 0 | S85: 0 | T85: 2.6367093 | U85: 2.6367093
B86: Wind | C86: S. Kumar | E86: 0.8 | F86: 36.22 | G86: 0.28976 | H86: 0.54873946 | I86: 0.54873946 | J86: 0 | K86: 0.14451453 | N86: 0 | O86: 0.14451453 | P86: 0 | Q86: 0 | R86: 0 | S86: 0 | T86: 2.6335727 | U86: 2.6335727
B87: Wind | C87: Siddaganga Oil Extractions Pvt Ltd | E87: 1.6 | F87: 36.22 | G87: 0.57952 | H87: 1.0595296 | I87: 1.0595296 | J87: 0 | K87: 0.27905595 | N87: 0 | O87: 0.27905595 | P87: 0 | Q87: 0 | R87: 0 | S87: 0 | T87: 2.6337721 | U87: 2.6337721
B88: Wind | C88: Protectron Elecromech Pvt. Ltd Ankireddipally | E88: 0.8 | F88: 36.22 | G88: 0.28976 | H88: 0.53945977 | I88: 0.53945977 | J88: 0 | K88: 0.14207378 | N88: 0 | O88: 0.14207378 | P88: 0 | Q88: 0 | R88: 0 | S88: 0 | T88: 2.6336307 | U88: 2.6336307
B89: Wind | C89: Canara Cement Pipes | E89: 0.8 | F89: 36.22 | G89: 0.28976 | H89: 0.45616649 | I89: 0.45616649 | J89: 0 | K89: 0.1201359 | N89: 0 | O89: 0.1201359 | P89: 0 | Q89: 0 | R89: 0 | S89: 0 | T89: 2.6335976 | U89: 2.6335976
B90: Wind | C90: Texmo Precision Castings | E90: 1.6 | F90: 36.22 | G90: 0.57952 | H90: 1.0750796 | I90: 1.0750796 | J90: 0 | K90: 0.28346587 | N90: 0 | O90: 0.28346587 | P90: 0 | Q90: 0 | R90: 0 | S90: 0 | T90: 2.6366965 | U90: 2.6366965
B91: Wind | C91: Texmo Industries | E91: 2.4 | F91: 36.22 | G91: 0.86928 | H91: 1.5781025 | I91: 1.5781025 | J91: 0 | K91: 0.41602759 | N91: 0 | O91: 0.41602759 | P91: 0 | Q91: 0 | R91: 0 | S91: 0 | T91: 2.636252 | U91: 2.636252
B92: Wind | C92: Vaayu Phase - I | E92: 4.8 | F92: 36.22 | G92: 1.73856 | H92: 3.7228446 | I92: 3.7228446 | J92: 0 | K92: 0.9805588 | N92: 0 | O92: 0.9805588 | P92: 0 | Q92: 0 | R92: 0 | S92: 0 | T92: 2.6338967 | U92: 2.6338967
B93: Wind | C93: Vaayu Phase -II | E93: 4.8 | F93: 36.22 | G93: 1.73856 | H93: 3.0140993 | I93: 3.0140993 | J93: 0 | K93: 0.79470136 | N93: 0 | O93: 0.79470136 | P93: 0 | Q93: 0 | R93: 0 | S93: 0 | T93: 2.6366131 | U93: 2.6366131
B94: Wind | C94: Vaayu Phase -III | E94: 4.8 | F94: 36.22 | G94: 1.73856 | H94: 3.1730514 | I94: 3.1730514 | J94: 0 | K94: 0.83666654 | N94: 0 | O94: 0.83666654 | P94: 0 | Q94: 0 | R94: 0 | S94: 0 | T94: 2.6367885 | U94: 2.6367885
B95: Wind | C95: Vaayu Phase -IV | E95: 11.2 | F95: 36.22 | G95: 4.05664 | H95: 8.2806859 | I95: 8.2806859 | J95: 0 | K95: 2.1809854 | N95: 0 | O95: 2.1809854 | P95: 0 | Q95: 0 | R95: 0 | S95: 0 | T95: 2.6338222 | U95: 2.6338222
... B140: Wind | C140: Hi-Tech systems & Services Ltd 2.1MW Tallimadugula | E140: 2.1 | F140: 36.22 | G140: 0.76062 | H140: 1.8309408 | I140: 1.8309408 | J140: 0 | K140: 0.84998258 | N140: 0 | O140: 0.84998258 | P140: 0 | Q140: 0 | R140: 0 | S140: 0 | T140: 4.6423269 | U140: 4.6423269
C141: Sterling Agro Industries ltd 4.2MW | E141: 4.2 | F141: 36.22 | G141: 1.52124 | H141: 0 | I141: 0 | J141: 0 | K141: 0 | N141: 0 | O141: 0 | P141: 0 | Q141: 0 | R141: 0 | S141: 0 | T141: 0 | U141: 0
B142: Wind | C142: NREDCAP Ltd 4MW Molagavali | E142: 4 | F142: 36.22 | G142: 1.4488 | H142: 3.6793833 | I142: 3.6793833 | J142: 0 | K142: 1.3289695 | N142: 0 | O142: 1.3289695 | P142: 0 | Q142: 0 | R142: 0 | S142: 0 | T142: 3.6119355 | U142: 3.6119355
B143: Wind | C143: Molagavalli Renewable Pvt Ltd 46MW | E143: 46 | F143: 36.22 | G143: 16.6612 | H143: 42.259495 | I143: 42.259495 | J143: 0 | K143: 17.423022 | N143: 0 | O143: 17.423022 | P143: 0 | Q143: 0 | R143: 0 | S143: 0 | T143: 4.1228656 | U143: 4.1228656
B144: Wind | C144: Meghna Associates | E144: 0.8 | F144: 36.22 | G144: 0.28976 | H144: 0.39446474 | I144: 0.39446474 | J144: 0 | K144: 0.10399805 | N144: 0 | O144: 0.10399805 | P144: 0 | Q144: 0 | R144: 0 | S144: 0 | T144: 2.6364348 | U144: 2.6364348
C145: M.G.M. Springs Pvt. Ltd | E145: 2 | F145: 36.22 | G145: 0.7244 | H145: 0.47541212 | I145: 0.47541212 | J145: 0 | K145: 0.12520969 | N145: 0 | O145: 0.12520969 | P145: 0 | Q145: 0 | R145: 0 | S145: 0 | T145: 2.6337083 | U145: 2.6337083
C146: Vish Wind Infrastructure Pvt Ltd (Phase-I) | E146: 2.14 | F146: 36.22 | G146: 0.775108 | H146: 0 | I146: 0 | J146: 0 | K146: 0.0039699714 | N146: 0 | O146: 0.0039699714 | P146: 0 | Q146: 0 | R146: 0 | S146: 0 | T146: 0 | U146: 0
C147: Vish Wind Infrastructure Pvt Ltd (Phase-II) | F147: 36.22 | H147: 0 | I147: 0 | J147: 0 | K147: 0.0025650069 | N147: 0 | O147: 0.0025650069 | P147: 0 | Q147: 0 | R147: 0 | S147: 0 | T147: 0 | U147: 0
C148: Vish Wind Infrastructure Pvt Ltd (Phase-III) | F148: 36.22 | H148: 0 | I148: 0 | J148: 0 | K148: 0.00067700372 | N148: 0 | O148: 0.00067700372 | P148: 0 | Q148: 0 | R148: 0 | S148: 0 | T148: 0 | U148: 0
C149: Tadas Wind Energy Pvt Ltd (Phase -I) | F149: 36.22 | H149: 0 | I149: 0 | J149: 0 | K149: 0.14560488 | N149: 0 | O149: 0.14560488 | P149: 0 | Q149: 0 | R149: 0 | S149: 0 | T149: 0 | U149: 0
C150: Tadas Wind Energy Pvt Ltd (Phase -II) | F150: 36.22 | H150: 0 | I150: 0 | J150: 0 | K150: 0.036981854 | N150: 0 | O150: 0.036981854 | P150: 0 | Q150: 0 | R150: 0 | S150: 0 | T150: 0 | U150: 0
C151: Tadas Wind Energy Pvt Ltd (Phase -III) | F151: 36.22 | H151: 0 | I151: 0 | J151: 0 | K151: 0.070542503 | N151: 0 | O151: 0.070542503 | P151: 0 | Q151: 0 | R151: 0 | S151: 0 | T151: 0 | U151: 0
C152: Tadas Wind Energy Pvt Ltd (Phase -IV) | F152: 36.22 | H152: 0 | I152: 0 | J152: 0 | K152: 0.11929267 | N152: 0 | O152: 0.11929267 | P152: 0 | Q152: 0 | R152: 0 | S152: 0 | T152: 0 | U152: 0
C153: Tadas Wind Energy Pvt Ltd (Phase -V) | F153: 36.22 | H153: 0 | I153: 0 | J153: 0 | K153: 0.083216705 | N153: 0 | O153: 0.083216705 | P153: 0 | Q153: 0 | R153: 0 | S153: 0 | T153: 0 | U153: 0
C154: Tadas Wind Energy Pvt Ltd (Phase -VI) | F154: 36.22 | H154: 0 | I154: 0 | J154: 0 | K154: 0.081860792 | N154: 0 | O154: 0.081860792 | P154: 0 | Q154: 0 | R154: 0 | S154: 0 | T154: 0 | U154: 0
C155: Tadas Wind Energy Pvt Ltd (Phase -VII) | F155: 36.22 | H155: 0 | I155: 0 | J155: 0 | K155: 0.026034464 | N155: 0 | O155: 0.026034464 | P155: 0 | Q155: 0 | R155: 0 | S155: 0 | T155: 0 | U155: 0
C156: Oil Country Tubular Ltd | F156: 36.22 | H156: 0 | I156: 0 | J156: 0 | K156: 0.0021952627 | N156: 0 | O156: 0.0021952627 | P156: 0 | Q156: 0 | R156: 0 | S156: 0 | T156: 0 | U156: 0
B157: Wind | C157: Neminath Trading Company | E157: 0.8 | F157: 36.22 | G157: 0.28976 | H157: 0.39124709 | I157: 0.39124709 | J157: 0 | K157: 0.18372474 | N157: 0 | O157: 0.18372474 | P157: 0 | Q157: 0 | R157: 0 | S157: 0 | T157: 4.6958749 | U157: 4.6958749
B158: Wind | C158: Khandke Wind Energy Pvt Ltd (Phase-I) | E158: 2.4 | F158: 36.22 | G158: 0.86928 | H158: 1.6490488 | I158: 1.6490488 | J158: 0 | K158: 0.77411028 | N158: 0 | O158: 0.77411028 | P158: 0 | Q158: 0 | R158: 0 | S158: 0 | T158: 4.6942835 | U158: 4.6942835
B159: Wind | C159: Khandke Wind Energy Pvt Ltd (Phase-II) | E159: 6.4 | F159: 36.22 | G159: 2.31808 | H159: 4.3673167 | I159: 4.3673167 | J159: 0 | K159: 2.0500198 | N159: 0 | O159: 2.0500198 | P159: 0 | Q159: 0 | R159: 0 | S159: 0 | T159: 4.6940031 | U159: 4.6940031
B160: Wind | C160: Khandke Wind Energy Pvt Ltd (Phase-III) | E160: 4 | F160: 36.22 | G160: 1.4488 | H160: 2.0927018 | I160: 2.0927018 | J160: 0 | K160: 0.98230995 | N160: 0 | O160: 0.98230995 | P160: 0 | Q160: 0 | R160: 0 | S160: 0 | T160: 4.6939795 | U160: 4.6939795
B161: Wind | C161: Khandke Wind Energy Pvt Ltd (Phase-IV) | E161: 2.4 | F161: 36.22 | G161: 0.86928 | H161: 1.5015923 | I161: 1.5015923 | J161: 0 | K161: 0.70482576 | N161: 0 | O161: 0.70482576 | P161: 0 | Q161: 0 | R161: 0 | S161: 0 | T161: 4.6938556 | U161: 4.6938556
B162: Wind | C162: Khandke Wind Energy Pvt Ltd (Phase-V) | E162: 16 | F162: 36.22 | G162: 5.7952 | H162: 11.106135 | I162: 11.106135 | J162: 0 | K162: 5.2132679 | N162: 0 | O162: 5.2132679 | P162: 0 | Q162: 0 | R162: 0 | S162: 0 | T162: 4.6940431 | U162: 4.6940431
B163: Wind | C163: Saptagir Camphor Ltd-1 | E163: 0.8 | F163: 36.22 | G163: 0.28976 | H163: 0.40959765 | I163: 0.40959765 | J163: 0 | K163: 0.19228934 | N163: 0 | O163: 0.19228934 | P163: 0 | Q163: 0 | R163: 0 | S163: 0 | T163: 4.6945909 | U163: 4.6945909
B164: Wind | C164: Amrit Bottlers Pvt Ltd | E164: 0.8 | F164: 36.22 | G164: 0.28976 | H164: 0.59260588 | I164: 0.59260588 | J164: 0 | K164: 0.25151765 | N164: 0 | O164: 0.25151765 | P164: 0 | Q164: 0 | R164: 0 | S164: 0 | T164: 4.2442651 | U164: 4.2442651
B165: Wind | C165: Saptagir Camphor Ltd-2 | E165: 0.8 | F165: 36.22 | G165: 0.28976 | H165: 0.63059954 | I165: 0.63059954 | J165: 0 | K165: 0.26761949 | N165: 0 | O165: 0.26761949 | P165: 0 | Q165: 0 | R165: 0 | S165: 0 | T165: 4.2438896 | U165: 4.2438896
...

Sheet 1.4(ii)|NCE- Year 1
A1: 36.22 | C1: Index sheet | D1: 2024-25 | AQ1: 1
AQ2: 2
C3: Form 1.4(i) | D3: NCE Generation (Base Year)
C5: Plant wise NCE Generation and Cost Details for Base Year. The total should be consistent with values provided in Form 1.4 under NCE.
X7: H2 | AE7: H1
C8: TYPE | D8: Name | E8: Plant Capacity | F8: DISCOM's share | G8: DISCOM's share | H8: Availability and Dispatch (MU) | J8: Cost (Rs. Crs.) | P8: Unit Cost (Rs. / kWh) | V8: Remarks | X8: Dispatch | Y8: FC | Z8: VC | AA8: Incentive | AB8: Inc. Tax | AC8: Others | AD8: Total | AE8: Dispatch | AF8: FC | AG8: VC | AH8: OTHERS | AI8: PASTCLAIMS | AK8: Total
E9: (MW) | F9: (%) | G9: (MW) | H9: Net Availability | I9: Dispatch | J9: Fixed | K9: Variable | L9: Incentive | M9: Inc. Tax | N9: Others | O9: Total | P9: Fixed | Q9: Incentives | R9: Inc. Tax | S9: Others | T9: Variable | U9: Total
C10: Bagasse | D10: M/s Nava Bharath Ventures Ltd | E10: 7 | F10: =$A$1 -> 36.22 | G10: =E10*F10/100 -> 2.5354 | H10: =I10 -> 0 | I10: =X10 -> 0 | J10: =Y10 -> 0 | K10: =Z10 -> 0 | L10: 0 | N10: =AB10+AA10 -> 0 | O10: =SUM(J10:N10) -> 0 | P10: =IF(I10=0,0,J10/I10*10) -> 0 | Q10: =IF(I10=0,0,L10/I10*10) -> 0 | R10: =IF(I10=0,0,M10/I10*10) -> 0 | S10: =IF(I10=0,0,N10/I10*10) -> 0 | T10: =IF(I10=0,0,K10/I10*10) -> 0 | U10: =IF(I10=0,0,O10/I10*10) -> 0 | X10: 0 | Y10: 0 | Z10: 0 | AA10: 0 | AB10: 0 | AD10: =SUM(Y10:AC10) -> 0
C11: Bagasse | D11: Chodavaram Sugars | E11: 7 | F11: =$A$1 -> 36.22 | G11: =E11*F11/100 -> 2.5354 | H11: =I11 -> 0.68263833 | I11: =X11 -> 0.68263833 | J11: =Y11 -> 0 | K11: =Z11 -> 0 | L11: 0 | N11: =AB11+AA11 -> 0.1918897 | O11: =SUM(J11:N11) -> 0.1918897 | P11: =IF(I11=0,0,J11/I11*10) -> 0 | Q11: =IF(I11=0,0,L11/I11*10) -> 0 | R11: =IF(I11=0,0,M11/I11*10) -> 0 | S11: =IF(I11=0,0,N11/I11*10) -> 2.811001 | T11: =IF(I11=0,0,K11/I11*10) -> 0 | U11: =IF(I11=0,0,O11/I11*10) -> 2.811001 | X11: 0.68263833 | Y11: 0 | Z11: 0 | AA11: 0 | AB11: 0.1918897 | AD11: =SUM(Y11:AC11) -> 0.1918897
C12: Bagasse | D12: EID Parry India Ltd (GMR Tech) | E12: 16 | F12: =$A$1 -> 36.22 | H12: =I12 -> 0 | I12: =X12 -> 0 | J12: =Y12 -> 0 | K12: =Z12 -> 0 | L12: 0 | N12: =AB12+AA12 -> 4.0785863 | O12: =SUM(J12:N12) -> 4.0785863 | X12: 0 | Y12: 0 | Z12: 0 | AA12: 0 | AB12: 4.0785863 | AD12: =SUM(Y12:AC12) -> 4.0785863
C13: Bagasse | D13: M/s.KCP Sugar & Industries Corporation Ltd. (Vuyyuru) | E13: 12 | F13: =$A$1 -> 36.22 | G13: =E13*F13/100 -> 4.3464 | H13: =I13 -> 1.6461001 | I13: =X13 -> 1.6461001 | J13: =Y13 -> 0.27785578 | K13: =Z13 -> 0.6469173 | L13: 0 | N13: =AB13+AA13 -> 0 | O13: =SUM(J13:N13) -> 0.92477308 | P13: =IF(I13=0,0,J13/I13*10) -> 1.6879641 | Q13: =IF(I13=0,0,L13/I13*10) -> 0 | R13: =IF(I13=0,0,M13/I13*10) -> 0 | S13: =IF(I13=0,0,N13/I13*10) -> 0 | T13: =IF(I13=0,0,K13/I13*10) -> 3.9299998 | U13: =IF(I13=0,0,O13/I13*10) -> 5.6179639 | X13: 1.6461001 | Y13: 0.27785578 | Z13: 0.6469173 | AA13: 0 | AB13: 0 | AD13: =SUM(Y13:AC13) -> 0.92477308
C14: Bagasse | D14: M/s KCP Sugars & Industries Ltd., (Lakshmipuram) | E14: 5 | F14: =$A$1 -> 36.22 | G14: =E14*F14/100 -> 1.811 | H14: =I14 -> 0 | I14: =X14 -> 0 | J14: =Y14 -> 0 | K14: =Z14 -> 0 | L14: 0 | N14: =AB14+AA14 -> 0 | O14: =SUM(J14:N14) -> 0 | P14: =IF(I14=0,0,J14/I14*10) -> 0 | Q14: =IF(I14=0,0,L14/I14*10) -> 0 | R14: =IF(I14=0,0,M14/I14*10) -> 0 | S14: =IF(I14=0,0,N14/I14*10) -> 0 | T14: =IF(I14=0,0,K14/I14*10) -> 0 | U14: =IF(I14=0,0,O14/I14*10) -> 0 | X14: 0 | Y14: 0 | Z14: 0 | AA14: 0 | AB14: 0 | AD14: =SUM(Y14:AC14) -> 0
C15: Bagasse | D15: M/s Empee Power Projects Ltd | E15: 20 | F15: =$A$1 -> 36.22 | G15: =E15*F15/100 -> 7.244 | H15: =I15 -> 0 | I15: =X15 -> 0 | J15: =Y15 -> 0 | K15: =Z15 -> 0 | L15: 0 | N15: =AB15+AA15 -> 0 | O15: =SUM(J15:N15) -> 0 | P15: =IF(I15=0,0,J15/I15*10) -> 0 | Q15: =IF(I15=0,0,L15/I15*10) -> 0 | R15: =IF(I15=0,0,M15/I15*10) -> 0 | S15: =IF(I15=0,0,N15/I15*10) -> 0 | T15: =IF(I15=0,0,K15/I15*10) -> 0 | U15: =IF(I15=0,0,O15/I15*10) -> 0 | X15: 0 | Y15: 0 | Z15: 0 | AA15: 0 | AB15: 0 | AD15: =SUM(Y15:AC15) -> 0
C16: 5 | D16: NCE -BAGASSE Total | E16: =SUM(E10:E15) -> 67 | G16: =SUM(G10:G15) -> 18.4722 | H16: =SUM(H10:H15) -> 2.3287384 | I16: =SUM(I10:I15) -> 2.3287384 | J16: =SUM(J10:J15) -> 0.27785578 | K16: =SUM(K10:K15) -> 0.6469173 | L16: =SUM(L10:L15) -> 0 | M16: =SUM(M10:M15) -> 0 | N16: =SUM(N10:N15) -> 4.270476 | O16: =SUM(O10:O15) -> 5.1952491 | P16: =IF(I16=0,0,J16/I16*10) -> 1.1931601 | Q16: =IF(I16=0,0,L16/I16*10) -> 0 | R16: =IF(I16=0,0,M16/I16*10) -> 0 | S16: =IF(I16=0,0,N16/I16*10) -> 18.338152 | T16: =IF(I16=0,0,K16/I16*10) -> 2.7779732 | U16: =IF(I16=0,0,O16/I16*10) -> 22.309286 | X16: =SUM(X10:X15) -> 2.3287384 | Y16: =SUM(Y10:Y15) -> 0.27785578 | Z16: =SUM(Z10:Z15) -> 0.6469173 | AA16: =SUM(AA10:AA15) -> 0 | AB16: =SUM(AB10:AB15) -> 4.270476 | AC16: =SUM(AC10:AC15) -> 0 | AD16: =SUM(Y16:AC16) -> 5.1952491
C17: Biomass | D17: Sri Venkata Sreedevi(Bollineni Castings) | E17: 6 | F17: =$A$1 -> 36.22 | G17: =E17*F17/100 -> 2.1732 | H17: =I17 -> 0 | I17: =X17 -> 0 | J17: =Y17 -> 0 | K17: =Z17 -> 0 | L17: 0 | N17: =AB17+AA17 -> 0 | O17: =SUM(J17:N17) -> 0 | P17: =IF(I17=0,0,J17/I17*10) -> 0 | Q17: =IF(I17=0,0,L17/I17*10) -> 0 | R17: =IF(I17=0,0,M17/I17*10) -> 0 | S17: =IF(I17=0,0,N17/I17*10) -> 0 | T17: =IF(I17=0,0,K17/I17*10) -> 0 | U17: =IF(I17=0,0,O17/I17*10) -> 0 | X17: 0 | Y17: 0 | Z17: 0 | AA17: 0 | AB17: 0 | AD17: =SUM(Y17:AC17) -> 0
C18: Biomass | D18: Balaji Agro | E18: 4.5 | F18: =$A$1 -> 36.22 | G18: =E18*F18/100 -> 1.6299 | H18: =I18 -> 0 | I18: =X18 -> 0 | J18: =Y18 -> 0 | K18: =Z18 -> 0 | L18: 0 | N18: =AB18+AA18 -> 0 | O18: =SUM(J18:N18) -> 0 | P18: =IF(I18=0,0,J18/I18*10) -> 0 | Q18: =IF(I18=0,0,L18/I18*10) -> 0 | R18: =IF(I18=0,0,M18/I18*10) -> 0 | S18: =IF(I18=0,0,N18/I18*10) -> 0 | T18: =IF(I18=0,0,K18/I18*10) -> 0 | U18: =IF(I18=0,0,O18/I18*10) -> 0 | X18: 0 | Y18: 0 | Z18: 0 | AA18: 0 | AB18: 0 | AD18: =SUM(Y18:AC18) -> 0
C19: Biomass | D19: Satyamaharshi | E19: 6 | F19: =$A$1 -> 36.22 | G19: =E19*F19/100 -> 2.1732 | H19: =I19 -> 0 | I19: =X19 -> 0 | J19: =Y19 -> 0 | K19: =Z19 -> 0 | L19: 0 | N19: =AB19+AA19 -> 0 | O19: =SUM(J19:N19) -> 0 | P19: =IF(I19=0,0,J19/I19*10) -> 0 | Q19: =IF(I19=0,0,L19/I19*10) -> 0 | R19: =IF(I19=0,0,M19/I19*10) -> 0 | S19: =IF(I19=0,0,N19/I19*10) -> 0 | T19: =IF(I19=0,0,K19/I19*10) -> 0 | U19: =IF(I19=0,0,O19/I19*10) -> 0 | X19: 0 | Y19: 0 | Z19: 0 | AA19: 0 | AB19: 0 | AD19: =SUM(Y19:AC19) -> 0
C20: Biomass | D20: Jyothi Bio Energy 6MW | E20: 6 | F20: =$A$1 -> 36.22 | G20: =E20*F20/100 -> 2.1732 | H20: =I20 -> 0 | I20: =X20 -> 0 | J20: =Y20 -> 0 | K20: =Z20 -> 0 | L20: 0 | N20: =AB20+AA20 -> 0 | O20: =SUM(J20:N20) -> 0 | P20: =IF(I20=0,0,J20/I20*10) -> 0 | Q20: =IF(I20=0,0,L20/I20*10) -> 0 | R20: =IF(I20=0,0,M20/I20*10) -> 0 | S20: =IF(I20=0,0,N20/I20*10) -> 0 | T20: =IF(I20=0,0,K20/I20*10) -> 0 | U20: =IF(I20=0,0,O20/I20*10) -> 0 | X20: 0 | Y20: 0 | Z20: 0 | AA20: 0 | AB20: 0 | AD20: =SUM(Y20:AC20) -> 0
C21: Biomass | D21: Clarion Power | E21: 12 | F21: =$A$1 -> 36.22 | G21: =E21*F21/100 -> 4.3464 | H21: =I21 -> 0 | I21: =X21 -> 0 | J21: =Y21 -> 0 | K21: =Z21 -> 0 | L21: 0 | N21: =AB21+AA21 -> 0 | O21: =SUM(J21:N21) -> 0 | P21: =IF(I21=0,0,J21/I21*10) -> 0 | Q21: =IF(I21=0,0,L21/I21*10) -> 0 | R21: =IF(I21=0,0,M21/I21*10) -> 0 | S21: =IF(I21=0,0,N21/I21*10) -> 0 | T21: =IF(I21=0,0,K21/I21*10) -> 0 | U21: =IF(I21=0,0,O21/I21*10) -> 0 | X21: 0 | Y21: 0 | Z21: 0 | AA21: 0 | AB21: 0 | AD21: =SUM(Y21:AC21) -> 0
C22: Biomass | D22: Greenko (Sri Balaji Biomass) | E22: 6 | F22: =$A$1 -> 36.22 | G22: =E22*F22/100 -> 2.1732 | H22: =I22 -> 0 | I22: =X22 -> 0 | J22: =Y22 -> 0 | K22: =Z22 -> 0 | L22: 0 | N22: =AB22+AA22 -> 0 | O22: =SUM(J22:N22) -> 0 | P22: =IF(I22=0,0,J22/I22*10) -> 0 | Q22: =IF(I22=0,0,L22/I22*10) -> 0 | R22: =IF(I22=0,0,M22/I22*10) -> 0 | S22: =IF(I22=0,0,N22/I22*10) -> 0 | T22: =IF(I22=0,0,K22/I22*10) -> 0 | U22: =IF(I22=0,0,O22/I22*10) -> 0 | X22: 0 | Y22: 0 | Z22: 0 | AA22: 0 | AB22: 0 | AD22: =SUM(Y22:AC22) -> 0
C23: Biomass | D23: Vishnu Vidyut India Ltd | E23: 7.5 | F23: =$A$1 -> 36.22 | G23: =E23*F23/100 -> 2.7165 | H23: =I23 -> 0 | I23: =X23 -> 0 | J23: =Y23 -> 0 | K23: =Z23 -> 0 | L23: 0 | N23: =AB23+AA23 -> 0 | O23: =SUM(J23:N23) -> 0 | P23: =IF(I23=0,0,J23/I23*10) -> 0 | Q23: =IF(I23=0,0,L23/I23*10) -> 0 | R23: =IF(I23=0,0,M23/I23*10) -> 0 | S23: =IF(I23=0,0,N23/I23*10) -> 0 | T23: =IF(I23=0,0,K23/I23*10) -> 0 | U23: =IF(I23=0,0,O23/I23*10) -> 0 | X23: 0 | Y23: 0 | Z23: 0 | AA23: 0 | AB23: 0 | AD23: =SUM(Y23:AC23) -> 0
C24: Biomass | D24: M/S. Om Shakthi Renergies Limited. | E24: 6 | F24: =$A$1 -> 36.22 | G24: =E24*F24/100 -> 2.1732 | H24: =I24 -> 0 | I24: =X24 -> 0 | J24: =Y24 -> 0 | K24: =Z24 -> 0 | L24: 0 | N24: =AB24+AA24 -> 0 | O24: =SUM(J24:N24) -> 0 | P24: =IF(I24=0,0,J24/I24*10) -> 0 | Q24: =IF(I24=0,0,L24/I24*10) -> 0 | R24: =IF(I24=0,0,M24/I24*10) -> 0 | S24: =IF(I24=0,0,N24/I24*10) -> 0 | T24: =IF(I24=0,0,K24/I24*10) -> 0 | U24: =IF(I24=0,0,O24/I24*10) -> 0 | X24: 0 | Y24: 0 | Z24: 0 | AA24: 0 | AB24: 0 | AD24: =SUM(Y24:AC24) -> 0
C25: Biomass | D25: M/s Velagapudi Power Generation Pvt. Ltd., | E25: 4 | F25: =$A$1 -> 36.22 | G25: =E25*F25/100 -> 1.4488 | H25: =I25 -> 0 | I25: =X25 -> 0 | J25: =Y25 -> 0 | K25: =Z25 -> 0 | L25: 0 | N25: =AB25+AA25 -> 0 | O25: =SUM(J25:N25) -> 0 | P25: =IF(I25=0,0,J25/I25*10) -> 0 | Q25: =IF(I25=0,0,L25/I25*10) -> 0 | R25: =IF(I25=0,0,M25/I25*10) -> 0 | S25: =IF(I25=0,0,N25/I25*10) -> 0 | T25: =IF(I25=0,0,K25/I25*10) -> 0 | U25: =IF(I25=0,0,O25/I25*10) -> 0 | X25: 0 | Y25: 0 | Z25: 0 | AA25: 0 | AB25: 0 | AD25: =SUM(Y25:AC25) -> 0
C26: Biomass | D26: M/s Agri Gold Projects Ltd. | E26: 2 | F26: =$A$1 -> 36.22 | G26: =E26*F26/100 -> 0.7244 | H26: =I26 -> 0 | I26: =X26 -> 0 | J26: =Y26 -> 0 | K26: =Z26 -> 0 | L26: 0 | N26: =AB26+AA26 -> 0 | O26: =SUM(J26:N26) -> 0 | P26: =IF(I26=0,0,J26/I26*10) -> 0 | Q26: =IF(I26=0,0,L26/I26*10) -> 0 | R26: =IF(I26=0,0,M26/I26*10) -> 0 | S26: =IF(I26=0,0,N26/I26*10) -> 0 | T26: =IF(I26=0,0,K26/I26*10) -> 0 | U26: =IF(I26=0,0,O26/I26*10) -> 0 | X26: 0 | Y26: 0 | Z26: 0 | AA26: 0 | AB26: 0 | AD26: =SUM(Y26:AC26) -> 0
C27: Biomass | D27: M/s Singaraya Hills Green Power Ltd | E27: 8 | F27: =$A$1 -> 36.22 | G27: =E27*F27/100 -> 2.8976 | H27: =I27 -> 0 | I27: =X27 -> 0 | J27: =Y27 -> 0 | K27: =Z27 -> 0 | L27: 0 | N27: =AB27+AA27 -> 0 | O27: =SUM(J27:N27) -> 0 | P27: =IF(I27=0,0,J27/I27*10) -> 0 | Q27: =IF(I27=0,0,L27/I27*10) -> 0 | R27: =IF(I27=0,0,M27/I27*10) -> 0 | S27: =IF(I27=0,0,N27/I27*10) -> 0 | T27: =IF(I27=0,0,K27/I27*10) -> 0 | U27: =IF(I27=0,0,O27/I27*10) -> 0 | X27: 0 | Y27: 0 | Z27: 0 | AA27: 0 | AB27: 0 | AD27: =SUM(Y27:AC27) -> 0
C28: 6 | D28: NCE-Biomass Total | E28: =SUM(E17:E27) -> 68 | G28: =SUM(G17:G27) -> 24.6296 | H28: =SUM(H17:H27) -> 0 | I28: =SUM(I17:I27) -> 0 | J28: =SUM(J17:J27) -> 0 | K28: =SUM(K17:K27) -> 0 | L28: =SUM(L17:L27) -> 0 | M28: =SUM(M17:M27) -> 0 | N28: =SUM(N17:N27) -> 0 | O28: =SUM(O17:O27) -> 0 | P28: =IF(I28=0,0,J28/I28*10) -> 0 | Q28: =IF(I28=0,0,L28/I28*10) -> 0 | R28: =IF(I28=0,0,M28/I28*10) -> 0 | S28: =IF(I28=0,0,N28/I28*10) -> 0 | T28: =IF(I28=0,0,K28/I28*10) -> 0 | U28: =IF(I28=0,0,O28/I28*10) -> 0 | X28: =SUM(X17:X27) -> 0 | Y28: =SUM(Y17:Y27) -> 0 | Z28: =SUM(Z17:Z27) -> 0 | AA28: =SUM(AA17:AA27) -> 0 | AB28: =SUM(AB17:AB27) -> 0 | AC28: =SUM(AC17:AC27) -> 0 | AD28: =SUM(Y28:AC28) -> 0
C29: Iwaste | D29: 3F Industries Ltd (Foods & Fats) | E29: 6 | F29: =$A$1 -> 36.22 | G29: =E29*F29/100 -> 2.1732 | H29: =I29 -> 5.7508896 | I29: =X29 -> 5.7508896 | J29: =Y29 -> 0.72906754 | K29: =Z29 -> 3.7482207 | L29: 0 | N29: =AB29+AA29 -> 0 | O29: =SUM(J29:N29) -> 4.4772883 | P29: =IF(I29=0,0,J29/I29*10) -> 1.2677474 | Q29: =IF(I29=0,0,L29/I29*10) -> 0 | R29: =IF(I29=0,0,M29/I29*10) -> 0 | S29: =IF(I29=0,0,N29/I29*10) -> 0 | T29: =IF(I29=0,0,K29/I29*10) -> 6.5176363 | U29: =IF(I29=0,0,O29/I29*10) -> 7.7853837 | X29: 5.7508896 | Y29: 0.72906754 | Z29: 3.7482207 | AA29: 0 | AB29: 0 | AD29: =SUM(Y29:AC29) -> 4.4772883
C30: Iwaste | D30: Redan Infra Pvt Ltd | E30: 7.5 | F30: =$A$1 -> 36.22 | G30: =E30*F30/100 -> 2.7165 | H30: =I30 -> 0.29432823 | I30: =X30 -> 0.29432823 | J30: =Y30 -> 0.025606519 | K30: =Z30 -> 0.17659697 | L30: 0 | N30: =AB30+AA30 -> 0 | O30: =SUM(J30:N30) -> 0.20220349 | P30: =IF(I30=0,0,J30/I30*10) -> 0.86999875 | Q30: =IF(I30=0,0,L30/I30*10) -> 0 | R30: =IF(I30=0,0,M30/I30*10) -> 0 | S30: =IF(I30=0,0,N30/I30*10) -> 0 | T30: =IF(I30=0,0,K30/I30*10) -> 6.0000012 | U30: =IF(I30=0,0,O30/I30*10) -> 6.87 | X30: 0.29432823 | Y30: 0.025606519 | Z30: 0.17659697 | AA30: 0 | AB30: 0 | AD30: =SUM(Y30:AC30) -> 0.20220349
C31: Iwaste | D31: Raus Power Limited | E31: 3.66 | F31: =$A$1 -> 36.22 | G31: =E31*F31/100 -> 1.325652 | H31: =I31 -> 0 | I31: =X31 -> 0 | J31: =Y31 -> 0 | K31: =Z31 -> 0 | L31: 0 | N31: =AB31+AA31 -> 0 | O31: =SUM(J31:N31) -> 0 | P31: =IF(I31=0,0,J31/I31*10) -> 0 | Q31: =IF(I31=0,0,L31/I31*10) -> 0 | R31: =IF(I31=0,0,M31/I31*10) -> 0 | S31: =IF(I31=0,0,N31/I31*10) -> 0 | T31: =IF(I31=0,0,K31/I31*10) -> 0 | U31: =IF(I31=0,0,O31/I31*10) -> 0 | X31: 0 | Y31: 0 | Z31: 0 | AA31: 0 | AB31: 0 | AD31: =SUM(Y31:AC31) -> 0
D32: NCE-Industrial Waste TOTAL | E32: =SUM(E29:E31) -> 17.16 | G32: =SUM(G29:G31) -> 6.215352 | H32: =SUM(H29:H31) -> 6.0452179 | I32: =SUM(I29:I31) -> 6.0452179 | J32: =SUM(J29:J31) -> 0.75467406 | K32: =SUM(K29:K31) -> 3.9248177 | L32: =SUM(L29:L31) -> 0 | M32: =SUM(M29:M31) -> 0 | N32: =SUM(N29:N31) -> 0 | O32: =SUM(O29:O31) -> 4.6794917 | P32: =IF(I32=0,0,J32/I32*10) -> 1.2483819 | Q32: =IF(I32=0,0,L32/I32*10) -> 0 | R32: =IF(I32=0,0,M32/I32*10) -> 0 | S32: =IF(I32=0,0,N32/I32*10) -> 0 | T32: =IF(I32=0,0,K32/I32*10) -> 6.4924338 | U32: =IF(I32=0,0,O32/I32*10) -> 7.7408157 | X32: =SUM(X29:X31) -> 6.0452179 | Y32: =SUM(Y29:Y31) -> 0.75467406 | Z32: =SUM(Z29:Z31) -> 3.9248177 | AA32: =SUM(AA29:AA31) -> 0 | AB32: =SUM(AB29:AB31) -> 0 | AC32: =SUM(AC29:AC31) -> 0 | AD32: =SUM(Y32:AC32) -> 4.6794917
C33: MsW | D33: Jindal urban waste Mangament (guntur) | E33: 15 | F33: =$A$1 -> 36.22 | G33: =E33*F33/100 -> 5.433 | H33: =I33 -> 43.071544 | I33: =X33 -> 43.071544 | J33: =Y33 -> 0 | K33: =Z33 -> 27.424658 | L33: 0 | N33: =AB33+AA33 -> 0 | O33: =SUM(J33:N33) -> 27.424658 | P33: =IF(I33=0,0,J33/I33*10) -> 0 | Q33: =IF(I33=0,0,L33/I33*10) -> 0 | R33: =IF(I33=0,0,M33/I33*10) -> 0 | S33: =IF(I33=0,0,N33/I33*10) -> 0 | T33: =IF(I33=0,0,K33/I33*10) -> 6.3672334 | U33: =IF(I33=0,0,O33/I33*10) -> 6.3672334 | X33: 43.071544 | Y33: 0 | Z33: 27.424658 | AA33: 0 | AB33: 0 | AD33: =SUM(Y33:AC33) -> 27.424658
C34: MsW | D34: Jindal urban waste Mangament (Viskaptanam)) | E34: 15 | F34: =$A$1 -> 36.22 | G34: =E34*F34/100 -> 5.433 | H34: =I34 -> 40.888029 | I34: =X34 -> 40.888029 | J34: =Y34 -> 0 | K34: =Z34 -> 25.841986 | L34: 0 | N34: =AB34+AA34 -> 0 | O34: =SUM(J34:N34) -> 25.841986 | P34: =IF(I34=0,0,J34/I34*10) -> 0 | Q34: =IF(I34=0,0,L34/I34*10) -> 0 | R34: =IF(I34=0,0,M34/I34*10) -> 0 | S34: =IF(I34=0,0,N34/I34*10) -> 0 | T34: =IF(I34=0,0,K34/I34*10) -> 6.3201838 | U34: =IF(I34=0,0,O34/I34*10) -> 6.3201838 | X34: 40.888029 | Y34: 0 | Z34: 25.841986 | AA34: 0 | AB34: 0 | AD34: =SUM(Y34:AC34) -> 25.841986
C35: MsW | D35: M/s Shriram Energy Systems Pvt. Ltd. | E35: 6 | F35: =$A$1 -> 36.22 | G35: =E35*F35/100 -> 2.1732 | H35: =I35 -> 0 | I35: =X35 -> 0 | J35: =Y35 -> 0 | K35: =Z35 -> 0 | L35: 0 | N35: =AB35+AA35 -> 0 | O35: =SUM(J35:N35) -> 0 | P35: =IF(I35=0,0,J35/I35*10) -> 0 | Q35: =IF(I35=0,0,L35/I35*10) -> 0 | R35: =IF(I35=0,0,M35/I35*10) -> 0 | S35: =IF(I35=0,0,N35/I35*10) -> 0 | T35: =IF(I35=0,0,K35/I35*10) -> 0 | U35: =IF(I35=0,0,O35/I35*10) -> 0 | X35: 0 | Y35: 0 | Z35: 0 | AA35: 0 | AB35: 0 | AD35: =SUM(Y35:AC35) -> 0
C36: MsW | D36: Vijayawada Municipal Corporation | E36: 0.15 | F36: =$A$1 -> 36.22 | G36: =E36*F36/100 -> 0.05433 | H36: =I36 -> 0 | I36: =X36 -> 0 | J36: =Y36 -> 0 | K36: =Z36 -> 0 | L36: 0 | N36: =AB36+AA36 -> 0 | O36: =SUM(J36:N36) -> 0 | P36: =IF(I36=0,0,J36/I36*10) -> 0 | Q36: =IF(I36=0,0,L36/I36*10) -> 0 | R36: =IF(I36=0,0,M36/I36*10) -> 0 | S36: =IF(I36=0,0,N36/I36*10) -> 0 | T36: =IF(I36=0,0,K36/I36*10) -> 0 | U36: =IF(I36=0,0,O36/I36*10) -> 0 | X36: 0 | Y36: 0 | Z36: 0 | AA36: 0 | AB36: 0 | AD36: =SUM(Y36:AC36) -> 0
C37: 7 | D37: NCE-Municipal Waste TOTAL | E37: =SUM(E33:E36) -> 36.15 | G37: =SUM(G33:G36) -> 13.09353 | H37: =SUM(H33:H36) -> 83.959573 | I37: =SUM(I33:I36) -> 83.959573 | J37: =SUM(J33:J36) -> 0 | K37: =SUM(K33:K36) -> 53.266644 | L37: =SUM(L33:L36) -> 0 | M37: =SUM(M33:M36) -> 0 | N37: =SUM(N33:N36) -> 0 | O37: =SUM(O33:O36) -> 53.266644 | P37: =IF(I37=0,0,J37/I37*10) -> 0 | Q37: =IF(I37=0,0,L37/I37*10) -> 0 | R37: =IF(I37=0,0,M37/I37*10) -> 0 | S37: =IF(I37=0,0,N37/I37*10) -> 0 | T37: =IF(I37=0,0,K37/I37*10) -> 6.3443204 | U37: =IF(I37=0,0,O37/I37*10) -> 6.3443204 | X37: =SUM(X33:X36) -> 83.959573 | Y37: =SUM(Y33:Y36) -> 0 | Z37: =SUM(Z33:Z36) -> 53.266644 | AA37: =SUM(AA33:AA36) -> 0 | AB37: =SUM(AB33:AB36) -> 0 | AC37: =SUM(AC33:AC36) -> 0 | AD37: =SUM(Y37:AC37) -> 53.266644
C38: Mhydel | D38: M/s Saradar Power Limited | E38: 3 | F38: =$A$1 -> 36.22 | G38: =E38*F38/100 -> 1.0866 | H38: =I38 -> 1.5048781 | I38: =X38 -> 1.5048781 | J38: =Y38 -> 0.25675636 | K38: =Z38 -> 0.13859339 | L38: 0 | N38: =AB38+AA38 -> -0.0106887 | O38: =SUM(J38:N38) -> 0.38466105 | P38: =IF(I38=0,0,J38/I38*10) -> 1.7061605 | Q38: =IF(I38=0,0,L38/I38*10) -> 0 | R38: =IF(I38=0,0,M38/I38*10) -> 0 | S38: =IF(I38=0,0,N38/I38*10) -> -0.071027014 | T38: =IF(I38=0,0,K38/I38*10) -> 0.92096089 | U38: =IF(I38=0,0,O38/I38*10) -> 2.5560944 | X38: 1.5048781 | Y38: 0.25675636 | Z38: 0.13859339 | AA38: 0 | AB38: -0.0106887 | AD38: =SUM(Y38:AC38) -> 0.38466105
C39: Mhydel | D39: M/s Bhavani Hydro Power Projects Ltd | E39: 0.55 | F39: =$A$1 -> 36.22 | G39: =E39*F39/100 -> 0.19921 | H39: =I39 -> 0.16696963 | I39: =X39 -> 0.16696963 | J39: =Y39 -> 0 | K39: =Z39 -> 0.0539463 | L39: 0 | N39: =AB39+AA39 -> 0 | O39: =SUM(J39:N39) -> 0.0539463 | P39: =IF(I39=0,0,J39/I39*10) -> 0 | Q39: =IF(I39=0,0,L39/I39*10) -> 0 | R39: =IF(I39=0,0,M39/I39*10) -> 0 | S39: =IF(I39=0,0,N39/I39*10) -> 0 | T39: =IF(I39=0,0,K39/I39*10) -> 3.2309048 | U39: =IF(I39=0,0,O39/I39*10) -> 3.2309048 | X39: 0.16696963 | Y39: 0 | Z39: 0.0539463 | AA39: 0 | AB39: 0 | AD39: =SUM(Y39:AC39) -> 0.0539463
C40: Mhydel | D40: M/s Balaji Energy Pvt Ltd. | E40: 12 | F40: =$A$1 -> 36.22 | G40: =E40*F40/100 -> 4.3464 | H40: =I40 -> 0 | I40: =X40 -> 0 | J40: =Y40 -> 0 | K40: =Z40 -> 0 | L40: 0 | N40: =AB40+AA40 -> 1.4023456 | O40: =SUM(J40:N40) -> 1.4023456 | P40: =IF(I40=0,0,J40/I40*10) -> 0 | Q40: =IF(I40=0,0,L40/I40*10) -> 0 | R40: =IF(I40=0,0,M40/I40*10) -> 0 | S40: =IF(I40=0,0,N40/I40*10) -> 0 | T40: =IF(I40=0,0,K40/I40*10) -> 0 | U40: =IF(I40=0,0,O40/I40*10) -> 0 | X40: 0 | Y40: 0 | Z40: 0 | AA40: 0 | AB40: 1.4023456 | AD40: =SUM(Y40:AC40) -> 1.4023456
C41: Mhydel | D41: KM POWER PVT Ltd( MADH) | E41: 4 | F41: =$A$1 -> 36.22 | G41: =E41*F41/100 -> 1.4488 | H41: =I41 -> 0 | I41: =X41 -> 0 | J41: =Y41 -> 0 | K41: =Z41 -> 0 | L41: 0 | N41: =AB41+AA41 -> 0 | O41: =SUM(J41:N41) -> 0 | P41: =IF(I41=0,0,J41/I41*10) -> 0 | Q41: =IF(I41=0,0,L41/I41*10) -> 0 | R41: =IF(I41=0,0,M41/I41*10) -> 0 | S41: =IF(I41=0,0,N41/I41*10) -> 0 | T41: =IF(I41=0,0,K41/I41*10) -> 0 | U41: =IF(I41=0,0,O41/I41*10) -> 0 | X41: 0 | Y41: 0 | Z41: 0 | AA41: 0 | AB41: 0 | AD41: =SUM(Y41:AC41) -> 0
C42: Mhydel | D42: Vetamamidi MHPP Project (APTRIPCO) | E42: 1.2 | F42: =$A$1 -> 36.22 | G42: =E42*F42/100 -> 0.43464 | H42: =I42 -> 1.6168313 | I42: =X42 -> 1.6168313 | J42: =Y42 -> 0.15510247 | K42: =Z42 -> 0.23119837 | L42: 0 | N42: =AB42+AA42 -> 0 | O42: =SUM(J42:N42) -> 0.38630084 | P42: =IF(I42=0,0,J42/I42*10) -> 0.95929906 | Q42: =IF(I42=0,0,L42/I42*10) -> 0 | R42: =IF(I42=0,0,M42/I42*10) -> 0 | S42: =IF(I42=0,0,N42/I42*10) -> 0 | T42: =IF(I42=0,0,K42/I42*10) -> 1.4299474 | U42: =IF(I42=0,0,O42/I42*10) -> 2.3892465 | X42: 1.6168313 | Y42: 0.15510247 | Z42: 0.23119837 | AA42: 0 | AB42: 0 | AD42: =SUM(Y42:AC42) -> 0.38630084
C43: Mhydel | D43: NCL ENERGY TB DAM | E43: 6.6 | F43: =$A$1 -> 36.22 | G43: =E43*F43/100 -> 2.39052 | H43: =I43 -> 8.5327864 | I43: =X43 -> 8.5327864 | J43: =Y43 -> 0.31364814 | K43: =Z43 -> 1.1626701 | L43: 0 | N43: =AB43+AA43 -> 0 | O43: =SUM(J43:N43) -> 1.4763182 | P43: =IF(I43=0,0,J43/I43*10) -> 0.36757998 | Q43: =IF(I43=0,0,L43/I43*10) -> 0 | R43: =IF(I43=0,0,M43/I43*10) -> 0 | S43: =IF(I43=0,0,N43/I43*10) -> 0 | T43: =IF(I43=0,0,K43/I43*10) -> 1.3625913 | U43: =IF(I43=0,0,O43/I43*10) -> 1.7301713 | X43: 8.5327864 | Y43: 0.31364814 | Z43: 1.1626701 | AA43: 0 | AB43: 0 | AD43: =SUM(Y43:AC43) -> 1.4763182
D44: KANDALERU | E44: 3 | F44: =$A$1 -> 36.22 | G44: =E44*F44/100 -> 1.0866 | H44: =I44 -> 0 | I44: =X44 -> 0 | J44: =Y44 -> 0 | K44: =Z44 -> 0 | L44: 0 | N44: =AB44+AA44 -> 0 | O44: =SUM(J44:N44) -> 0 | P44: =IF(I44=0,0,J44/I44*10) -> 0 | Q44: =IF(I44=0,0,L44/I44*10) -> 0 | R44: =IF(I44=0,0,M44/I44*10) -> 0 | S44: =IF(I44=0,0,N44/I44*10) -> 0 | T44: =IF(I44=0,0,K44/I44*10) -> 0 | U44: =IF(I44=0,0,O44/I44*10) -> 0 | X44: 0 | Y44: 0 | Z44: 0 | AA44: 0 | AB44: 0 | AD44: =SUM(Y44:AC44) -> 0
C45: Mhydel | D45: Pinjari Konda | E45: 1.2 | F45: =$A$1 -> 36.22 | G45: =E45*F45/100 -> 0.43464 | H45: =I45 -> 1.3702239 | I45: =X45 -> 1.3702239 | J45: =Y45 -> 0.20513531 | K45: =Z45 -> 0.12316 | L45: 0 | N45: =AB45+AA45 -> 0 | O45: =SUM(J45:N45) -> 0.32829531 | P45: =IF(I45=0,0,J45/I45*10) -> 1.4970933 | Q45: =IF(I45=0,0,L45/I45*10) -> 0 | R45: =IF(I45=0,0,M45/I45*10) -> 0 | S45: =IF(I45=0,0,N45/I45*10) -> 0 | T45: =IF(I45=0,0,K45/I45*10) -> 0.89883121 | U45: =IF(I45=0,0,O45/I45*10) -> 2.3959245 | X45: 1.3702239 | Y45: 0.20513531 | Z45: 0.12316 | AA45: 0 | AB45: 0 | AD45: =SUM(Y45:AC45) -> 0.32829531
D46: Trimula Cotton & Agro Products GNT 4079 Unit - I, II & III | H46: =I46 -> 0 | I46: =X46 -> 0 | J46: =Y46 -> 0 | K46: =Z46 -> 0 | L46: 0 | N46: =AB46+AA46 -> 0 | O46: =SUM(J46:N46) -> 0 | P46: =IF(I46=0,0,J46/I46*10) -> 0 | Q46: =IF(I46=0,0,L46/I46*10) -> 0 | R46: =IF(I46=0,0,M46/I46*10) -> 0 | S46: =IF(I46=0,0,N46/I46*10) -> 0 | T46: =IF(I46=0,0,K46/I46*10) -> 0 | U46: =IF(I46=0,0,O46/I46*10) -> 0 | X46: 0 | Y46: 0 | Z46: 0 | AA46: 0 | AB46: 0 | AD46: =SUM(Y46:AC46) -> 0
D47: Mini Hydel Banked Energy | H47: =I47 -> 0 | I47: =X47 -> 0 | J47: =Y47 -> 0 | K47: =Z47 -> 0 | L47: 0 | N47: =AB47+AA47 -> 0.4011994 | O47: =SUM(J47:N47) -> 0.4011994 | P47: =IF(I47=0,0,J47/I47*10) -> 0 | Q47: =IF(I47=0,0,L47/I47*10) -> 0 | R47: =IF(I47=0,0,M47/I47*10) -> 0 | S47: =IF(I47=0,0,N47/I47*10) -> 0 | T47: =IF(I47=0,0,K47/I47*10) -> 0 | U47: =IF(I47=0,0,O47/I47*10) -> 0 | X47: 0 | Y47: 0 | Z47: 0 | AA47: 0 | AB47: 0.4011994 | AD47: =SUM(Y47:AC47) -> 0.4011994
C48: 8 | D48: Mini Hydel Total | E48: =SUM(E38:E45) -> 31.55 | G48: =SUM(G38:G45) -> 11.42741 | H48: =SUM(H38:H47) -> 13.191689 | I48: =SUM(I38:I47) -> 13.191689 | J48: =SUM(J38:J47) -> 0.93064229 | K48: =SUM(K38:K47) -> 1.7095681 | L48: =SUM(L38:L47) -> 0 | M48: =SUM(M38:M47) -> 0 | N48: =SUM(N38:N47) -> 1.7928563 | O48: =SUM(O38:O47) -> 4.4330667 | P48: =IF(I48=0,0,J48/I48*10) -> 0.7054762 | Q48: =IF(I48=0,0,L48/I48*10) -> 0 | R48: =IF(I48=0,0,M48/I48*10) -> 0 | S48: =IF(I48=0,0,N48/I48*10) -> 1.3590801 | T48: =IF(I48=0,0,K48/I48*10) -> 1.2959433 | U48: =IF(I48=0,0,O48/I48*10) -> 3.3604996 | X48: =SUM(X38:X47) -> 13.191689 | Y48: =SUM(Y38:Y47) -> 0.93064229 | Z48: =SUM(Z38:Z47) -> 1.7095681 | AA48: =SUM(AA38:AA47) -> 0 | AB48: =SUM(AB38:AB47) -> 1.7928563 | AC48: =SUM(AC38:AC47) -> 0 | AD48: =SUM(AD38:AD47) -> 4.4330667
C49: Wind | D49: NEDCAP,1.60 MW | E49: 1.6 | F49: =$A$1 -> 36.22 | G49: =E49*F49/100 -> 0.57952 | H49: =I49 -> 1.1239107 | I49: =X49 -> 1.1239107 | J49: =Y49 -> 0 | K49: =Z49 -> 0.29583101 | L49: 0 | N49: =AB49+AA49 -> 0 | O49: =SUM(J49:N49) -> 0.29583101 | P49: =IF(I49=0,0,J49/I49*10) -> 0 | Q49: =IF(I49=0,0,L49/I49*10) -> 0 | R49: =IF(I49=0,0,M49/I49*10) -> 0 | S49: =IF(I49=0,0,N49/I49*10) -> 0 | T49: =IF(I49=0,0,K49/I49*10) -> 2.6321577 | U49: =IF(I49=0,0,O49/I49*10) -> 2.6321577 | X49: 1.1239107 | Y49: 0 | Z49: 0.29583101 | AA49: 0 | AB49: 0 | AD49: =SUM(Y49:AC49) -> 0.29583101
C50: Wind | D50: Nandi Rollers Flour Mills (P) Ltd., | E50: 0.8 | F50: =$A$1 -> 36.22 | G50: =E50*F50/100 -> 0.28976 | H50: =I50 -> 0.58027564 | I50: =X50 -> 0.58027564 | J50: =Y50 -> 0 | K50: =Z50 -> 0.15273334 | L50: 0 | N50: =AB50+AA50 -> 0 | O50: =SUM(J50:N50) -> 0.15273334 | P50: =IF(I50=0,0,J50/I50*10) -> 0 | Q50: =IF(I50=0,0,L50/I50*10) -> 0 | R50: =IF(I50=0,0,M50/I50*10) -> 0 | S50: =IF(I50=0,0,N50/I50*10) -> 0 | T50: =IF(I50=0,0,K50/I50*10) -> 2.6320826 | U50: =IF(I50=0,0,O50/I50*10) -> 2.6320826 | X50: 0.58027564 | Y50: 0 | Z50: 0.15273334 | AA50: 0 | AB50: 0 | AD50: =SUM(Y50:AC50) -> 0.15273334
C51: Wind | D51: Orange Sorting Machines (India) Pvt. Ltd | E51: 0.8 | F51: =$A$1 -> 36.22 | G51: =E51*F51/100 -> 0.28976 | H51: =I51 -> 0.60748406 | I51: =X51 -> 0.60748406 | J51: =Y51 -> 0 | K51: =Z51 -> 0.15988317 | L51: 0 | N51: =AB51+AA51 -> 0 | O51: =SUM(J51:N51) -> 0.15988317 | P51: =IF(I51=0,0,J51/I51*10) -> 0 | Q51: =IF(I51=0,0,L51/I51*10) -> 0 | R51: =IF(I51=0,0,M51/I51*10) -> 0 | S51: =IF(I51=0,0,N51/I51*10) -> 0 | T51: =IF(I51=0,0,K51/I51*10) -> 2.6318908 | U51: =IF(I51=0,0,O51/I51*10) -> 2.6318908 | X51: 0.60748406 | Y51: 0 | Z51: 0.15988317 | AA51: 0 | AB51: 0 | AD51: =SUM(Y51:AC51) -> 0.15988317
C52: Wind | D52: Prakash Beedies Pvt. Ltd. | E52: 0.8 | F52: =$A$1 -> 36.22 | G52: =E52*F52/100 -> 0.28976 | H52: =I52 -> 0.59786316 | I52: =X52 -> 0.59786316 | J52: =Y52 -> 0 | K52: =Z52 -> 0.15734281 | L52: 0 | N52: =AB52+AA52 -> 0 | O52: =SUM(J52:N52) -> 0.15734281 | P52: =IF(I52=0,0,J52/I52*10) -> 0 | Q52: =IF(I52=0,0,L52/I52*10) -> 0 | R52: =IF(I52=0,0,M52/I52*10) -> 0 | S52: =IF(I52=0,0,N52/I52*10) -> 0 | T52: =IF(I52=0,0,K52/I52*10) -> 2.6317529 | U52: =IF(I52=0,0,O52/I52*10) -> 2.6317529 | X52: 0.59786316 | Y52: 0 | Z52: 0.15734281 | AA52: 0 | AB52: 0 | AD52: =SUM(Y52:AC52) -> 0.15734281
C53: Wind | D53: Vikram Traders | E53: 0.8 | F53: =$A$1 -> 36.22 | G53: =E53*F53/100 -> 0.28976 | H53: =I53 -> 0.47531603 | I53: =X53 -> 0.47531603 | J53: =Y53 -> 0 | K53: =Z53 -> 0.1252718 | L53: 0 | N53: =AB53+AA53 -> 0 | O53: =SUM(J53:N53) -> 0.1252718 | P53: =IF(I53=0,0,J53/I53*10) -> 0 | Q53: =IF(I53=0,0,L53/I53*10) -> 0 | R53: =IF(I53=0,0,M53/I53*10) -> 0 | S53: =IF(I53=0,0,N53/I53*10) -> 0 | T53: =IF(I53=0,0,K53/I53*10) -> 2.6355475 | U53: =IF(I53=0,0,O53/I53*10) -> 2.6355475 | X53: 0.47531603 | Y53: 0 | Z53: 0.1252718 | AA53: 0 | AB53: 0 | AD53: =SUM(Y53:AC53) -> 0.1252718
C54: Wind | D54: Compucom Software Ltd | E54: 0.8 | F54: =$A$1 -> 36.22 | G54: =E54*F54/100 -> 0.28976 | H54: =I54 -> 0.50466747 | I54: =X54 -> 0.50466747 | J54: =Y54 -> 0 | K54: =Z54 -> 0.13300054 | L54: 0 | N54: =AB54+AA54 -> 0 | O54: =SUM(J54:N54) -> 0.13300054 | P54: =IF(I54=0,0,J54/I54*10) -> 0 | Q54: =IF(I54=0,0,L54/I54*10) -> 0 | R54: =IF(I54=0,0,M54/I54*10) -> 0 | S54: =IF(I54=0,0,N54/I54*10) -> 0 | T54: =IF(I54=0,0,K54/I54*10) -> 2.6354095 | U54: =IF(I54=0,0,O54/I54*10) -> 2.6354095 | X54: 0.50466747 | Y54: 0 | Z54: 0.13300054 | AA54: 0 | AB54: 0 | AD54: =SUM(Y54:AC54) -> 0.13300054
C55: Wind | D55: Chandulal Surajlal | E55: 0.8 | F55: =$A$1 -> 36.22 | G55: =E55*F55/100 -> 0.28976 | H55: =I55 -> 0.46700602 | I55: =X55 -> 0.46700602 | J55: =Y55 -> 0 | K55: =Z55 -> 0.12306162 | L55: 0 | N55: =AB55+AA55 -> 0 | O55: =SUM(J55:N55) -> 0.12306162 | P55: =IF(I55=0,0,J55/I55*10) -> 0 | Q55: =IF(I55=0,0,L55/I55*10) -> 0 | R55: =IF(I55=0,0,M55/I55*10) -> 0 | S55: =IF(I55=0,0,N55/I55*10) -> 0 | T55: =IF(I55=0,0,K55/I55*10) -> 2.6351184 | U55: =IF(I55=0,0,O55/I55*10) -> 2.6351184 | X55: 0.46700602 | Y55: 0 | Z55: 0.12306162 | AA55: 0 | AB55: 0 | AD55: =SUM(Y55:AC55) -> 0.12306162
C56: Wind | D56: G.Shoe Export | E56: 0.8 | F56: =$A$1 -> 36.22 | G56: =E56*F56/100 -> 0.28976 | H56: =I56 -> 0.42706393 | I56: =X56 -> 0.42706393 | J56: =Y56 -> 0 | K56: =Z56 -> 0.11253388 | L56: 0 | N56: =AB56+AA56 -> 0 | O56: =SUM(J56:N56) -> 0.11253388 | P56: =IF(I56=0,0,J56/I56*10) -> 0 | Q56: =IF(I56=0,0,L56/I56*10) -> 0 | R56: =IF(I56=0,0,M56/I56*10) -> 0 | S56: =IF(I56=0,0,N56/I56*10) -> 0 | T56: =IF(I56=0,0,K56/I56*10) -> 2.6350593 | U56: =IF(I56=0,0,O56/I56*10) -> 2.6350593 | X56: 0.42706393 | Y56: 0 | Z56: 0.11253388 | AA56: 0 | AB56: 0 | AD56: =SUM(Y56:AC56) -> 0.11253388
C57: Wind | D57: Arts & Crafts Exports | E57: 0.8 | F57: =$A$1 -> 36.22 | G57: =E57*F57/100 -> 0.28976 | H57: =I57 -> 0.33480819 | I57: =X57 -> 0.33480819 | J57: =Y57 -> 0 | K57: =Z57 -> 0.088198839 | L57: 0 | N57: =AB57+AA57 -> 0 | O57: =SUM(J57:N57) -> 0.088198839 | P57: =IF(I57=0,0,J57/I57*10) -> 0 | Q57: =IF(I57=0,0,L57/I57*10) -> 0 | R57: =IF(I57=0,0,M57/I57*10) -> 0 | S57: =IF(I57=0,0,N57/I57*10) -> 0 | T57: =IF(I57=0,0,K57/I57*10) -> 2.6343095 | U57: =IF(I57=0,0,O57/I57*10) -> 2.6343095 | X57: 0.33480819 | Y57: 0 | Z57: 0.088198839 | AA57: 0 | AB57: 0 | AD57: =SUM(Y57:AC57) -> 0.088198839
C58: Wind | D58: Vish Wind Phase I | E58: 0.8 | F58: =$A$1 -> 36.22 | G58: =E58*F58/100 -> 0.28976 | H58: =I58 -> 0.52859441 | I58: =X58 -> 0.52859441 | J58: =Y58 -> 0 | K58: =Z58 -> 0.12803442 | L58: 0 | N58: =AB58+AA58 -> 0.087233 | O58: =SUM(J58:N58) -> 0.21526742 | P58: =IF(I58=0,0,J58/I58*10) -> 0 | Q58: =IF(I58=0,0,L58/I58*10) -> 0 | R58: =IF(I58=0,0,M58/I58*10) -> 0 | S58: =IF(I58=0,0,N58/I58*10) -> 1.6502823 | T58: =IF(I58=0,0,K58/I58*10) -> 2.4221675 | U58: =IF(I58=0,0,O58/I58*10) -> 4.0724498 | X58: 0.52859441 | Y58: 0 | Z58: 0.12803442 | AA58: 0 | AB58: 0.087233 | AD58: =SUM(Y58:AC58) -> 0.21526742
C59: Wind | D59: Vish Wind Phase II | E59: 4 | F59: =$A$1 -> 36.22 | G59: =E59*F59/100 -> 1.4488 | H59: =I59 -> 0.14204708 | I59: =X59 -> 0.14204708 | J59: =Y59 -> 0 | K59: =Z59 -> 0.01857065 | L59: 0 | N59: =AB59+AA59 -> 0 | O59: =SUM(J59:N59) -> 0.01857065 | P59: =IF(I59=0,0,J59/I59*10) -> 0 | Q59: =IF(I59=0,0,L59/I59*10) -> 0 | R59: =IF(I59=0,0,M59/I59*10) -> 0 | S59: =IF(I59=0,0,N59/I59*10) -> 0 | T59: =IF(I59=0,0,K59/I59*10) -> 1.3073588 | U59: =IF(I59=0,0,O59/I59*10) -> 1.3073588 | X59: 0.14204708 | Y59: 0 | Z59: 0.01857065 | AA59: 0 | AB59: 0 | AD59: =SUM(Y59:AC59) -> 0.01857065
C60: Wind | D60: Vish Wind Phase III | E60: 1.6 | F60: =$A$1 -> 36.22 | G60: =E60*F60/100 -> 0.57952 | H60: =I60 -> 0.3850801 | I60: =X60 -> 0.3850801 | J60: =Y60 -> 0 | K60: =Z60 -> 0.10867862 | L60: 0 | N60: =AB60+AA60 -> 0 | O60: =SUM(J60:N60) -> 0.10867862 | P60: =IF(I60=0,0,J60/I60*10) -> 0 | Q60: =IF(I60=0,0,L60/I60*10) -> 0 | R60: =IF(I60=0,0,M60/I60*10) -> 0 | S60: =IF(I60=0,0,N60/I60*10) -> 0 | T60: =IF(I60=0,0,K60/I60*10) -> 2.8222342 | U60: =IF(I60=0,0,O60/I60*10) -> 2.8222342 | X60: 0.3850801 | Y60: 0 | Z60: 0.10867862 | AA60: 0 | AB60: 0 | AD60: =SUM(Y60:AC60) -> 0.10867862
... C79: Wind | D79: Axis Wind Farms (Rayalaseema) Pvt Ltd | E79: 105 | F79: =$A$1 -> 36.22 | G79: =E79*F79/100 -> 38.031 | H79: =I79 -> 90.489279 | I79: =X79 -> 90.489279 | J79: =Y79 -> 0 | K79: =Z79 -> 39.843829 | L79: 0 | N79: =AB79+AA79 -> 0.1390547 | O79: =SUM(J79:N79) -> 39.982883 | P79: =IF(I79=0,0,J79/I79*10) -> 0 | Q79: =IF(I79=0,0,L79/I79*10) -> 0 | R79: =IF(I79=0,0,M79/I79*10) -> 0 | S79: =IF(I79=0,0,N79/I79*10) -> 0.015366981 | T79: =IF(I79=0,0,K79/I79*10) -> 4.4031546 | U79: =IF(I79=0,0,O79/I79*10) -> 4.4185216 | X79: 90.489279 | Y79: 0 | Z79: 39.843829 | AA79: 0 | AB79: 0.1390547 | AD79: =SUM(Y79:AC79) -> 39.982883
D80: Vibrant Greentech India Pvt Limited 2.0 MW | E80: 2 | F80: =$A$1 -> 36.22 | G80: =E80*F80/100 -> 0.7244 | H80: =I80 -> 0 | I80: =X80 -> 0 | J80: =Y80 -> 0 | K80: =Z80 -> 0 | L80: 0 | N80: =AB80+AA80 -> 0 | O80: =SUM(J80:N80) -> 0 | P80: =IF(I80=0,0,J80/I80*10) -> 0 | Q80: =IF(I80=0,0,L80/I80*10) -> 0 | R80: =IF(I80=0,0,M80/I80*10) -> 0 | S80: =IF(I80=0,0,N80/I80*10) -> 0 | T80: =IF(I80=0,0,K80/I80*10) -> 0 | U80: =IF(I80=0,0,O80/I80*10) -> 0 | X80: 0 | Y80: 0 | Z80: 0 | AA80: 0 | AB80: 0 | AD80: =SUM(Y80:AC80) -> 0
C81: Wind | D81: Mayura Steels Pvt. Ltd. | E81: 0.8 | F81: =$A$1 -> 36.22 | G81: =E81*F81/100 -> 0.28976 | H81: =I81 -> 0.52591343 | I81: =X81 -> 0.52591343 | J81: =Y81 -> 0 | K81: =Z81 -> 0.13839978 | L81: 0 | N81: =AB81+AA81 -> 0 | O81: =SUM(J81:N81) -> 0.13839978 | P81: =IF(I81=0,0,J81/I81*10) -> 0 | Q81: =IF(I81=0,0,L81/I81*10) -> 0 | R81: =IF(I81=0,0,M81/I81*10) -> 0 | S81: =IF(I81=0,0,N81/I81*10) -> 0 | T81: =IF(I81=0,0,K81/I81*10) -> 2.6316076 | U81: =IF(I81=0,0,O81/I81*10) -> 2.6316076 | X81: 0.52591343 | Y81: 0 | Z81: 0.13839978 | AA81: 0 | AB81: 0 | AD81: =SUM(Y81:AC81) -> 0.13839978
C82: Wind | D82: Shilpa Medicare Ltd | E82: 1.6 | F82: =$A$1 -> 36.22 | G82: =E82*F82/100 -> 0.57952 | H82: =I82 -> 1.0825253 | I82: =X82 -> 1.0825253 | J82: =Y82 -> 0 | K82: =Z82 -> 0.28488367 | L82: 0 | N82: =AB82+AA82 -> 0 | O82: =SUM(J82:N82) -> 0.28488367 | P82: =IF(I82=0,0,J82/I82*10) -> 0 | Q82: =IF(I82=0,0,L82/I82*10) -> 0 | R82: =IF(I82=0,0,M82/I82*10) -> 0 | S82: =IF(I82=0,0,N82/I82*10) -> 0 | T82: =IF(I82=0,0,K82/I82*10) -> 2.6316582 | U82: =IF(I82=0,0,O82/I82*10) -> 2.6316582 | X82: 1.0825253 | Y82: 0 | Z82: 0.28488367 | AA82: 0 | AB82: 0 | AD82: =SUM(Y82:AC82) -> 0.28488367
C83: Wind | D83: S. Kumar | E83: 0.8 | F83: =$A$1 -> 36.22 | G83: =E83*F83/100 -> 0.28976 | H83: =I83 -> 0.52745666 | I83: =X83 -> 0.52745666 | J83: =Y83 -> 0 | K83: =Z83 -> 0.13880715 | L83: 0 | N83: =AB83+AA83 -> 0 | O83: =SUM(J83:N83) -> 0.13880715 | P83: =IF(I83=0,0,J83/I83*10) -> 0 | Q83: =IF(I83=0,0,L83/I83*10) -> 0 | R83: =IF(I83=0,0,M83/I83*10) -> 0 | S83: =IF(I83=0,0,N83/I83*10) -> 0 | T83: =IF(I83=0,0,K83/I83*10) -> 2.6316313 | U83: =IF(I83=0,0,O83/I83*10) -> 2.6316313 | X83: 0.52745666 | Y83: 0 | Z83: 0.13880715 | AA83: 0 | AB83: 0 | AD83: =SUM(Y83:AC83) -> 0.13880715
C84: Wind | D84: Siddaganga Oil Extractions Pvt Ltd | E84: 1.6 | F84: =$A$1 -> 36.22 | G84: =E84*F84/100 -> 0.57952 | H84: =I84 -> 0.99978775 | I84: =X84 -> 0.99978775 | J84: =Y84 -> 0 | K84: =Z84 -> 0.26312282 | L84: 0 | N84: =AB84+AA84 -> 0 | O84: =SUM(J84:N84) -> 0.26312282 | P84: =IF(I84=0,0,J84/I84*10) -> 0 | Q84: =IF(I84=0,0,L84/I84*10) -> 0 | R84: =IF(I84=0,0,M84/I84*10) -> 0 | S84: =IF(I84=0,0,N84/I84*10) -> 0 | T84: =IF(I84=0,0,K84/I84*10) -> 2.6317868 | U84: =IF(I84=0,0,O84/I84*10) -> 2.6317868 | X84: 0.99978775 | Y84: 0 | Z84: 0.26312282 | AA84: 0 | AB84: 0 | AD84: =SUM(Y84:AC84) -> 0.26312282
C85: Wind | D85: Protectron Elecromech Pvt. Ltd Ankireddipally | E85: 0.8 | F85: =$A$1 -> 36.22 | G85: =E85*F85/100 -> 0.28976 | H85: =I85 -> 0.50978246 | I85: =X85 -> 0.50978246 | J85: =Y85 -> 0 | K85: =Z85 -> 0.13414978 | L85: 0 | N85: =AB85+AA85 -> 0 | O85: =SUM(J85:N85) -> 0.13414978 | P85: =IF(I85=0,0,J85/I85*10) -> 0 | Q85: =IF(I85=0,0,L85/I85*10) -> 0 | R85: =IF(I85=0,0,M85/I85*10) -> 0 | S85: =IF(I85=0,0,N85/I85*10) -> 0 | T85: =IF(I85=0,0,K85/I85*10) -> 2.6315103 | U85: =IF(I85=0,0,O85/I85*10) -> 2.6315103 | X85: 0.50978246 | Y85: 0 | Z85: 0.13414978 | AA85: 0 | AB85: 0 | AD85: =SUM(Y85:AC85) -> 0.13414978
C86: Wind | D86: Canara Cement Pipes | E86: 0.8 | F86: =$A$1 -> 36.22 | G86: =E86*F86/100 -> 0.28976 | H86: =I86 -> 0.44028307 | I86: =X86 -> 0.44028307 | J86: =Y86 -> 0 | K86: =Z86 -> 0.11585929 | L86: 0 | N86: =AB86+AA86 -> 0 | O86: =SUM(J86:N86) -> 0.11585929 | P86: =IF(I86=0,0,J86/I86*10) -> 0 | Q86: =IF(I86=0,0,L86/I86*10) -> 0 | R86: =IF(I86=0,0,M86/I86*10) -> 0 | S86: =IF(I86=0,0,N86/I86*10) -> 0 | T86: =IF(I86=0,0,K86/I86*10) -> 2.6314727 | U86: =IF(I86=0,0,O86/I86*10) -> 2.6314727 | X86: 0.44028307 | Y86: 0 | Z86: 0.11585929 | AA86: 0 | AB86: 0 | AD86: =SUM(Y86:AC86) -> 0.11585929
C87: Wind | D87: Texmo Precision Castings | E87: 1.6 | F87: =$A$1 -> 36.22 | G87: =E87*F87/100 -> 0.57952 | H87: =I87 -> 1.0097221 | I87: =X87 -> 1.0097221 | J87: =Y87 -> 0 | K87: =Z87 -> 0.26569577 | L87: 0 | N87: =AB87+AA87 -> 0 | O87: =SUM(J87:N87) -> 0.26569577 | P87: =IF(I87=0,0,J87/I87*10) -> 0 | Q87: =IF(I87=0,0,L87/I87*10) -> 0 | R87: =IF(I87=0,0,M87/I87*10) -> 0 | S87: =IF(I87=0,0,N87/I87*10) -> 0 | T87: =IF(I87=0,0,K87/I87*10) -> 2.6313752 | U87: =IF(I87=0,0,O87/I87*10) -> 2.6313752 | X87: 1.0097221 | Y87: 0 | Z87: 0.26569577 | AA87: 0 | AB87: 0 | AD87: =SUM(Y87:AC87) -> 0.26569577
C88: Wind | D88: Texmo Industries | E88: 2.4 | F88: =$A$1 -> 36.22 | G88: =E88*F88/100 -> 0.86928 | H88: =I88 -> 1.5315994 | I88: =X88 -> 1.5315994 | J88: =Y88 -> 0 | K88: =Z88 -> 0.40299841 | L88: 0 | N88: =AB88+AA88 -> 0 | O88: =SUM(J88:N88) -> 0.40299841 | P88: =IF(I88=0,0,J88/I88*10) -> 0 | Q88: =IF(I88=0,0,L88/I88*10) -> 0 | R88: =IF(I88=0,0,M88/I88*10) -> 0 | S88: =IF(I88=0,0,N88/I88*10) -> 0 | T88: =IF(I88=0,0,K88/I88*10) -> 2.6312259 | U88: =IF(I88=0,0,O88/I88*10) -> 2.6312259 | X88: 1.5315994 | Y88: 0 | Z88: 0.40299841 | AA88: 0 | AB88: 0 | AD88: =SUM(Y88:AC88) -> 0.40299841
C89: Wind | D89: Vaayu Phase - I | E89: 4.8 | F89: =$A$1 -> 36.22 | G89: =E89*F89/100 -> 1.73856 | H89: =I89 -> 0.53837033 | I89: =X89 -> 0.53837033 | J89: =Y89 -> 0 | K89: =Z89 -> 0.14190708 | L89: 0 | N89: =AB89+AA89 -> 0 | O89: =SUM(J89:N89) -> 0.14190708 | P89: =IF(I89=0,0,J89/I89*10) -> 0 | Q89: =IF(I89=0,0,L89/I89*10) -> 0 | R89: =IF(I89=0,0,M89/I89*10) -> 0 | S89: =IF(I89=0,0,N89/I89*10) -> 0 | T89: =IF(I89=0,0,K89/I89*10) -> 2.6358637 | U89: =IF(I89=0,0,O89/I89*10) -> 2.6358637 | X89: 0.53837033 | Y89: 0 | Z89: 0.14190708 | AA89: 0 | AB89: 0 | AD89: =SUM(Y89:AC89) -> 0.14190708
C90: Wind | D90: Vaayu Phase -II | E90: 4.8 | F90: =$A$1 -> 36.22 | G90: =E90*F90/100 -> 1.73856 | H90: =I90 -> 0.48551084 | I90: =X90 -> 0.48551084 | J90: =Y90 -> 0 | K90: =Z90 -> 0.12800982 | L90: 0 | N90: =AB90+AA90 -> 0 | O90: =SUM(J90:N90) -> 0.12800982 | P90: =IF(I90=0,0,J90/I90*10) -> 0 | Q90: =IF(I90=0,0,L90/I90*10) -> 0 | R90: =IF(I90=0,0,M90/I90*10) -> 0 | S90: =IF(I90=0,0,N90/I90*10) -> 0 | T90: =IF(I90=0,0,K90/I90*10) -> 2.6366006 | U90: =IF(I90=0,0,O90/I90*10) -> 2.6366006 | X90: 0.48551084 | Y90: 0 | Z90: 0.12800982 | AA90: 0 | AB90: 0 | AD90: =SUM(Y90:AC90) -> 0.12800982
C91: Wind | D91: Vaayu Phase -III | E91: 4.8 | F91: =$A$1 -> 36.22 | G91: =E91*F91/100 -> 1.73856 | H91: =I91 -> 0.59199559 | I91: =X91 -> 0.59199559 | J91: =Y91 -> 0 | K91: =Z91 -> 0.15608348 | L91: 0 | N91: =AB91+AA91 -> 0 | O91: =SUM(J91:N91) -> 0.15608348 | P91: =IF(I91=0,0,J91/I91*10) -> 0 | Q91: =IF(I91=0,0,L91/I91*10) -> 0 | R91: =IF(I91=0,0,M91/I91*10) -> 0 | S91: =IF(I91=0,0,N91/I91*10) -> 0 | T91: =IF(I91=0,0,K91/I91*10) -> 2.6365648 | U91: =IF(I91=0,0,O91/I91*10) -> 2.6365648 | X91: 0.59199559 | Y91: 0 | Z91: 0.15608348 | AA91: 0 | AB91: 0 | AD91: =SUM(Y91:AC91) -> 0.15608348
C92: Wind | D92: Vaayu Phase -IV | E92: 11.2 | F92: =$A$1 -> 36.22 | G92: =E92*F92/100 -> 4.05664 | H92: =I92 -> 1.2794164 | I92: =X92 -> 1.2794164 | J92: =Y92 -> 0 | K92: =Z92 -> 0.33723713 | L92: 0 | N92: =AB92+AA92 -> 0 | O92: =SUM(J92:N92) -> 0.33723713 | P92: =IF(I92=0,0,J92/I92*10) -> 0 | Q92: =IF(I92=0,0,L92/I92*10) -> 0 | R92: =IF(I92=0,0,M92/I92*10) -> 0 | S92: =IF(I92=0,0,N92/I92*10) -> 0 | T92: =IF(I92=0,0,K92/I92*10) -> 2.6358669 | U92: =IF(I92=0,0,O92/I92*10) -> 2.6358669 | X92: 1.2794164 | Y92: 0 | Z92: 0.33723713 | AA92: 0 | AB92: 0 | AD92: =SUM(Y92:AC92) -> 0.33723713
... C123: Wind | D123: DANU WIND PARKS PVT LTD 2.3MW | E123: 2.3 | F123: =$A$1 -> 36.22 | G123: =E123*F123/100 -> 0.83306 | H123: =I123 -> 0 | I123: =X123 -> 0 | J123: =Y123 -> 0 | K123: =Z123 -> 0 | L123: 0 | N123: =AB123+AA123 -> 0 | O123: =SUM(J123:N123) -> 0 | P123: =IF(I123=0,0,J123/I123*10) -> 0 | Q123: =IF(I123=0,0,L123/I123*10) -> 0 | R123: =IF(I123=0,0,M123/I123*10) -> 0 | S123: =IF(I123=0,0,N123/I123*10) -> 0 | T123: =IF(I123=0,0,K123/I123*10) -> 0 | U123: =IF(I123=0,0,O123/I123*10) -> 0 | X123: 0 | Y123: 0 | Z123: 0 | AA123: 0 | AB123: 0 | AD123: =SUM(Y123:AC123) -> 0
C124: Wind | D124: NALCO,Gandikota | F124: =$A$1 -> 36.22 | G124: =E124*F124/100 -> 0 | H124: =I124 -> 0 | I124: =X124 -> 0 | J124: =Y124 -> 0 | K124: =Z124 -> 0 | L124: 0 | N124: =AB124+AA124 -> 0 | O124: =SUM(J124:N124) -> 0 | P124: =IF(I124=0,0,J124/I124*10) -> 0 | Q124: =IF(I124=0,0,L124/I124*10) -> 0 | R124: =IF(I124=0,0,M124/I124*10) -> 0 | S124: =IF(I124=0,0,N124/I124*10) -> 0 | T124: =IF(I124=0,0,K124/I124*10) -> 0 | U124: =IF(I124=0,0,O124/I124*10) -> 0 | X124: 0 | Y124: 0 | Z124: 0 | AA124: 0 | AB124: 0 | AD124: =SUM(Y124:AC124) -> 0
C125: Wind | D125: IOCL(14.7MW) | E125: 14.7 | F125: =$A$1 -> 36.22 | G125: =E125*F125/100 -> 5.32434 | H125: =I125 -> 9.9762625 | I125: =X125 -> 9.9762625 | J125: =Y125 -> 0 | K125: =Z125 -> 4.6327078 | L125: 0 | N125: =AB125+AA125 -> 0 | O125: =SUM(J125:N125) -> 4.6327078 | P125: =IF(I125=0,0,J125/I125*10) -> 0 | Q125: =IF(I125=0,0,L125/I125*10) -> 0 | R125: =IF(I125=0,0,M125/I125*10) -> 0 | S125: =IF(I125=0,0,N125/I125*10) -> 0 | T125: =IF(I125=0,0,K125/I125*10) -> 4.6437308 | U125: =IF(I125=0,0,O125/I125*10) -> 4.6437308 | X125: 9.9762625 | Y125: 0 | Z125: 4.6327078 | AA125: 0 | AB125: 0 | AD125: =SUM(Y125:AC125) -> 4.6327078
C126: Wind | D126: IOCL(4.2MW) | E126: 4.2 | F126: =$A$1 -> 36.22 | G126: =E126*F126/100 -> 1.52124 | H126: =I126 -> 3.0782946 | I126: =X126 -> 3.0782946 | J126: =Y126 -> 0 | K126: =Z126 -> 1.2612073 | L126: 0 | N126: =AB126+AA126 -> 0 | O126: =SUM(J126:N126) -> 1.2612073 | P126: =IF(I126=0,0,J126/I126*10) -> 0 | Q126: =IF(I126=0,0,L126/I126*10) -> 0 | R126: =IF(I126=0,0,M126/I126*10) -> 0 | S126: =IF(I126=0,0,N126/I126*10) -> 0 | T126: =IF(I126=0,0,K126/I126*10) -> 4.0970976 | U126: =IF(I126=0,0,O126/I126*10) -> 4.0970976 | X126: 3.0782946 | Y126: 0 | Z126: 1.2612073 | AA126: 0 | AB126: 0 | AD126: =SUM(Y126:AC126) -> 1.2612073
C127: Wind | D127: Sri KPR Infra & Project Ltd | E127: 2.1 | F127: =$A$1 -> 36.22 | G127: =E127*F127/100 -> 0.76062 | H127: =I127 -> 1.4392442 | I127: =X127 -> 1.4392442 | J127: =Y127 -> 0 | K127: =Z127 -> 0.6751584 | L127: 0 | N127: =AB127+AA127 -> -0.0021321 | O127: =SUM(J127:N127) -> 0.6730263 | P127: =IF(I127=0,0,J127/I127*10) -> 0 | Q127: =IF(I127=0,0,L127/I127*10) -> 0 | R127: =IF(I127=0,0,M127/I127*10) -> 0 | S127: =IF(I127=0,0,N127/I127*10) -> -0.014814026 | T127: =IF(I127=0,0,K127/I127*10) -> 4.6910623 | U127: =IF(I127=0,0,O127/I127*10) -> 4.6762483 | X127: 1.4392442 | Y127: 0 | Z127: 0.6751584 | AA127: 0 | AB127: -0.0021321 | AD127: =SUM(Y127:AC127) -> 0.6730263
C128: Wind | D128: Weld fuse Pvt ltd | E128: 2.1 | F128: =$A$1 -> 36.22 | G128: =E128*F128/100 -> 0.76062 | H128: =I128 -> 1.3688334 | I128: =X128 -> 1.3688334 | J128: =Y128 -> 0 | K128: =Z128 -> 0.64001769 | L128: 0 | N128: =AB128+AA128 -> 0 | O128: =SUM(J128:N128) -> 0.64001769 | P128: =IF(I128=0,0,J128/I128*10) -> 0 | Q128: =IF(I128=0,0,L128/I128*10) -> 0 | R128: =IF(I128=0,0,M128/I128*10) -> 0 | S128: =IF(I128=0,0,N128/I128*10) -> 0 | T128: =IF(I128=0,0,K128/I128*10) -> 4.6756435 | U128: =IF(I128=0,0,O128/I128*10) -> 4.6756435 | X128: 1.3688334 | Y128: 0 | Z128: 0.64001769 | AA128: 0 | AB128: 0 | AD128: =SUM(Y128:AC128) -> 0.64001769
C129: Wind | D129: Orange Ananthapur wind power Pvt Ltd(28.03.16 to21.07.16) | E129: 100 | F129: =$A$1 -> 36.22 | G129: =E129*F129/100 -> 36.22 | H129: =I129 -> 68.130924 | I129: =X129 -> 68.130924 | J129: =Y129 -> 0 | K129: =Z129 -> 32.907236 | L129: 0 | N129: =AB129+AA129 -> 0 | O129: =SUM(J129:N129) -> 32.907236 | P129: =IF(I129=0,0,J129/I129*10) -> 0 | Q129: =IF(I129=0,0,L129/I129*10) -> 0 | R129: =IF(I129=0,0,M129/I129*10) -> 0 | S129: =IF(I129=0,0,N129/I129*10) -> 0 | T129: =IF(I129=0,0,K129/I129*10) -> 4.83 | U129: =IF(I129=0,0,O129/I129*10) -> 4.83 | X129: 68.130924 | Y129: 0 | Z129: 32.907236 | AA129: 0 | AB129: 0 | AD129: =SUM(Y129:AC129) -> 32.907236
C130: Wind | D130: Tata Power Renewable Energy Ltd | E130: 100 | F130: =$A$1 -> 36.22 | G130: =E130*F130/100 -> 36.22 | H130: =I130 -> 65.792903 | I130: =X130 -> 65.792903 | J130: =Y130 -> 0 | K130: =Z130 -> 31.843765 | L130: 0 | N130: =AB130+AA130 -> 1.6311081 | O130: =SUM(J130:N130) -> 33.474873 | P130: =IF(I130=0,0,J130/I130*10) -> 0 | Q130: =IF(I130=0,0,L130/I130*10) -> 0 | R130: =IF(I130=0,0,M130/I130*10) -> 0 | S130: =IF(I130=0,0,N130/I130*10) -> 0.24791551 | T130: =IF(I130=0,0,K130/I130*10) -> 4.84 | U130: =IF(I130=0,0,O130/I130*10) -> 5.0879155 | X130: 65.792903 | Y130: 0 | Z130: 31.843765 | AA130: 0 | AB130: 1.6311081 | AD130: =SUM(Y130:AC130) -> 33.474873
C131: Wind | D131: Ostro Anantapur Pvt Ltd | E131: 100 | F131: =$A$1 -> 36.22 | G131: =E131*F131/100 -> 36.22 | H131: =I131 -> 70.832138 | I131: =X131 -> 70.832138 | J131: =Y131 -> 0 | K131: =Z131 -> 34.120253 | L131: 0 | N131: =AB131+AA131 -> 0 | O131: =SUM(J131:N131) -> 34.120253 | P131: =IF(I131=0,0,J131/I131*10) -> 0 | Q131: =IF(I131=0,0,L131/I131*10) -> 0 | R131: =IF(I131=0,0,M131/I131*10) -> 0 | S131: =IF(I131=0,0,N131/I131*10) -> 0 | T131: =IF(I131=0,0,K131/I131*10) -> 4.8170582 | U131: =IF(I131=0,0,O131/I131*10) -> 4.8170582 | X131: 70.832138 | Y131: 0 | Z131: 34.120253 | AA131: 0 | AB131: 0 | AD131: =SUM(Y131:AC131) -> 34.120253
C132: Wind | D132: Poly Solar Parks Pvt Ltd - 24MW | E132: 24 | F132: =$A$1 -> 36.22 | G132: =E132*F132/100 -> 8.6928 | H132: =I132 -> 16.470558 | I132: =X132 -> 16.470558 | J132: =Y132 -> 0 | K132: =Z132 -> 7.895286 | L132: 0 | N132: =AB132+AA132 -> 0.0737508 | O132: =SUM(J132:N132) -> 7.9690368 | P132: =IF(I132=0,0,J132/I132*10) -> 0 | Q132: =IF(I132=0,0,L132/I132*10) -> 0 | R132: =IF(I132=0,0,M132/I132*10) -> 0 | S132: =IF(I132=0,0,N132/I132*10) -> 0.044777354 | T132: =IF(I132=0,0,K132/I132*10) -> 4.7935753 | U132: =IF(I132=0,0,O132/I132*10) -> 4.8383527 | X132: 16.470558 | Y132: 0 | Z132: 7.895286 | AA132: 0 | AB132: 0.0737508 | AD132: =SUM(Y132:AC132) -> 7.9690368
C133: Wind | D133: JED Solar Parks Pvt Ltd - 24MW | E133: 24 | F133: =$A$1 -> 36.22 | G133: =E133*F133/100 -> 8.6928 | H133: =I133 -> 15.742734 | I133: =X133 -> 15.742734 | J133: =Y133 -> 0 | K133: =Z133 -> 7.5496668 | L133: 0 | N133: =AB133+AA133 -> 0.1122349 | O133: =SUM(J133:N133) -> 7.6619017 | P133: =IF(I133=0,0,J133/I133*10) -> 0 | Q133: =IF(I133=0,0,L133/I133*10) -> 0 | R133: =IF(I133=0,0,M133/I133*10) -> 0 | S133: =IF(I133=0,0,N133/I133*10) -> 0.071293143 | T133: =IF(I133=0,0,K133/I133*10) -> 4.7956516 | U133: =IF(I133=0,0,O133/I133*10) -> 4.8669447 | X133: 15.742734 | Y133: 0 | Z133: 7.5496668 | AA133: 0 | AB133: 0.1122349 | AD133: =SUM(Y133:AC133) -> 7.6619017
C134: Wind | D134: Zemira Renewable Energy Ltd(50.4MW) | E134: 50.4 | F134: =$A$1 -> 36.22 | G134: =E134*F134/100 -> 18.25488 | H134: =I134 -> 45.042116 | I134: =X134 -> 45.042116 | J134: =Y134 -> 0 | K134: =Z134 -> 18.988225 | L134: 0 | N134: =AB134+AA134 -> 0 | O134: =SUM(J134:N134) -> 18.988225 | P134: =IF(I134=0,0,J134/I134*10) -> 0 | Q134: =IF(I134=0,0,L134/I134*10) -> 0 | R134: =IF(I134=0,0,M134/I134*10) -> 0 | S134: =IF(I134=0,0,N134/I134*10) -> 0 | T134: =IF(I134=0,0,K134/I134*10) -> 4.2156601 | U134: =IF(I134=0,0,O134/I134*10) -> 4.2156601 | X134: 45.042116 | Y134: 0 | Z134: 18.988225 | AA134: 0 | AB134: 0 | AD134: =SUM(Y134:AC134) -> 18.988225
C135: Wind | D135: Rajasthan Gum Private Ltd 2.1 | E135: 2.1 | F135: =$A$1 -> 36.22 | G135: =E135*F135/100 -> 0.76062 | H135: =I135 -> 1.2693919 | I135: =X135 -> 1.2693919 | J135: =Y135 -> 0 | K135: =Z135 -> 0.53621167 | L135: 0 | N135: =AB135+AA135 -> 0.040588001 | O135: =SUM(J135:N135) -> 0.57679967 | P135: =IF(I135=0,0,J135/I135*10) -> 0 | Q135: =IF(I135=0,0,L135/I135*10) -> 0 | R135: =IF(I135=0,0,M135/I135*10) -> 0 | S135: =IF(I135=0,0,N135/I135*10) -> 0.31974365 | T135: =IF(I135=0,0,K135/I135*10) -> 4.2241617 | U135: =IF(I135=0,0,O135/I135*10) -> 4.5439053 | X135: 1.2693919 | Y135: 0 | Z135: 0.53621167 | AA135: 0 | AB135: 0.040588001 | AD135: =SUM(Y135:AC135) -> 0.57679967
C136: Wind | D136: KRBL 8.4 tallimadugula | E136: 8.4 | F136: =$A$1 -> 36.22 | G136: =E136*F136/100 -> 3.04248 | H136: =I136 -> 4.7779908 | I136: =X136 -> 4.7779908 | J136: =Y136 -> 0 | K136: =Z136 -> 2.1388573 | L136: 0 | N136: =AB136+AA136 -> 0.10280517 | O136: =SUM(J136:N136) -> 2.2416625 | P136: =IF(I136=0,0,J136/I136*10) -> 0 | Q136: =IF(I136=0,0,L136/I136*10) -> 0 | R136: =IF(I136=0,0,M136/I136*10) -> 0 | S136: =IF(I136=0,0,N136/I136*10) -> 0.21516402 | T136: =IF(I136=0,0,K136/I136*10) -> 4.4764786 | U136: =IF(I136=0,0,O136/I136*10) -> 4.6916426 | X136: 4.7779908 | Y136: 0 | Z136: 2.1388573 | AA136: 0 | AB136: 0.10280517 | AD136: =SUM(Y136:AC136) -> 2.2416625
C137: Wind | D137: Hi-Tech systems & Services Ltd 2.1MW Tallimadugula | E137: 2.1 | F137: =$A$1 -> 36.22 | G137: =E137*F137/100 -> 0.76062 | H137: =I137 -> 1.6064486 | I137: =X137 -> 1.6064486 | J137: =Y137 -> 0 | K137: =Z137 -> 0.64732899 | L137: 0 | N137: =AB137+AA137 -> -0.010598778 | O137: =SUM(J137:N137) -> 0.63673021 | P137: =IF(I137=0,0,J137/I137*10) -> 0 | Q137: =IF(I137=0,0,L137/I137*10) -> 0 | R137: =IF(I137=0,0,M137/I137*10) -> 0 | S137: =IF(I137=0,0,N137/I137*10) -> -0.065976454 | T137: =IF(I137=0,0,K137/I137*10) -> 4.0295654 | U137: =IF(I137=0,0,O137/I137*10) -> 3.963589 | X137: 1.6064486 | Y137: 0 | Z137: 0.64732899 | AA137: 0 | AB137: -0.010598778 | AD137: =SUM(Y137:AC137) -> 0.63673021
D138: Sterling Agro Industries ltd 4.2MW | E138: 4.2 | F138: =$A$1 -> 36.22 | G138: =E138*F138/100 -> 1.52124 | H138: =I138 -> 0 | I138: =X138 -> 0 | J138: =Y138 -> 0 | K138: =Z138 -> 0 | L138: 0 | N138: =AB138+AA138 -> 0 | O138: =SUM(J138:N138) -> 0 | P138: =IF(I138=0,0,J138/I138*10) -> 0 | Q138: =IF(I138=0,0,L138/I138*10) -> 0 | R138: =IF(I138=0,0,M138/I138*10) -> 0 | S138: =IF(I138=0,0,N138/I138*10) -> 0 | T138: =IF(I138=0,0,K138/I138*10) -> 0 | U138: =IF(I138=0,0,O138/I138*10) -> 0 | X138: 0 | Y138: 0 | Z138: 0 | AA138: 0 | AB138: 0 | AD138: =SUM(Y138:AC138) -> 0
C139: Wind | D139: NREDCAP Ltd 4MW Molagavali | E139: 4 | F139: =$A$1 -> 36.22 | G139: =E139*F139/100 -> 1.4488 | H139: =I139 -> 3.2288737 | I139: =X139 -> 3.2288737 | J139: =Y139 -> 0 | K139: =Z139 -> 1.1594978 | L139: 0 | N139: =AB139+AA139 -> 0 | O139: =SUM(J139:N139) -> 1.1594978 | P139: =IF(I139=0,0,J139/I139*10) -> 0 | Q139: =IF(I139=0,0,L139/I139*10) -> 0 | R139: =IF(I139=0,0,M139/I139*10) -> 0 | S139: =IF(I139=0,0,N139/I139*10) -> 0 | T139: =IF(I139=0,0,K139/I139*10) -> 3.5910285 | U139: =IF(I139=0,0,O139/I139*10) -> 3.5910285 | X139: 3.2288737 | Y139: 0 | Z139: 1.1594978 | AA139: 0 | AB139: 0 | AD139: =SUM(Y139:AC139) -> 1.1594978
C140: Wind | D140: Molagavalli Renewable Pvt Ltd 46MW | E140: 46 | F140: =$A$1 -> 36.22 | G140: =E140*F140/100 -> 16.6612 | H140: =I140 -> 36.605989 | I140: =X140 -> 36.605989 | J140: =Y140 -> 0 | K140: =Z140 -> 17.223677 | L140: 0 | N140: =AB140+AA140 -> 0 | O140: =SUM(J140:N140) -> 17.223677 | P140: =IF(I140=0,0,J140/I140*10) -> 0 | Q140: =IF(I140=0,0,L140/I140*10) -> 0 | R140: =IF(I140=0,0,M140/I140*10) -> 0 | S140: =IF(I140=0,0,N140/I140*10) -> 0 | T140: =IF(I140=0,0,K140/I140*10) -> 4.7051529 | U140: =IF(I140=0,0,O140/I140*10) -> 4.7051529 | X140: 36.605989 | Y140: 0 | Z140: 17.223677 | AA140: 0 | AB140: 0 | AD140: =SUM(Y140:AC140) -> 17.223677
C141: Wind | D141: Meghna Associates | E141: 0.8 | F141: =$A$1 -> 36.22 | G141: =E141*F141/100 -> 0.28976 | H141: =I141 -> 0.32590607 | I141: =X141 -> 0.32590607 | J141: =Y141 -> 0 | K141: =Z141 -> 0.085851226 | L141: 0 | N141: =AB141+AA141 -> 0 | O141: =SUM(J141:N141) -> 0.085851226 | P141: =IF(I141=0,0,J141/I141*10) -> 0 | Q141: =IF(I141=0,0,L141/I141*10) -> 0 | R141: =IF(I141=0,0,M141/I141*10) -> 0 | S141: =IF(I141=0,0,N141/I141*10) -> 0 | T141: =IF(I141=0,0,K141/I141*10) -> 2.6342322 | U141: =IF(I141=0,0,O141/I141*10) -> 2.6342322 | X141: 0.32590607 | Y141: 0 | Z141: 0.085851226 | AA141: 0 | AB141: 0 | AD141: =SUM(Y141:AC141) -> 0.085851226
D142: M.G.M. Springs Pvt. Ltd | E142: 2 | F142: =$A$1 -> 36.22 | G142: =E142*F142/100 -> 0.7244 | H142: =I142 -> 0.45006509 | I142: =X142 -> 0.45006509 | J142: =Y142 -> 0 | K142: =Z142 -> 0.12844627 | L142: 0 | N142: =AB142+AA142 -> 0 | O142: =SUM(J142:N142) -> 0.12844627 | P142: =IF(I142=0,0,J142/I142*10) -> 0 | Q142: =IF(I142=0,0,L142/I142*10) -> 0 | R142: =IF(I142=0,0,M142/I142*10) -> 0 | S142: =IF(I142=0,0,N142/I142*10) -> 0 | T142: =IF(I142=0,0,K142/I142*10) -> 2.8539488 | U142: =IF(I142=0,0,O142/I142*10) -> 2.8539488 | X142: 0.45006509 | Y142: 0 | Z142: 0.12844627 | AA142: 0 | AB142: 0 | AD142: =SUM(Y142:AC142) -> 0.12844627
D143: Vish Wind Infrastructure Pvt Ltd (Phase-I) | E143: 2.14 | F143: =$A$1 -> 36.22 | G143: =E143*F143/100 -> 0.775108 | H143: =I143 -> 0 | I143: =X143 -> 0 | J143: =Y143 -> 0 | K143: =Z143 -> 0 | L143: 0 | N143: =AB143+AA143 -> 0 | O143: =SUM(J143:N143) -> 0 | P143: =IF(I143=0,0,J143/I143*10) -> 0 | Q143: =IF(I143=0,0,L143/I143*10) -> 0 | R143: =IF(I143=0,0,M143/I143*10) -> 0 | S143: =IF(I143=0,0,N143/I143*10) -> 0 | T143: =IF(I143=0,0,K143/I143*10) -> 0 | U143: =IF(I143=0,0,O143/I143*10) -> 0 | X143: 0 | Y143: 0 | Z143: 0 | AA143: 0 | AB143: 0 | AD143: =SUM(Y143:AC143) -> 0
C144: Wind | D144: Neminath Trading Company | E144: 0.8 | F144: =$A$1 -> 36.22 | G144: =E144*F144/100 -> 0.28976 | H144: =I144 -> 0.45512384 | I144: =X144 -> 0.45512384 | J144: =Y144 -> 0 | K144: =Z144 -> 0.21355886 | L144: 0 | N144: =AB144+AA144 -> 0 | O144: =SUM(J144:N144) -> 0.21355886 | P144: =IF(I144=0,0,J144/I144*10) -> 0 | Q144: =IF(I144=0,0,L144/I144*10) -> 0 | R144: =IF(I144=0,0,M144/I144*10) -> 0 | S144: =IF(I144=0,0,N144/I144*10) -> 0 | T144: =IF(I144=0,0,K144/I144*10) -> 4.6923242 | U144: =IF(I144=0,0,O144/I144*10) -> 4.6923242 | X144: 0.45512384 | Y144: 0 | Z144: 0.21355886 | AA144: 0 | AB144: 0 | AD144: =SUM(Y144:AC144) -> 0.21355886
C145: Wind | D145: Khandke Wind Energy Pvt Ltd (Phase-I) | E145: 2.4 | F145: =$A$1 -> 36.22 | G145: =E145*F145/100 -> 0.86928 | H145: =I145 -> 1.5892226 | I145: =X145 -> 1.5892226 | J145: =Y145 -> 0 | K145: =Z145 -> 0.74574111 | L145: 0 | N145: =AB145+AA145 -> 0 | O145: =SUM(J145:N145) -> 0.74574111 | P145: =IF(I145=0,0,J145/I145*10) -> 0 | Q145: =IF(I145=0,0,L145/I145*10) -> 0 | R145: =IF(I145=0,0,M145/I145*10) -> 0 | S145: =IF(I145=0,0,N145/I145*10) -> 0 | T145: =IF(I145=0,0,K145/I145*10) -> 4.6924899 | U145: =IF(I145=0,0,O145/I145*10) -> 4.6924899 | X145: 1.5892226 | Y145: 0 | Z145: 0.74574111 | AA145: 0 | AB145: 0 | AD145: =SUM(Y145:AC145) -> 0.74574111
C146: Wind | D146: Khandke Wind Energy Pvt Ltd (Phase-II) | E146: 6.4 | F146: =$A$1 -> 36.22 | G146: =E146*F146/100 -> 2.31808 | H146: =I146 -> 4.2220449 | I146: =X146 -> 4.2220449 | J146: =Y146 -> 0 | K146: =Z146 -> 1.9810724 | L146: 0 | N146: =AB146+AA146 -> 0 | O146: =SUM(J146:N146) -> 1.9810724 | P146: =IF(I146=0,0,J146/I146*10) -> 0 | Q146: =IF(I146=0,0,L146/I146*10) -> 0 | R146: =IF(I146=0,0,M146/I146*10) -> 0 | S146: =IF(I146=0,0,N146/I146*10) -> 0 | T146: =IF(I146=0,0,K146/I146*10) -> 4.6922107 | U146: =IF(I146=0,0,O146/I146*10) -> 4.6922107 | X146: 4.2220449 | Y146: 0 | Z146: 1.9810724 | AA146: 0 | AB146: 0 | AD146: =SUM(Y146:AC146) -> 1.9810724
C147: Wind | D147: Khandke Wind Energy Pvt Ltd (Phase-III) | E147: 4 | F147: =$A$1 -> 36.22 | G147: =E147*F147/100 -> 1.4488 | H147: =I147 -> 2.0935155 | I147: =X147 -> 2.0935155 | J147: =Y147 -> 0 | K147: =Z147 -> 0.98230635 | L147: 0 | N147: =AB147+AA147 -> 0 | O147: =SUM(J147:N147) -> 0.98230635 | P147: =IF(I147=0,0,J147/I147*10) -> 0 | Q147: =IF(I147=0,0,L147/I147*10) -> 0 | R147: =IF(I147=0,0,M147/I147*10) -> 0 | S147: =IF(I147=0,0,N147/I147*10) -> 0 | T147: =IF(I147=0,0,K147/I147*10) -> 4.6921379 | U147: =IF(I147=0,0,O147/I147*10) -> 4.6921379 | X147: 2.0935155 | Y147: 0 | Z147: 0.98230635 | AA147: 0 | AB147: 0 | AD147: =SUM(Y147:AC147) -> 0.98230635
C148: Wind | D148: Khandke Wind Energy Pvt Ltd (Phase-IV) | E148: 2.4 | F148: =$A$1 -> 36.22 | G148: =E148*F148/100 -> 0.86928 | H148: =I148 -> 1.4889439 | I148: =X148 -> 1.4889439 | J148: =Y148 -> 0 | K148: =Z148 -> 0.69861442 | L148: 0 | N148: =AB148+AA148 -> 0 | O148: =SUM(J148:N148) -> 0.69861442 | P148: =IF(I148=0,0,J148/I148*10) -> 0 | Q148: =IF(I148=0,0,L148/I148*10) -> 0 | R148: =IF(I148=0,0,M148/I148*10) -> 0 | S148: =IF(I148=0,0,N148/I148*10) -> 0 | T148: =IF(I148=0,0,K148/I148*10) -> 4.692013 | U148: =IF(I148=0,0,O148/I148*10) -> 4.692013 | X148: 1.4889439 | Y148: 0 | Z148: 0.69861442 | AA148: 0 | AB148: 0 | AD148: =SUM(Y148:AC148) -> 0.69861442
C149: Wind | D149: Khandke Wind Energy Pvt Ltd (Phase-V) | E149: 16 | F149: =$A$1 -> 36.22 | G149: =E149*F149/100 -> 5.7952 | H149: =I149 -> 10.76195 | I149: =X149 -> 10.76195 | J149: =Y149 -> 0 | K149: =Z149 -> 5.0498626 | L149: 0 | N149: =AB149+AA149 -> 0 | O149: =SUM(J149:N149) -> 5.0498626 | P149: =IF(I149=0,0,J149/I149*10) -> 0 | Q149: =IF(I149=0,0,L149/I149*10) -> 0 | R149: =IF(I149=0,0,M149/I149*10) -> 0 | S149: =IF(I149=0,0,N149/I149*10) -> 0 | T149: =IF(I149=0,0,K149/I149*10) -> 4.6923304 | U149: =IF(I149=0,0,O149/I149*10) -> 4.6923304 | X149: 10.76195 | Y149: 0 | Z149: 5.0498626 | AA149: 0 | AB149: 0 | AD149: =SUM(Y149:AC149) -> 5.0498626
C150: Wind | D150: Saptagir Camphor Ltd-1 | E150: 0.8 | F150: =$A$1 -> 36.22 | G150: =E150*F150/100 -> 0.28976 | H150: =I150 -> 0.39973726 | I150: =X150 -> 0.39973726 | J150: =Y150 -> 0 | K150: =Z150 -> 0.18757502 | L150: 0 | N150: =AB150+AA150 -> 0 | O150: =SUM(J150:N150) -> 0.18757502 | P150: =IF(I150=0,0,J150/I150*10) -> 0 | Q150: =IF(I150=0,0,L150/I150*10) -> 0 | R150: =IF(I150=0,0,M150/I150*10) -> 0 | S150: =IF(I150=0,0,N150/I150*10) -> 0 | T150: =IF(I150=0,0,K150/I150*10) -> 4.6924579 | U150: =IF(I150=0,0,O150/I150*10) -> 4.6924579 | X150: 0.39973726 | Y150: 0 | Z150: 0.18757502 | AA150: 0 | AB150: 0 | AD150: =SUM(Y150:AC150) -> 0.18757502
...

Sheet 1.4(iii)|NCE- Year 2 
A1: 36.22 | B1: Index sheet | C1: 2025-26 | AQ1: 1
AQ2: 2
B3: Form 1.4(i) | C3: NCE Generation (Base Year)
B5: Plant wise NCE Generation and Cost Details for Base Year. The total should be consistent with values provided in Form 1.4 under NCE.
W7: H1 | AE7: H2
B8: TYPE | C8: Name | D8: Plant Capacity | E8: DISCOM's share | F8: DISCOM's share | G8: Availability and Dispatch (MU) | I8: Cost (Rs. Crs.) | O8: Unit Cost (Rs. / kWh) | U8: Remarks | W8: Dispatch | X8: FC | Y8: VC | Z8: Incentive | AA8: Inc. Tax | AB8: Others | AC8: Total | AE8: Dispatch | AF8: FC | AG8: VC | AH8: Incentive | AI8: Inc. Tax | AJ8: Others | AK8: Total
D9: (MW) | E9: (%) | F9: (MW) | G9: Net Availability | H9: Dispatch | I9: Fixed | J9: Variable | K9: Incentive | L9: Inc. Tax | M9: Others | N9: Total | O9: Fixed | P9: Incentives | Q9: Inc. Tax | R9: Others | S9: Variable | T9: Total
B10: Bagasse | C10: M/s Nava Bharath Ventures Ltd | D10: 7 | E10: =$A$1 -> 36.22 | F10: =D10*E10/100 -> 2.5354 | G10: =H10 -> 0 | H10: =W10+AE10 -> 0 | I10: =X10+AF10 -> 0 | J10: =Y10+AG10 -> 0 | K10: 0 | M10: =AA10+AB10+AJ10 -> 0 | N10: =SUM(I10:M10) -> 0 | O10: =IF(H10=0,0,I10/H10*10) -> 0 | P10: =IF(H10=0,0,K10/H10*10) -> 0 | Q10: =IF(H10=0,0,L10/H10*10) -> 0 | R10: =IF(H10=0,0,M10/H10*10) -> 0 | S10: =IF(H10=0,0,J10/H10*10) -> 0 | T10: =IF(H10=0,0,N10/H10*10) -> 0 | W10: 0 | X10: 0 | Y10: 0 | Z10: 0 | AA10: 0 | AB10: 0 | AC10: =SUM(X10:AB10) -> 0 | AE10: 0 | AF10: 0 | AG10: 0 | AH10: 0 | AI10: 0 | AJ10: 0 | AK10: =SUM(AF10:AJ10) -> 0
B11: Bagasse | C11: M/s. The Chodavaram Co-operative Sugars Ltd., | D11: 7 | E11: =$A$1 -> 36.22 | F11: =D11*E11/100 -> 2.5354 | G11: =H11 -> 0.68034466 | H11: =W11+AE11 -> 0.68034466 | I11: =X11+AF11 -> 0.3061551 | J11: =Y11+AG11 -> 0 | K11: 0 | M11: =AA11+AB11+AJ11 -> 0 | N11: =SUM(I11:M11) -> 0.3061551 | O11: =IF(H11=0,0,I11/H11*10) -> 4.5 | P11: =IF(H11=0,0,K11/H11*10) -> 0 | Q11: =IF(H11=0,0,L11/H11*10) -> 0 | R11: =IF(H11=0,0,M11/H11*10) -> 0 | S11: =IF(H11=0,0,J11/H11*10) -> 0 | T11: =IF(H11=0,0,N11/H11*10) -> 4.5 | W11: 0 | X11: 0 | Y11: 0 | Z11: 0 | AA11: 0 | AB11: 0 | AC11: =SUM(X11:AB11) -> 0 | AE11: 0.68034466 | AF11: 0.3061551 | AG11: 0 | AH11: 0 | AI11: 0 | AJ11: 0 | AK11: =SUM(AF11:AJ11) -> 0.3061551
B12: Bagasse | C12: M/s.KCP Sugar & Industries Corporation Ltd. (Vuyyuru) | D12: 12 | E12: =$A$1 -> 36.22 | F12: =D12*E12/100 -> 4.3464 | G12: =H12 -> 0.42988401 | H12: =W12+AE12 -> 0.42988401 | I12: =X12+AF12 -> 0.14435505 | J12: =Y12+AG12 -> 0.16894442 | K12: 0 | M12: =AA12+AB12+AJ12 -> 0 | N12: =SUM(I12:M12) -> 0.31329947 | O12: =IF(H12=0,0,I12/H12*10) -> 3.358 | P12: =IF(H12=0,0,K12/H12*10) -> 0 | Q12: =IF(H12=0,0,L12/H12*10) -> 0 | R12: =IF(H12=0,0,M12/H12*10) -> 0 | S12: =IF(H12=0,0,J12/H12*10) -> 3.93 | T12: =IF(H12=0,0,N12/H12*10) -> 7.288 | W12: 0 | X12: 0 | Y12: 0 | Z12: 0 | AA12: 0 | AB12: 0 | AC12: =SUM(X12:AB12) -> 0 | AE12: 0.42988401 | AF12: 0.14435505 | AG12: 0.16894442 | AH12: 0 | AI12: 0 | AJ12: 0 | AK12: =SUM(AF12:AJ12) -> 0.31329947
B13: Bagasse | C13: M/s KCP Sugars & Industries Ltd., (Lakshmipuram) | D13: 5 | E13: =$A$1 -> 36.22 | F13: =D13*E13/100 -> 1.811 | G13: =H13 -> 0 | H13: =W13+AE13 -> 0 | I13: =X13+AF13 -> 0 | J13: =Y13+AG13 -> 0 | K13: 0 | M13: =AA13+AB13+AJ13 -> 0 | N13: =SUM(I13:M13) -> 0 | O13: =IF(H13=0,0,I13/H13*10) -> 0 | P13: =IF(H13=0,0,K13/H13*10) -> 0 | Q13: =IF(H13=0,0,L13/H13*10) -> 0 | R13: =IF(H13=0,0,M13/H13*10) -> 0 | S13: =IF(H13=0,0,J13/H13*10) -> 0 | T13: =IF(H13=0,0,N13/H13*10) -> 0 | W13: 0 | X13: 0 | Y13: 0 | Z13: 0 | AA13: 0 | AB13: 0 | AC13: =SUM(X13:AB13) -> 0 | AE13: 0 | AF13: 0 | AG13: 0 | AH13: 0 | AI13: 0 | AJ13: 0 | AK13: =SUM(AF13:AJ13) -> 0
B14: Bagasse | C14: M/s Empee Power Projects Ltd | D14: 20 | E14: =$A$1 -> 36.22 | F14: =D14*E14/100 -> 7.244 | G14: =H14 -> 0 | H14: =W14+AE14 -> 0 | I14: =X14+AF14 -> 0 | J14: =Y14+AG14 -> 0 | K14: 0 | M14: =AA14+AB14+AJ14 -> 0 | N14: =SUM(I14:M14) -> 0 | O14: =IF(H14=0,0,I14/H14*10) -> 0 | P14: =IF(H14=0,0,K14/H14*10) -> 0 | Q14: =IF(H14=0,0,L14/H14*10) -> 0 | R14: =IF(H14=0,0,M14/H14*10) -> 0 | S14: =IF(H14=0,0,J14/H14*10) -> 0 | T14: =IF(H14=0,0,N14/H14*10) -> 0 | W14: 0 | X14: 0 | Y14: 0 | Z14: 0 | AA14: 0 | AB14: 0 | AC14: =SUM(X14:AB14) -> 0 | AE14: 0 | AF14: 0 | AG14: 0 | AH14: 0 | AI14: 0 | AJ14: 0 | AK14: =SUM(AF14:AJ14) -> 0
B15: 5 | C15: NCE -BAGASSE Total | D15: =SUM(D10:D14) -> 51 | F15: =SUM(F10:F14) -> 18.4722 | G15: =SUM(G10:G14) -> 1.1102287 | H15: =SUM(H10:H14) -> 1.1102287 | I15: =SUM(I10:I14) -> 0.45051015 | J15: =SUM(J10:J14) -> 0.16894442 | K15: =SUM(K10:K14) -> 0 | L15: =SUM(L10:L14) -> 0 | M15: =SUM(M10:M14) -> 0 | N15: =SUM(N10:N14) -> 0.61945457 | O15: =IF(H15=0,0,I15/H15*10) -> 4.057814 | P15: =IF(H15=0,0,K15/H15*10) -> 0 | Q15: =IF(H15=0,0,L15/H15*10) -> 0 | R15: =IF(H15=0,0,M15/H15*10) -> 0 | S15: =IF(H15=0,0,J15/H15*10) -> 1.5217083 | T15: =IF(H15=0,0,N15/H15*10) -> 5.5795223 | W15: =SUM(W10:W14) -> 0 | X15: =SUM(X10:X14) -> 0 | Y15: =SUM(Y10:Y14) -> 0 | Z15: =SUM(Z10:Z14) -> 0 | AA15: =SUM(AA10:AA14) -> 0 | AB15: =SUM(AB10:AB14) -> 0 | AC15: =SUM(X15:AB15) -> 0 | AE15: =SUM(AE10:AE14) -> 1.1102287 | AF15: =SUM(AF10:AF14) -> 0.45051015 | AG15: =SUM(AG10:AG14) -> 0.16894442 | AH15: =SUM(AH10:AH14) -> 0 | AI15: =SUM(AI10:AI14) -> 0 | AJ15: =SUM(AJ10:AJ14) -> 0 | AK15: =SUM(AF15:AJ15) -> 0.61945457
B16: Biomass | C16: Sri Venkata Sreedevi(Bollineni Castings) | D16: 6 | E16: =$A$1 -> 36.22 | F16: =D16*E16/100 -> 2.1732 | G16: =H16 -> 0 | H16: =W16+AE16 -> 0 | I16: =X16+AF16 -> 0 | J16: =Y16+AG16 -> 0 | K16: 0 | M16: =AA16+AB16+AJ16 -> 0 | N16: =SUM(I16:M16) -> 0 | O16: =IF(H16=0,0,I16/H16*10) -> 0 | P16: =IF(H16=0,0,K16/H16*10) -> 0 | Q16: =IF(H16=0,0,L16/H16*10) -> 0 | R16: =IF(H16=0,0,M16/H16*10) -> 0 | S16: =IF(H16=0,0,J16/H16*10) -> 0 | T16: =IF(H16=0,0,N16/H16*10) -> 0 | AE16: 0 | AF16: 0 | AG16: 0 | AH16: 0 | AI16: 0 | AJ16: 0 | AK16: =SUM(AF16:AJ16) -> 0
B17: Biomass | C17: Balaji Agro | D17: 4.5 | E17: =$A$1 -> 36.22 | F17: =D17*E17/100 -> 1.6299 | G17: =H17 -> 0 | H17: =W17+AE17 -> 0 | I17: =X17+AF17 -> 0 | J17: =Y17+AG17 -> 0 | K17: 0 | M17: =AA17+AB17+AJ17 -> 0 | N17: =SUM(I17:M17) -> 0 | O17: =IF(H17=0,0,I17/H17*10) -> 0 | P17: =IF(H17=0,0,K17/H17*10) -> 0 | Q17: =IF(H17=0,0,L17/H17*10) -> 0 | R17: =IF(H17=0,0,M17/H17*10) -> 0 | S17: =IF(H17=0,0,J17/H17*10) -> 0 | T17: =IF(H17=0,0,N17/H17*10) -> 0 | AE17: 0 | AF17: 0 | AG17: 0 | AH17: 0 | AI17: 0 | AJ17: 0 | AK17: =SUM(AF17:AJ17) -> 0
B18: Biomass | C18: Satyamaharshi | D18: 6 | E18: =$A$1 -> 36.22 | F18: =D18*E18/100 -> 2.1732 | G18: =H18 -> 0 | H18: =W18+AE18 -> 0 | I18: =X18+AF18 -> 0 | J18: =Y18+AG18 -> 0 | K18: 0 | M18: =AA18+AB18+AJ18 -> 0 | N18: =SUM(I18:M18) -> 0 | O18: =IF(H18=0,0,I18/H18*10) -> 0 | P18: =IF(H18=0,0,K18/H18*10) -> 0 | Q18: =IF(H18=0,0,L18/H18*10) -> 0 | R18: =IF(H18=0,0,M18/H18*10) -> 0 | S18: =IF(H18=0,0,J18/H18*10) -> 0 | T18: =IF(H18=0,0,N18/H18*10) -> 0 | W18: 0 | X18: 0 | Y18: 0 | Z18: 0 | AA18: 0 | AB18: 0 | AC18: =SUM(X18:AB18) -> 0 | AE18: 0 | AF18: 0 | AG18: 0 | AH18: 0 | AI18: 0 | AJ18: 0 | AK18: =SUM(AF18:AJ18) -> 0
B19: Biomass | C19: Jyothi Bio Energy 6MW | D19: 6 | E19: =$A$1 -> 36.22 | F19: =D19*E19/100 -> 2.1732 | G19: =H19 -> 0 | H19: =W19+AE19 -> 0 | I19: =X19+AF19 -> 0 | J19: =Y19+AG19 -> 0 | K19: 0 | M19: =AA19+AB19+AJ19 -> 0 | N19: =SUM(I19:M19) -> 0 | O19: =IF(H19=0,0,I19/H19*10) -> 0 | P19: =IF(H19=0,0,K19/H19*10) -> 0 | Q19: =IF(H19=0,0,L19/H19*10) -> 0 | R19: =IF(H19=0,0,M19/H19*10) -> 0 | S19: =IF(H19=0,0,J19/H19*10) -> 0 | T19: =IF(H19=0,0,N19/H19*10) -> 0 | AE19: 0 | AF19: 0 | AG19: 0 | AH19: 0 | AI19: 0 | AJ19: 0 | AK19: =SUM(AF19:AJ19) -> 0
B20: Biomass | C20: Clarion Power | D20: 12 | E20: =$A$1 -> 36.22 | F20: =D20*E20/100 -> 4.3464 | G20: =H20 -> 0 | H20: =W20+AE20 -> 0 | I20: =X20+AF20 -> 0 | J20: =Y20+AG20 -> 0 | K20: 0 | M20: =AA20+AB20+AJ20 -> 0 | N20: =SUM(I20:M20) -> 0 | O20: =IF(H20=0,0,I20/H20*10) -> 0 | P20: =IF(H20=0,0,K20/H20*10) -> 0 | Q20: =IF(H20=0,0,L20/H20*10) -> 0 | R20: =IF(H20=0,0,M20/H20*10) -> 0 | S20: =IF(H20=0,0,J20/H20*10) -> 0 | T20: =IF(H20=0,0,N20/H20*10) -> 0 | AE20: 0 | AF20: 0 | AG20: 0 | AH20: 0 | AI20: 0 | AJ20: 0 | AK20: =SUM(AF20:AJ20) -> 0
B21: Biomass | C21: Greenko (Sri Balaji Biomass) | D21: 6 | E21: =$A$1 -> 36.22 | F21: =D21*E21/100 -> 2.1732 | G21: =H21 -> 0 | H21: =W21+AE21 -> 0 | I21: =X21+AF21 -> 0 | J21: =Y21+AG21 -> 0 | K21: 0 | M21: =AA21+AB21+AJ21 -> 0 | N21: =SUM(I21:M21) -> 0 | O21: =IF(H21=0,0,I21/H21*10) -> 0 | P21: =IF(H21=0,0,K21/H21*10) -> 0 | Q21: =IF(H21=0,0,L21/H21*10) -> 0 | R21: =IF(H21=0,0,M21/H21*10) -> 0 | S21: =IF(H21=0,0,J21/H21*10) -> 0 | T21: =IF(H21=0,0,N21/H21*10) -> 0 | W21: 0 | X21: 0 | Y21: 0 | Z21: 0 | AA21: 0 | AB21: 0 | AC21: =SUM(X21:AB21) -> 0 | AE21: 0 | AF21: 0 | AG21: 0 | AH21: 0 | AI21: 0 | AJ21: 0 | AK21: =SUM(AF21:AJ21) -> 0
B22: Biomass | C22: Vishnu Vidyut India Ltd | D22: 7.5 | E22: =$A$1 -> 36.22 | F22: =D22*E22/100 -> 2.7165 | G22: =H22 -> 0 | H22: =W22+AE22 -> 0 | I22: =X22+AF22 -> 0 | J22: =Y22+AG22 -> 0 | K22: 0 | M22: =AA22+AB22+AJ22 -> 0 | N22: =SUM(I22:M22) -> 0 | O22: =IF(H22=0,0,I22/H22*10) -> 0 | P22: =IF(H22=0,0,K22/H22*10) -> 0 | Q22: =IF(H22=0,0,L22/H22*10) -> 0 | R22: =IF(H22=0,0,M22/H22*10) -> 0 | S22: =IF(H22=0,0,J22/H22*10) -> 0 | T22: =IF(H22=0,0,N22/H22*10) -> 0 | AE22: 0 | AF22: 0 | AG22: 0 | AH22: 0 | AI22: 0 | AJ22: 0 | AK22: =SUM(AF22:AJ22) -> 0
B23: Biomass | C23: M/S. Om Shakthi Renergies Limited. | D23: 6 | E23: =$A$1 -> 36.22 | F23: =D23*E23/100 -> 2.1732 | G23: =H23 -> 0 | H23: =W23+AE23 -> 0 | I23: =X23+AF23 -> 0 | J23: =Y23+AG23 -> 0 | K23: 0 | M23: =AA23+AB23+AJ23 -> 0 | N23: =SUM(I23:M23) -> 0 | O23: =IF(H23=0,0,I23/H23*10) -> 0 | P23: =IF(H23=0,0,K23/H23*10) -> 0 | Q23: =IF(H23=0,0,L23/H23*10) -> 0 | R23: =IF(H23=0,0,M23/H23*10) -> 0 | S23: =IF(H23=0,0,J23/H23*10) -> 0 | T23: =IF(H23=0,0,N23/H23*10) -> 0 | AE23: 0 | AF23: 0 | AG23: 0 | AH23: 0 | AI23: 0 | AJ23: 0 | AK23: =SUM(AF23:AJ23) -> 0
B24: Biomass | C24: M/s Velagapudi Power Generation Pvt. Ltd., | D24: 4 | E24: =$A$1 -> 36.22 | F24: =D24*E24/100 -> 1.4488 | G24: =H24 -> 0 | H24: =W24+AE24 -> 0 | I24: =X24+AF24 -> 0 | J24: =Y24+AG24 -> 0 | K24: 0 | M24: =AA24+AB24+AJ24 -> 0 | N24: =SUM(I24:M24) -> 0 | O24: =IF(H24=0,0,I24/H24*10) -> 0 | P24: =IF(H24=0,0,K24/H24*10) -> 0 | Q24: =IF(H24=0,0,L24/H24*10) -> 0 | R24: =IF(H24=0,0,M24/H24*10) -> 0 | S24: =IF(H24=0,0,J24/H24*10) -> 0 | T24: =IF(H24=0,0,N24/H24*10) -> 0 | AE24: 0 | AF24: 0 | AG24: 0 | AH24: 0 | AI24: 0 | AJ24: 0 | AK24: =SUM(AF24:AJ24) -> 0
B25: Biomass | C25: M/s Agri Gold Projects Ltd. | D25: 2 | E25: =$A$1 -> 36.22 | F25: =D25*E25/100 -> 0.7244 | G25: =H25 -> 0 | H25: =W25+AE25 -> 0 | I25: =X25+AF25 -> 0 | J25: =Y25+AG25 -> 0 | K25: 0 | M25: =AA25+AB25+AJ25 -> 0 | N25: =SUM(I25:M25) -> 0 | O25: =IF(H25=0,0,I25/H25*10) -> 0 | P25: =IF(H25=0,0,K25/H25*10) -> 0 | Q25: =IF(H25=0,0,L25/H25*10) -> 0 | R25: =IF(H25=0,0,M25/H25*10) -> 0 | S25: =IF(H25=0,0,J25/H25*10) -> 0 | T25: =IF(H25=0,0,N25/H25*10) -> 0 | AE25: 0 | AF25: 0 | AG25: 0 | AH25: 0 | AI25: 0 | AJ25: 0 | AK25: =SUM(AF25:AJ25) -> 0
B26: Biomass | C26: M/s Singaraya Hills Green Power Ltd | D26: 8 | E26: =$A$1 -> 36.22 | F26: =D26*E26/100 -> 2.8976 | G26: =H26 -> 0 | H26: =W26+AE26 -> 0 | I26: =X26+AF26 -> 0 | J26: =Y26+AG26 -> 0 | K26: 0 | M26: =AA26+AB26+AJ26 -> 0 | N26: =SUM(I26:M26) -> 0 | O26: =IF(H26=0,0,I26/H26*10) -> 0 | P26: =IF(H26=0,0,K26/H26*10) -> 0 | Q26: =IF(H26=0,0,L26/H26*10) -> 0 | R26: =IF(H26=0,0,M26/H26*10) -> 0 | S26: =IF(H26=0,0,J26/H26*10) -> 0 | T26: =IF(H26=0,0,N26/H26*10) -> 0 | AE26: 0 | AF26: 0 | AG26: 0 | AH26: 0 | AI26: 0 | AJ26: 0 | AK26: =SUM(AF26:AJ26) -> 0
B27: 6 | C27: NCE-Biomass Total | D27: =SUM(D16:D26) -> 68 | F27: =SUM(F16:F26) -> 24.6296 | G27: =SUM(G16:G26) -> 0 | H27: =SUM(H16:H26) -> 0 | I27: =SUM(I16:I26) -> 0 | J27: =SUM(J16:J26) -> 0 | K27: =SUM(K16:K26) -> 0 | L27: =SUM(L16:L26) -> 0 | M27: =SUM(M16:M26) -> 0 | N27: =SUM(N16:N26) -> 0 | O27: =IF(H27=0,0,I27/H27*10) -> 0 | P27: =IF(H27=0,0,K27/H27*10) -> 0 | Q27: =IF(H27=0,0,L27/H27*10) -> 0 | R27: =IF(H27=0,0,M27/H27*10) -> 0 | S27: =IF(H27=0,0,J27/H27*10) -> 0 | T27: =IF(H27=0,0,N27/H27*10) -> 0 | W27: =SUM(W16:W26) -> 0 | X27: =SUM(X16:X26) -> 0 | Y27: =SUM(Y16:Y26) -> 0 | Z27: =SUM(Z16:Z26) -> 0 | AA27: =SUM(AA16:AA26) -> 0 | AB27: =SUM(AB16:AB26) -> 0 | AC27: =SUM(X27:AB27) -> 0 | AE27: =SUM(AE16:AE26) -> 0 | AF27: =SUM(AF16:AF26) -> 0 | AG27: =SUM(AG16:AG26) -> 0 | AH27: =SUM(AH16:AH26) -> 0 | AI27: =SUM(AI16:AI26) -> 0 | AJ27: =SUM(AJ16:AJ26) -> 0 | AK27: =SUM(AF27:AJ27) -> 0
B28: Iwaste | C28: 3F Industries Ltd (Foods & Fats) | D28: 6 | E28: =$A$1 -> 36.22 | F28: =D28*E28/100 -> 2.1732 | G28: =H28 -> 4.4699348 | H28: =W28+AE28 -> 4.4699348 | I28: =X28+AF28 -> 0.46788858 | J28: =Y28+AG28 -> 2.6903743 | K28: 0 | M28: =AA28+AB28+AJ28 -> 0 | N28: =SUM(I28:M28) -> 3.1582628 | O28: =IF(H28=0,0,I28/H28*10) -> 1.0467459 | P28: =IF(H28=0,0,K28/H28*10) -> 0 | Q28: =IF(H28=0,0,L28/H28*10) -> 0 | R28: =IF(H28=0,0,M28/H28*10) -> 0 | S28: =IF(H28=0,0,J28/H28*10) -> 6.0188222 | T28: =IF(H28=0,0,N28/H28*10) -> 7.065568 | W28: 1.4257724 | X28: 0 | Y28: 1.1514304 | Z28: 0 | AA28: 0 | AB28: 0 | AC28: =SUM(X28:AB28) -> 1.1514304 | AE28: 3.0441624 | AF28: 0.46788858 | AG28: 1.5389439 | AH28: 0 | AI28: 0 | AJ28: 0 | AK28: =SUM(AF28:AJ28) -> 2.0068324
B29: Iwaste | C29: Redan Infra Pvt Ltd | D29: 7.5 | E29: =$A$1 -> 36.22 | F29: =D29*E29/100 -> 2.7165 | G29: =H29 -> 0.34520322 | H29: =W29+AE29 -> 0.34520322 | I29: =X29+AF29 -> 0 | J29: =Y29+AG29 -> 0.24443775 | K29: 0 | M29: =AA29+AB29+AJ29 -> 0 | N29: =SUM(I29:M29) -> 0.24443775 | O29: =IF(H29=0,0,I29/H29*10) -> 0 | P29: =IF(H29=0,0,K29/H29*10) -> 0 | Q29: =IF(H29=0,0,L29/H29*10) -> 0 | R29: =IF(H29=0,0,M29/H29*10) -> 0 | S29: =IF(H29=0,0,J29/H29*10) -> 7.0809812 | T29: =IF(H29=0,0,N29/H29*10) -> 7.0809812 | W29: 0.34520322 | X29: 0 | Y29: 0.24443775 | Z29: 0 | AA29: 0 | AB29: 0 | AC29: =SUM(X29:AB29) -> 0.24443775 | AE29: 0 | AF29: 0 | AG29: 0 | AH29: 0 | AI29: 0 | AJ29: 0 | AK29: =SUM(AF29:AJ29) -> 0
B30: Iwaste | C30: Raus Power Limited | D30: 3.66 | E30: =$A$1 -> 36.22 | F30: =D30*E30/100 -> 1.325652 | G30: =H30 -> 0 | H30: =W30+AE30 -> 0 | I30: =X30+AF30 -> 0 | J30: =Y30+AG30 -> 0 | K30: 0 | M30: =AA30+AB30+AJ30 -> 0 | N30: =SUM(I30:M30) -> 0 | O30: =IF(H30=0,0,I30/H30*10) -> 0 | P30: =IF(H30=0,0,K30/H30*10) -> 0 | Q30: =IF(H30=0,0,L30/H30*10) -> 0 | R30: =IF(H30=0,0,M30/H30*10) -> 0 | S30: =IF(H30=0,0,J30/H30*10) -> 0 | T30: =IF(H30=0,0,N30/H30*10) -> 0 | AE30: 0 | AF30: 0 | AG30: 0 | AH30: 0 | AI30: 0 | AJ30: 0 | AK30: =SUM(AF30:AJ30) -> 0
C31: NCE-Industrial Waste TOTAL | D31: =SUM(D28:D30) -> 17.16 | F31: =SUM(F28:F30) -> 6.215352 | G31: =SUM(G28:G30) -> 4.815138 | H31: =SUM(H28:H30) -> 4.815138 | I31: =SUM(I28:I30) -> 0.46788858 | J31: =SUM(J28:J30) -> 2.934812 | K31: =SUM(K28:K30) -> 0 | L31: =SUM(L28:L30) -> 0 | M31: =SUM(M28:M30) -> 0 | N31: =SUM(N28:N30) -> 3.4027006 | O31: =IF(H31=0,0,I31/H31*10) -> 0.97170336 | P31: =IF(H31=0,0,K31/H31*10) -> 0 | Q31: =IF(H31=0,0,L31/H31*10) -> 0 | R31: =IF(H31=0,0,M31/H31*10) -> 0 | S31: =IF(H31=0,0,J31/H31*10) -> 6.0949697 | T31: =IF(H31=0,0,N31/H31*10) -> 7.066673 | W31: =SUM(W28:W30) -> 1.7709756 | X31: =SUM(X28:X30) -> 0 | Y31: =SUM(Y28:Y30) -> 1.3958682 | Z31: =SUM(Z28:Z30) -> 0 | AA31: =SUM(AA28:AA30) -> 0 | AB31: =SUM(AB28:AB30) -> 0 | AC31: =SUM(X31:AB31) -> 1.3958682 | AE31: =SUM(AE28:AE30) -> 3.0441624 | AF31: =SUM(AF28:AF30) -> 0.46788858 | AG31: =SUM(AG28:AG30) -> 1.5389439 | AH31: =SUM(AH28:AH30) -> 0 | AI31: =SUM(AI28:AI30) -> 0 | AJ31: =SUM(AJ28:AJ30) -> 0 | AK31: =SUM(AF31:AJ31) -> 2.0068324
B32: MsW | C32: Jindal urban waste Mangament (guntur) | D32: 15 | E32: =$A$1 -> 36.22 | F32: =D32*E32/100 -> 5.433 | G32: =H32 -> 46.290864 | H32: =W32+AE32 -> 46.290864 | I32: =X32+AF32 -> 0 | J32: =Y32+AG32 -> 29.980038 | K32: 0 | M32: =AA32+AB32+AJ32 -> 0.40723597 | N32: =SUM(I32:M32) -> 30.387274 | O32: =IF(H32=0,0,I32/H32*10) -> 0 | P32: =IF(H32=0,0,K32/H32*10) -> 0 | Q32: =IF(H32=0,0,L32/H32*10) -> 0 | R32: =IF(H32=0,0,M32/H32*10) -> 0.087973292 | S32: =IF(H32=0,0,J32/H32*10) -> 6.4764483 | T32: =IF(H32=0,0,N32/H32*10) -> 6.5644216 | W32: 25.794612 | X32: 0 | Y32: 16.711048 | Z32: 0 | AA32: 0.40723597 | AB32: 0 | AC32: =SUM(X32:AB32) -> 17.118284 | AE32: 20.496251 | AF32: 0 | AG32: 13.26899 | AH32: 0 | AI32: 0 | AJ32: 0 | AK32: =SUM(AF32:AJ32) -> 13.26899
B33: MsW | C33: Jindal urban waste Mangament (Viskaptanam)) | D33: 15 | E33: =$A$1 -> 36.22 | F33: =D33*E33/100 -> 5.433 | G33: =H33 -> 36.760382 | H33: =W33+AE33 -> 36.760382 | I33: =X33+AF33 -> 0 | J33: =Y33+AG33 -> 23.424653 | K33: 0 | M33: =AA33+AB33+AJ33 -> 0 | N33: =SUM(I33:M33) -> 23.424653 | O33: =IF(H33=0,0,I33/H33*10) -> 0 | P33: =IF(H33=0,0,K33/H33*10) -> 0 | Q33: =IF(H33=0,0,L33/H33*10) -> 0 | R33: =IF(H33=0,0,M33/H33*10) -> 0 | S33: =IF(H33=0,0,J33/H33*10) -> 6.3722551 | T33: =IF(H33=0,0,N33/H33*10) -> 6.3722551 | W33: 17.668894 | X33: 0 | Y33: 11.150839 | Z33: 0 | AA33: 0 | AB33: 0 | AC33: =SUM(X33:AB33) -> 11.150839 | AE33: 19.091488 | AF33: 0 | AG33: 12.273814 | AH33: 0 | AI33: 0 | AJ33: 0 | AK33: =SUM(AF33:AJ33) -> 12.273814
B34: MsW | C34: M/s Shriram Energy Systems Pvt. Ltd. | D34: 6 | E34: =$A$1 -> 36.22 | F34: =D34*E34/100 -> 2.1732 | G34: =H34 -> 0 | H34: =W34+AE34 -> 0 | I34: =X34+AF34 -> 0 | J34: =Y34+AG34 -> 0 | K34: 0 | M34: =AA34+AB34+AJ34 -> 0 | N34: =SUM(I34:M34) -> 0 | O34: =IF(H34=0,0,I34/H34*10) -> 0 | P34: =IF(H34=0,0,K34/H34*10) -> 0 | Q34: =IF(H34=0,0,L34/H34*10) -> 0 | R34: =IF(H34=0,0,M34/H34*10) -> 0 | S34: =IF(H34=0,0,J34/H34*10) -> 0 | T34: =IF(H34=0,0,N34/H34*10) -> 0 | AE34: 0 | AF34: 0 | AG34: 0 | AH34: 0 | AI34: 0 | AJ34: 0 | AK34: =SUM(AF34:AJ34) -> 0
B35: MsW | C35: Vijayawada Municipal Corporation | D35: 0.15 | E35: =$A$1 -> 36.22 | F35: =D35*E35/100 -> 0.05433 | G35: =H35 -> 0 | H35: =W35+AE35 -> 0 | I35: =X35+AF35 -> 0 | J35: =Y35+AG35 -> 0 | K35: 0 | M35: =AA35+AB35+AJ35 -> 0 | N35: =SUM(I35:M35) -> 0 | O35: =IF(H35=0,0,I35/H35*10) -> 0 | P35: =IF(H35=0,0,K35/H35*10) -> 0 | Q35: =IF(H35=0,0,L35/H35*10) -> 0 | R35: =IF(H35=0,0,M35/H35*10) -> 0 | S35: =IF(H35=0,0,J35/H35*10) -> 0 | T35: =IF(H35=0,0,N35/H35*10) -> 0 | AE35: 0 | AF35: 0 | AG35: 0 | AH35: 0 | AI35: 0 | AJ35: 0 | AK35: =SUM(AF35:AJ35) -> 0
B36: 7 | C36: NCE-Municipal Waste TOTAL | D36: =SUM(D32:D35) -> 36.15 | F36: =SUM(F32:F35) -> 13.09353 | G36: =SUM(G32:G35) -> 83.051245 | H36: =SUM(H32:H35) -> 83.051245 | I36: =SUM(I32:I35) -> 0 | J36: =SUM(J32:J35) -> 53.404691 | K36: =SUM(K32:K35) -> 0 | L36: =SUM(L32:L35) -> 0 | M36: =SUM(M32:M35) -> 0.40723597 | N36: =SUM(N32:N35) -> 53.811927 | O36: =IF(H36=0,0,I36/H36*10) -> 0 | P36: =IF(H36=0,0,K36/H36*10) -> 0 | Q36: =IF(H36=0,0,L36/H36*10) -> 0 | R36: =IF(H36=0,0,M36/H36*10) -> 0.0490343 | S36: =IF(H36=0,0,J36/H36*10) -> 6.43033 | T36: =IF(H36=0,0,N36/H36*10) -> 6.4793643 | W36: =SUM(W32:W35) -> 43.463506 | X36: =SUM(X32:X35) -> 0 | Y36: =SUM(Y32:Y35) -> 27.861887 | Z36: =SUM(Z32:Z35) -> 0 | AA36: =SUM(AA32:AA35) -> 0.40723597 | AB36: =SUM(AB32:AB35) -> 0 | AC36: =SUM(X36:AB36) -> 28.269123 | AE36: =SUM(AE32:AE35) -> 39.587739 | AF36: =SUM(AF32:AF35) -> 0 | AG36: =SUM(AG32:AG35) -> 25.542804 | AH36: =SUM(AH32:AH35) -> 0 | AI36: =SUM(AI32:AI35) -> 0 | AJ36: =SUM(AJ32:AJ35) -> 0 | AK36: =SUM(AF36:AJ36) -> 25.542804
B37: Mhydel | C37: M/s Saradar Power Limited | D37: 3 | E37: =$A$1 -> 36.22 | F37: =D37*E37/100 -> 1.0866 | G37: =H37 -> 2.1414894 | H37: =W37+AE37 -> 2.1414894 | I37: =X37+AF37 -> 0.20410116 | J37: =Y37+AG37 -> 0.38566 | K37: 0 | M37: =AA37+AB37+AJ37 -> 0 | N37: =SUM(I37:M37) -> 0.58976116 | O37: =IF(H37=0,0,I37/H37*10) -> 0.95308041 | P37: =IF(H37=0,0,K37/H37*10) -> 0 | Q37: =IF(H37=0,0,L37/H37*10) -> 0 | R37: =IF(H37=0,0,M37/H37*10) -> 0 | S37: =IF(H37=0,0,J37/H37*10) -> 1.8008962 | T37: =IF(H37=0,0,N37/H37*10) -> 2.7539766 | W37: 1.4086306 | X37: 0 | Y37: 0.38566 | Z37: 0 | AA37: 0 | AB37: 0 | AC37: =SUM(X37:AB37) -> 0.38566 | AE37: 0.73285873 | AF37: 0.20410116 | AG37: 0 | AH37: 0 | AI37: 0 | AJ37: 0 | AK37: =SUM(AF37:AJ37) -> 0.20410116
